Workbook

Sheet Quarterly Submission Guide
C1: Yes | D1: No | E1: <-- for dropdowns
B3: Office of Energy Infrastructure Safety Attachment 3
B4: Wildifire Mitigation Plan Quarterly Data Report - non-spatial data template
B6: Instructions for use | J6: Relevant options for mitigations table: Table 12
B7: 1 | C7: Fill out the tan cells (color represented here) starting with the cell below (D17: Utility). The Utility name will populate the Table tabs to follow. Date modified will vary by table.
B8: 2 | C8: Cells will only accept valid entries. For most cells, this is positive numbers
B9: 3 | C9: For each Table tab, after a modification is made, denote the date of the change in cell C4 for each Table tab. | K9: Initiative categories | L9: WMP Maturity model Categories | M9: Driver options
B10: 4 | C10: Some columns have an additional header in row 5 to serve as clarification for several columns. With the exception of projected data, row 5 will be highlighted in blue (color represented here) | K10: Vegetation inspection | L10: Risk Assessment & Mapping | M10: 1. Ignitions | N10: Contact with vegetation
B11: 5 | C11: Some required metrics are future projections. For these, row 5, above the projections will be highlighted light green (color represented here) | K11: Vegetation management project | L11: Situational Awareness & Forecasting | N11: Other contact with object
C12: In future submissions, report updated projected numbers if / when projections have changed, and report actuals once the quarter / year has passed. | K12: Asset inspection | L12: Grid Design & System Hardening | N12: Equipment failure
B13: 6 | C13: For data required annually rather than quarterly (see Tables 7.2 - 10, 12), report for entire year even if part of the year is projected. Once year has passed, update cell with actuals | K13: Grid hardening | L13: Asset Management & Inspections | N13: Wire-to-wire contact
B14: 7 | C14: Some tables will have additional instructions provided in a Notes box located in cells D2 - D4 | K14: Other | L14: Vegetation Management & Inspections | N14: Contamination
C15: Notes will explain terms, signal where projections are required, and provide other useful information. | L15: Grid Operations & Operating Protocols | N15: Vandalism / Theft
B16: 8 | C16: For the initial quarterly submission, utilities are required to submit data on annual metrics for 2015 - 2020, which should represent the most updated data from the 2020 WMP for years 2015-2019 | L16: Data Governance | M16: 2. PSPS | N16: PSPS - for sectionalization, etc.
B17: * | C17: Do not add or manipulate the template for any of the tabs | L17: Resource Allocation Methodology
L18: Emergency Planning & Preparedness
B19: Update the below table to establish which year, quarter of the WMP cycle this submission this represents. | L19: Stakeholder Cooperation & Community Engagement
B20: Utility | D20: SDG&E
B21: First year of 3-year WMP cycle | D21: 2020
B22: Submission year | D22: 2022
B23: Submission quarter | D23: Q1
B24: Date Modified | D24: 44651

Sheet Table 1
B2: Utility | C2: =IF('Quarterly Submission Guide'!$D$20 = "", "",'Quarterly Submission Guide'!$D$20) -> SDG&E | D2: Notes:
B3: Table No. | C3: 1 | D3: Transmission lines refer to all lines at or above 65kV, and distribution lines refer to all lines below 65kV.
B4: Date Modified | C4: 44774
N5: Note: These columns are placeholders for future QR submissions.
B6: Table 1: Recent performance on progress metrics | J6: 1 | K6: 2 | L6: 3 | M6: 4 | N6: 1 | O6: 2 | P6: 3 | Q6: 4 | R6: 1 | S6: 2 | T6: 3 | U6: 4
B7: Metric type | C7: # | D7: Progress metric name | E7: 2015 | F7: 2016 | G7: 2017 | H7: 2018 | I7: 2019 | J7: 2020 | K7: 2020 | L7: 2020 | M7: 2020 | N7: 2021 | O7: 2021 | P7: 2021 | Q7: 2021 | R7: 2022 | S7: 2022 | T7: 2022 | U7: 2022 | V7: Unit(s) | W7: Comments
B8: 1. Grid condition findings from inspection - Distribution lines in HFTD | C8: 1.a. | D8: Number of circuit miles inspected from patrol inspections in HFTD - Distribution lines | E8: 3448.9 | F8: 3448.8517 | G8: 3448.8517 | H8: 3448.9 | I8: 3448.9 | J8: 1297.5 | K8: 1247.9 | L8: 800.8 | M8: 102.5 | N8: 1244.9818 | O8: 1272.1138 | P8: 920.10189 | Q8: 34.24 | R8: 1506.2 | S8: 992.97 | V8: # circuit miles
C9: 1.b. | D9: Number of circuit miles inspected from detailed inspections in HFTD - Distribution lines | E9: 1524.5636 | F9: 1425.6366 | G9: 1337.389 | H9: 1458.4152 | I9: 942.14129 | J9: 852.60795 | K9: 289.06913 | L9: 90.208712 | M9: 19.846212 | N9: 873.72064 | O9: 293.95019 | P9: 138.16023 | Q9: 61.202083 | R9: 812.02532 | S9: 234.23 | V9: # circuit miles | W9: 1. In earlier submissions, the HFTD Tier 3 inspections was placed in the "other" category; these inspections are now grouped in the "Detailed" inspections. 2. The gaps in the "other" category with regards to HFTD miles is primarily driven by the inspection cycle of the POIN inspections, going in/out of the HFTD during the 10 year cycle.
C10: 1.c. | D10: Number of circuit miles inspected from other inspections (list types of "other" inspections in comments) in HFTD - Distribution lines | E10: =SUM(E63:E65) -> 39.838447 | F10: =SUM(F63:F65) -> 78.463258 | G10: =SUM(G63:G65) -> 256.87973 | H10: =SUM(H63:H65) -> 712.40795 | I10: =SUM(I63:I65) -> 733.88739 | J10: =SUM(J63:J65) -> 832.67432 | K10: =SUM(K63:K65) -> 1056.8421 | L10: =SUM(L63:L65) -> 706.97652 | ... S10: =SUM(S63:S65) -> 355.57 | V10: # circuit miles | W10: Sum of all other distribution inspections in HFTD- intrusive poles, infrared and drone inspections.
C11: 1.d. | D11: Level 1 findings in HFTD for patrol inspections - Distribution lines | E11: 15 | F11: 3 | G11: 4 | H11: 8 | I11: 8 | J11: 1 | K11: 4 | L11: 1 | M11: 0 | N11: 1 | O11: 0 | P11: 0 | Q11: 0 | R11: 0 | S11: 1 | V11: # findings
C12: 1.e. | D12: Level 1 findings in HFTD for detailed inspections - Distribution lines | E12: 235 | F12: 192 | G12: 11 | H12: 67 | I12: 8 | J12: 9 | K12: 9 | L12: 2 | M12: 0 | N12: 3 | O12: 3 | P12: 1 | Q12: 0 | R12: 4 | S12: 3 | V12: # findings
C13: 1.f. | D13: Level 1 findings in HFTD for other inspections (list types of "other" inspections in comments) - Distribution lines | E13: =SUM(E66:E68) -> 0 | F13: =SUM(F66:F68) -> 3 | G13: =SUM(G66:G68) -> 25 | H13: =SUM(H66:H68) -> 5 | I13: =SUM(I66:I68) -> 36 | J13: =SUM(J66:J68) -> 63 | K13: =SUM(K66:K68) -> 32 | L13: =SUM(L66:L68) -> 11 | ... Q13: =SUM(Q66:Q68) -> 72 | R13: =R66+R67+R68 -> 42 | S13: =S66+S67+S68 -> 28 | V13: # findings | W13: Sum of all level 1 findings for intrusive poles, infrared and drone inspections in HFTD.
C14: 1.g. | D14: Level 2 findings in HFTD for patrol inspections - Distribution lines | E14: 175 | F14: 212 | G14: 234 | H14: 171 | I14: 240 | J14: 71 | K14: 66 | L14: 51 | M14: 16 | N14: 22 | O14: 152 | P14: 199 | Q14: 85 | R14: 46 | S14: 62 | V14: # findings
C15: 1.h. | D15: Level 2 findings in HFTD for detailed inspections - Distribution lines | E15: 1066 | F15: 952 | G15: 638 | H15: 737 | I15: 666 | J15: 919 | K15: 303 | L15: 81 | M15: 6 | N15: 284 | O15: 730 | P15: 394 | Q15: 392 | R15: 225 | S15: 234 | V15: # findings
C16: 1.i. | D16: Level 2 findings in HFTD for other inspections (list types of "other" inspections in comments) - Distribution lines | E16: =SUM(E69:E71) -> 35 | F16: =SUM(F69:F71) -> 52 | G16: =SUM(G69:G71) -> 327 | H16: =SUM(H69:H71) -> 261 | I16: =SUM(I69:I71) -> 1350 | J16: =SUM(J69:J71) -> 4356 | K16: =SUM(K69:K71) -> 2660 | L16: =SUM(L69:L71) -> 906 | ... Q16: =SUM(Q69:Q71) -> 6128 | R16: =R69+R70+R71 -> 2961 | S16: 1160 | V16: # findings | W16: Sum of all level 2 findings for intrusive poles, infrared and drone inspections in HFTD.
C17: 1.j. | D17: Level 3 findings in HFTD for patrol inspections - Distribution lines | E17: N/A | F17: N/A | G17: N/A | H17: N/A | I17: N/A | J17: N/A | K17: N/A | L17: N/A | M17: N/A | N17: N/A | O17: N/A | P17: N/A | Q17: N/A | R17: N/A | S17: N/A | V17: # findings | W17: All inspections are followed up based on level 2 requirement, level 3 does not apply to distribution inspection
C18: 1.k. | D18: Level 3 findings in HFTD for detailed inspections - Distribution lines | E18: N/A | F18: N/A | G18: N/A | H18: N/A | I18: N/A | J18: N/A | K18: N/A | L18: N/A | M18: N/A | N18: N/A | O18: N/A | P18: N/A | Q18: N/A | R18: N/A | S18: N/A | V18: # findings
C19: 1.l. | D19: Level 3 findings in HFTD for other inspections (list types of "other" inspections in comments) - Distribution lines | E19: N/A | F19: N/A | G19: N/A | H19: N/A | I19: N/A | J19: N/A | K19: N/A | L19: N/A | M19: N/A | N19: N/A | O19: N/A | P19: N/A | Q19: N/A | R19: N/A | S19: N/A | V19: # findings
B20: 1. Grid condition findings from inspection - Distribution lines total | C20: =C8&"ii." -> 1.a.ii. | D20: Number of total circuit miles inspected from patrol inspections - Distribution lines | E20: 6445.4343 | F20: 6445.4343 | G20: 6445.4343 | H20: 6445.4343 | I20: 6445.4343 | J20: 2241.9902 | K20: 2188.3667 | L20: 1564.435 | M20: 450.64242 | N20: 2186.4811 | O20: 2266.2818 | P20: 1809.4379 | Q20: 208.50227 | R20: 2367.5177 | S20: 1906.68 | V20: # circuit miles
C21: =C9&"ii." -> 1.b.ii. | D21: Number of total circuit miles inspected from detailed inspections - Distribution lines | E21: 2129.0962 | F21: 1877.5451 | G21: 1898.2786 | H21: 2159.7138 | I21: 1637.3354 | J21: 992.88314 | K21: 492.78087 | L21: 261.81572 | M21: 105.67424 | N21: 993.12803 | O21: 423.4875 | P21: 288.47045 | Q21: 110.25 | R21: 997.02986 | S21: 353.98 | V21: # circuit miles
C22: =C10&"ii." -> 1.c.ii. | D22: Number of total circuit miles inspected from other inspections (list types of "other" inspections in comments) - Distribution lines | E22: 440.78068 | F22: 550.22045 | G22: 578.2483 | H22: 820.5375 | I22: 849.31788 | J22: 934.39136 | K22: 1133.8589 | L22: 738.49564 | M22: 282.8492 | N22: 242.35152 | O22: 260.37727 | P22: 581.92095 | Q22: 1107.5 | R22: =R63+R64+R65+201.9+10.4 -> 863 | S22: 483.49 | V22: # circuit miles | W22: Sum of infrared and drone inspections in HFTD and intrusitive pole inspection in all territory.
C23: =C11&"ii." -> 1.d.ii. | D23: Level 1 findings for patrol inspections - Distribution lines | E23: 49 | F23: 19 | G23: 26 | H23: 24 | I23: 21 | J23: 9 | K23: 16 | L23: 2 | M23: 3 | N23: 5 | O23: 2 | P23: 3 | Q23: 1 | R23: 2 | S23: 6 | V23: # findings
C24: =C12&"ii." -> 1.e.ii. | D24: Level 1 findings for detailed inspections - Distribution lines | E24: 261 | F24: 218 | G24: 57 | H24: 101 | I24: 28 | J24: 22 | K24: 18 | L24: 9 | M24: 2 | N24: 11 | O24: 8 | P24: 5 | Q24: 1 | R24: 7 | S24: 5 | V24: # findings
C25: =C13&"ii." -> 1.f.ii. | D25: Level 1 findings for other inspections (list types of "other" inspections in comments) - Distribution lines | E25: 59 | F25: 39 | G25: 52 | H25: 6 | I25: 37 | J25: 67 | K25: 33 | L25: 11 | M25: 2 | N25: 0 | O25: 9 | P25: 19 | Q25: 72 | R25: =R66+R67+R68+3 -> 45 | S25: 28 | V25: # findings | W25: Sum of infrared and drone inspections in HFTD and intrusitive pole inspection in all territory.
C26: =C14&"ii." -> 1.g.ii. | D26: Level 2 findings for patrol inspections - Distribution lines | E26: 704 | F26: 1130 | G26: 1005 | H26: 969 | I26: 933 | J26: 387 | K26: 345 | L26: 213 | M26: 129 | N26: 102 | O26: 365 | P26: 526 | Q26: 336 | R26: 193 | S26: 199 | V26: # findings
C27: =C15&"ii." -> 1.h.ii. | D27: Level 2 findings for detailed inspections - Distribution lines | E27: 2553 | F27: 2314 | G27: 1966 | H27: 1746 | I27: 1760 | J27: 1271 | K27: 670 | L27: 349 | M27: 77 | N27: 528 | O27: 1320 | P27: 1286 | Q27: 1114 | R27: 527 | S27: 449 | V27: # findings
C28: =C16&"ii." -> 1.i.ii. | D28: Level 2 findings for other inspections (list types of "other" inspections in comments) - Distribution lines | E28: 1747 | F28: 1027 | G28: 1127 | H28: 380 | I28: 1433 | J28: 4394 | K28: 2694 | L28: 934 | M28: 267 | N28: 45 | O28: 84 | P28: 2129 | Q28: 6183 | R28: =R16+384 -> 3345 | S28: =S71+S70+S69+121 -> 1281 | V28: # findings | W28: Sum of infrared and drone inspections in HFTD and intrusitive pole inspection in all territory.
C29: =C17&"ii." -> 1.j.ii. | D29: Level 3 findings for patrol inspections - Distribution lines | E29: N/A | F29: N/A | G29: N/A | H29: N/A | I29: N/A | J29: N/A | K29: N/A | L29: N/A | M29: N/A | N29: N/A | O29: N/A | P29: N/A | Q29: N/A | R29: N/A | S29: N/A | V29: # findings | W29: =W17 -> All inspections are followed up based on level 2 requirement, level 3 does not apply to distribution inspection
C30: =C18&"ii." -> 1.k.ii. | D30: Level 3 findings for detailed inspections - Distribution lines | E30: N/A | F30: N/A | G30: N/A | H30: N/A | I30: N/A | J30: N/A | K30: N/A | L30: N/A | M30: N/A | N30: N/A | O30: N/A | P30: N/A | Q30: N/A | R30: N/A | S30: N/A | V30: # findings
C31: =C19&"ii." -> 1.l.ii. | D31: Level 3 findings for other inspections (list types of "other" inspections in comments) - Distribution lines | E31: N/A | F31: N/A | G31: N/A | H31: N/A | I31: N/A | J31: N/A | K31: N/A | L31: N/A | M31: N/A | N31: N/A | O31: N/A | P31: N/A | Q31: N/A | R31: N/A | S31: N/A | V31: # findings
B32: 1. Grid condition findings from inspection - Transmission lines in HFTD | C32: =C8&"iii." -> 1.a.iii. | D32: Number of circuit miles inspected from patrol inspections in HFTD - Transmission lines | E32: 940.9 | F32: 971.41 | G32: 972.03 | H32: 987.01 | I32: 999.95 | J32: 716.56 | K32: 183.59 | L32: 100.97 | M32: 0 | N32: 510.42 | O32: 370.29 | P32: 100.97 | Q32: 0 | R32: 291.82723 | S32: 583.68 | V32: # circuit miles | W32: SDG&E has implemeted centrolized data repository and automated solution for computing transmission asset-inspection metrics (patrol and details). Historical values are updated based on the automted output in Feb 2022. Due to the new requirement of HFTD breakdown, SDG&E continues to validate the output and improve the data process accordingly.
C33: =C9&"iii." -> 1.b.iii. | D33: Number of circuit miles inspected from detailed inspections in HFTD - Transmission lines | E33: 349.92 | F33: 278.61 | G33: 343.5 | H33: 328.86 | I33: 298.92 | J33: 46.81 | K33: 112.78 | L33: 79.53 | M33: 133.11 | N33: 90.47 | O33: 69.47 | P33: 133.85 | Q33: 30.45 | R33: 64.271116 | S33: 83.24 | V33: # circuit miles
C34: =C10&"iii." -> 1.c.iii. | D34: Number of circuit miles inspected from other inspections (list types of "other" inspections in comments) in HFTD - Transmission lines | E34: =E75 -> 981 | F34: =F75 -> 956 | G34: =G75 -> 955 | H34: =H75 -> 983.96 | I34: =I75 -> 985.68 | J34: =J75+J76 -> 16.68 | K34: =K75+K76 -> 0 | L34: =L75+L76 -> 478.31 | M34: =M75+M76 -> 649.11 | N34: =N75+N76 -> 26.24 | O34: =O75+O76 -> 3.95 | P34: =P75+P76 -> 898.43 | Q34: =Q75+Q76 -> 136.72 | ... S34: =S75+S76 -> 42.8 | V34: # circuit miles | W34: Sum of all other transmission inspections-infrared and drone inspections in HFTD. SDG&E drone inspection program only inspects the structures, not the conductors; in order to calcualate the circuit miles, GIS span length assciated with the structure is utilized.
C35: =C11&"iii." -> 1.d.iii. | D35: Level 1 findings in HFTD for patrol inspections - Transmission lines | E35: 0 | F35: 0 | G35: 0 | H35: 0 | I35: 0 | J35: 0 | K35: 0 | L35: 0 | M35: 0 | N35: 0 | O35: 0 | P35: 0 | Q35: 0 | R35: 0 | S35: 0 | V35: # findings
C36: =C12&"iii." -> 1.e.iii. | D36: Level 1 findings in HFTD for detailed inspections - Transmission lines | E36: 0 | F36: 0 | G36: 0 | H36: 2 | I36: 0 | J36: 0 | K36: 0 | L36: 0 | M36: 0 | N36: 0 | O36: 0 | P36: 0 | Q36: 0 | R36: 0 | S36: 0 | V36: # findings
C37: =C13&"iii." -> 1.f.iii. | D37: Level 1 findings in HFTD for other inspections (list types of "other" inspections in comments) - Transmission lines | E37: =E77 -> 0 | F37: =F77 -> 0 | G37: =G77 -> 0 | H37: =H77 -> 0 | I37: =I77 -> 0 | J37: =J77+J78 -> 0 | K37: =K77+K78 -> 0 | L37: =L77+L78 -> 0 | M37: =M77+M78 -> 1 | N37: =N77+N78 -> 0 | O37: =O77+O78 -> 0 | P37: =P77+P78 -> 0 | Q37: =Q77+Q78 -> 0 | ... S37: =S77+S78 -> 0 | V37: # findings | W37: Sum of all other transmission inspections-infrared and drone inspections in HFTD.
C38: =C14&"iii." -> 1.g.iii. | D38: Level 2 findings in HFTD for patrol inspections - Transmission lines | E38: 19 | F38: 18 | G38: 7 | H38: 10 | I38: 4 | J38: 0 | K38: 3 | L38: 0 | M38: 0 | N38: 1 | O38: 1 | P38: 0 | Q38: 0 | R38: 0 | S38: 6 | V38: # findings
C39: =C15&"iii." -> 1.h.iii. | D39: Level 2 findings in HFTD for detailed inspections - Transmission lines | E39: 323 | F39: 100 | G39: 161 | H39: 385 | I39: 365 | J39: 170 | K39: 126 | L39: 49 | M39: 44 | N39: 80 | O39: 62 | P39: 53 | Q39: 40 | R39: 131 | S39: 61 | V39: # findings
C40: =C16&"iii." -> 1.i.iii. | D40: Level 2 findings in HFTD for other inspections (list types of "other" inspections in comments) - Transmission lines | E40: =E79 -> 5 | F40: =F79 -> 1 | G40: =G79 -> 35 | H40: =H79 -> 0 | I40: =I79 -> 1 | J40: =J80+J79 -> 0 | K40: =K80+K79 -> 0 | L40: =L80+L79 -> 0 | M40: =M80+M79 -> 16 | N40: =N80+N79 -> 2 | O40: =O80+O79 -> 3 | P40: =P80+P79 -> 27 | Q40: =Q80+Q79 -> 18 | ... S40: =S80+S79 -> 0 | V40: # findings | W40: Sum of all other transmission inspections-infrared and drone inspections in HFTD.
C41: =C17&"iii." -> 1.j.iii. | D41: Level 3 findings in HFTD for patrol inspections - Transmission lines | E41: 0 | F41: 0 | G41: 0 | H41: 0 | I41: 0 | J41: 0 | K41: 0 | L41: 0 | M41: 0 | N41: 0 | O41: 0 | P41: 0 | Q41: 0 | R41: 0 | S41: 0 | V41: # findings
C42: =C18&"iii." -> 1.k.iii. | D42: Level 3 findings in HFTD for detailed inspections - Transmission lines | E42: 26 | F42: 36 | G42: 41 | H42: 31 | I42: 27 | J42: 0 | K42: 8 | L42: 0 | M42: 3 | N42: 1 | O42: 8 | P42: 2 | Q42: 0 | R42: 12 | S42: 3 | V42: # findings
C43: =C19&"iii." -> 1.l.iii. | D43: Level 3 findings in HFTD for other inspections (list types of "other" inspections in comments) - Distribution lines | E43: =E81 -> 0 | F43: =F81 -> 0 | G43: =G81 -> 0 | H43: =H81 -> 0 | I43: =I81 -> 0 | J43: =J81+J82 -> 0 | K43: =K81+K82 -> 0 | L43: =L81+L82 -> 0 | M43: =M81+M82 -> 0 | N43: =N81+N82 -> 0 | O43: =O81+O82 -> 0 | P43: =P81+P82 -> 0 | Q43: =Q81+Q82 -> 0 | ... S43: =S81+S82 -> 0 | V43: # findings
B44: 1. Grid condition findings from inspection - Transmission lines total | C44: =C8&"iv." -> 1.a.iv. | D44: Number of total circuit miles inspected from patrol inspections - Transmission lines | E44: 1810.39 | F44: 1868.35 | G44: 1876.84 | H44: 1898.04 | I44: 1914 | J44: 1228.62 | K44: 564.28 | L44: 133.89 | M44: 0 | N44: 979.02 | O44: 794.38 | P44: 133.89 | Q44: 0 | R44: 481.63037 | S44: 1195.72 | V44: # circuit miles | W44: =W32 -> SDG&E has implemeted centrolized data repository and automated solution for computing transmission asset-inspection metrics (patrol and details). Historical values are updated based on the automted output in Feb 2022. Due to the new requirement of HFTD breakdown, SDG&E continues to validate the output and improve the data process accordingly.
C45: =C9&"iv." -> 1.b.iv. | D45: Number of total circuit miles inspected from detailed inspections - Transmission lines | E45: 658.52 | F45: 593.29 | G45: 654.43 | H45: 605.89 | I45: 586.35 | J45: 150.29 | K45: 229.95 | L45: 156.02 | M45: 177.64 | N45: 212.99 | O45: 140.23 | P45: 200.24 | Q45: 66.54 | R45: 112.32426 | S45: 246.63 | V45: # circuit miles
C46: =C10&"iv." -> 1.c.iv. | D46: Number of total circuit miles inspected from other inspections (list types of "other" inspections in comments) - Transmission lines | E46: 1860.5 | F46: 1828.43 | G46: 1829.17 | H46: 1861.5 | I46: 1874.64 | J46: 16.68 | K46: 30.015795 | L46: 1032.4552 | M46: 956.18717 | N46: 26.24 | O46: 34.998864 | P46: 1645.2669 | Q46: 250.08481 | R46: =R34 -> 35.71 | S46: 65.48 | V46: # circuit miles | W46: Sum of all other transmission inspections-infrared (all territory) and drone inspections in HFTD.
C47: =C11&"iv." -> 1.d.iv. | D47: Level 1 findings for patrol inspections - Transmission lines | E47: 1 | F47: 0 | G47: 2 | H47: 0 | I47: 0 | J47: 0 | K47: 0 | L47: 0 | M47: 0 | N47: 0 | O47: 0 | P47: 0 | Q47: 0 | R47: 0 | S47: 0 | V47: # findings
C48: =C12&"iv." -> 1.e.iv. | D48: Level 1 findings for detailed inspections - Transmission lines | E48: 3 | F48: 1 | G48: 1 | H48: 8 | I48: 2 | J48: 0 | K48: 0 | L48: 0 | M48: 0 | N48: 0 | O48: 0 | P48: 0 | Q48: 0 | R48: 0 | S48: 0 | V48: # findings
C49: =C13&"iv." -> 1.f.iv. | D49: Level 1 findings for other inspections (list types of "other" inspections in comments) - Transmission lines | E49: 0 | F49: 0 | G49: 0 | H49: 0 | I49: 0 | J49: 0 | K49: 0 | L49: 0 | M49: 1 | N49: 0 | O49: 0 | P49: 0 | Q49: 0 | R49: 0 | S49: 0 | V49: # findings
C50: =C14&"iv." -> 1.g.iv. | D50: Level 2 findings for patrol inspections - Transmission lines | E50: 70 | F50: 42 | G50: 11 | H50: 11 | I50: 8 | J50: 1 | K50: 4 | L50: 0 | M50: 0 | N50: 1 | O50: 2 | P50: 0 | Q50: 0 | R50: 0 | S50: 7 | V50: # findings
C51: =C15&"iv." -> 1.h.iv. | D51: Level 2 findings for detailed inspections - Transmission lines | E51: 1060 | F51: 353 | G51: 470 | H51: 934 | I51: 799 | J51: 398 | K51: 254 | L51: 117 | M51: 89 | N51: 168 | O51: 253 | P51: 180 | Q51: 180 | R51: 230 | S51: 126 | V51: # findings
C52: =C16&"iv." -> 1.i.iv. | D52: Level 2 findings for other inspections (list types of "other" inspections in comments) - Transmission lines | E52: 9 | F52: 4 | G52: 37 | H52: 1 | I52: 2 | J52: 0 | K52: 0 | L52: 1 | M52: 16 | N52: 2 | O52: 4 | P52: 30 | Q52: 18 | R52: 2 | S52: 1 | V52: # findings
C53: =C17&"iv." -> 1.j.iv. | D53: Level 3 findings for patrol inspections - Transmission lines | E53: 0 | F53: 0 | G53: 0 | H53: 0 | I53: 0 | J53: 0 | K53: 0 | L53: 0 | M53: 0 | N53: 0 | O53: 0 | P53: 0 | Q53: 0 | R53: 0 | S53: 0 | V53: # findings
C54: =C18&"iv." -> 1.k.iv. | D54: Level 3 findings for detailed inspections - Transmission lines | E54: 60 | F54: 69 | G54: 66 | H54: 66 | I54: 55 | J54: 10 | K54: 9 | L54: 1 | M54: 19 | N54: 4 | O54: 30 | P54: 3 | Q54: 4 | R54: 14 | S54: 4 | V54: # findings
C55: =C19&"iv." -> 1.l.iv. | D55: Level 3 findings for other inspections (list types of "other" inspections in comments) - Transmission lines | E55: 0 | F55: 0 | G55: 0 | H55: 0 | I55: 0 | J55: 0 | K55: 0 | L55: 0 | M55: 0 | N55: 0 | O55: 0 | P55: 0 | Q55: 0 | R55: 0 | S55: 0 | V55: # findings
B56: 2. Vegetation clearance findings from inspection - total | C56: 2.a.i | D56: Number of spans insepcted where at least some vegetation was found in non-compliant condition - total | E56: 2559 | F56: 2815 | G56: 3085 | H56: 3404 | I56: 3044 | J56: 548 | K56: 605 | L56: 995 | M56: 1317 | N56: 558 | O56: 699 | P56: 852 | Q56: 940 | R56: 537 | S56: 695 | V56: # of spans inspected with noncompliant clearance based on applicable rules and regulations at the time of inspection
C57: 2.a.ii | D57: Number of spans insepcted for vegetation compliance - total | E57: 173677 | F57: 173421 | G57: 173151 | H57: 172832 | I57: 173192 | J57: 43511 | K57: 43454 | L57: 43064 | M57: 42742 | N57: 43501 | O57: 43360 | P57: 43207 | Q57: 43119 | R57: 43522 | S57: 43364 | V57: # of spans inspected for vegetation compliance
B58: 2. Vegetation clearance findings from inspection - in HFTD | C58: 2.b.i | D58: Number of spans insepcted where at least some vegetation was found in non-compliant condition in HFTD | E58: 999 | F58: 1092 | G58: 1407 | H58: 1624 | I58: 1250 | J58: 297 | K58: 359 | L58: 428 | M58: 383 | N58: 312 | O58: 446 | P58: 280 | Q58: 219 | R58: 240 | S58: 386 | V58: # of spans inspected with noncompliant clearance based on applicable rules and regulations at the time of inspection
C59: 2.b.ii | D59: Number of spans insepcted for vegetation compliance in HFTD | E59: 76949 | F59: 76856 | G59: 76541 | H59: 76324 | I59: 76698 | J59: 19190 | K59: 19128 | L59: 19059 | M59: 19104 | N59: 19175 | O59: 19041 | P59: 19207 | Q59: 19268 | R59: 19247 | S59: 19101 | V59: # of spans inspected for vegetation compliance
B60: 3. Community outreach metrics | C60: 3.a. | D60: # Customers in an evacuation zone for utility-ignited wildfire | E60: NA | F60: NA | G60: NA | H60: NA | I60: NA | J60: NA | K60: NA | L60: NA | M60: NA | N60: NA | O60: NA | P60: NA | Q60: NA | R60: NA | S60: N/A | V60: # customers (if customer was in an evacuation zone for multiple wildfires, count the customer for each relevant wildfire)
C61: 3.b. | D61: # Customers notified of evacuation orders | E61: NA | F61: NA | G61: NA | H61: NA | I61: NA | J61: NA | K61: NA | L61: NA | M61: NA | N61: NA | O61: NA | P61: NA | Q61: NA | R61: NA | S61: N/A | V61: # customers (count customer multiple times for each unique wildfire of which they were notified)
C62: 3.c. | D62: % of customers notified of evacuation in evacuation zone of a utility-ignited wildfire | E62: NA | F62: NA | G62: NA | H62: NA | I62: NA | J62: NA | K62: NA | L62: NA | M62: NA | N62: NA | O62: NA | P62: NA | Q62: NA | R62: NA | S62: N/A | V62: Percentage of customers notified of evacuation
B63: 4. Grid condition findings from other inspections - Distribution lines | C63: 4.a. | D63: Number of circuit miles inspected from other inspections (Intrusive Pole) in HFTD - Distribution lines | E63: 39.838447 | F63: 78.463258 | G63: 256.87973 | H63: 712.40795 | I63: 619.60739 | J63: 163.29432 | K63: 151.62045 | L63: 164.80189 | M63: 162.16591 | N63: 175 | O63: 72 | P63: 31 | Q63: 15 | R63: 1.9 | S63: 0 | V63: # circuit miles
C64: 4.b. | D64: Number of circuit miles inspected from other inspections (Infrared) in HFTD - Distribution lines | E64: 0 | F64: 0 | G64: 0 | H64: 0 | I64: 0 | J64: 0 | K64: 267.38163 | L64: 370.62462 | M64: 49.157197 | N64: 53.351515 | O64: 114.87727 | P64: 166.15095 | Q64: 428.8 | R64: 184.7 | S64: 121.41 | V64: # circuit miles
C65: 4.c. | D65: Number of circuit miles inspected from other inspections (Drone) in HFTD - Distribution lines | E65: 0 | F65: 0 | G65: 0 | H65: 0 | I65: 114.28 | J65: 669.38 | K65: 637.84 | L65: 171.55 | M65: 36.61 | N65: 0 | O65: 0 | P65: 311.77 | Q65: 554 | R65: =464.1 -> 464.1 | S65: 234.16 | V65: # circuit miles
C66: 4.d. | D66: Level 1 findings in HFTD for other inspections (Intrusive Pole) - Distribution lines | E66: 0 | F66: 3 | G66: 25 | H66: 5 | I66: 13 | J66: 1 | K66: 0 | L66: 0 | M66: 0 | N66: 0 | O66: 2 | P66: 0 | Q66: 0 | R66: 0 | S66: 0 | V66: # findings
C67: 4.e. | D67: Level 1 findings in HFTD for other inspections (Infrared ) - Distribution lines | E67: 0 | F67: 0 | G67: 0 | H67: 0 | I67: 0 | J67: 0 | K67: 0 | L67: 0 | M67: 0 | N67: 0 | O67: 0 | P67: 0 | Q67: 0 | R67: 0 | S67: 1 | V67: # findings
C68: 4.f. | D68: Level 1 findings in HFTD for other inspections (Drone) - Distribution lines | E68: 0 | F68: 0 | G68: 0 | H68: 0 | I68: 23 | J68: 62 | K68: 32 | L68: 11 | M68: 1 | N68: 0 | O68: 6 | P68: 19 | Q68: 72 | R68: 42 | S68: 27 | V68: # findings
C69: 4.g. | D69: Level 2 findings in HFTD for other inspections (Intrusive Pole) - Distribution line | E69: 35 | F69: 52 | G69: 327 | H69: 261 | I69: 228 | J69: 18 | K69: 26 | L69: 26 | M69: 54 | N69: 44 | O69: 32 | P69: 6 | Q69: 13 | R69: 4 | S69: 0 | V69: # findings
C70: 4.h. | D70: Level 2 findings in HFTD for other inspections (Infrared ) - Distribution lines | E70: 0 | F70: 0 | G70: 0 | H70: 0 | I70: 0 | J70: 0 | K70: 1 | L70: 0 | M70: 0 | N70: 0 | O70: 9 | P70: 7 | Q70: 0 | R70: 15 | S70: 12 | V70: # findings
C71: 4.i | D71: Level 2 findings in HFTD for other inspections (Drone) - Distribution lines | E71: 0 | F71: 0 | G71: 0 | H71: 0 | I71: 1122 | J71: 4338 | K71: 2633 | L71: 880 | M71: 174 | N71: 0 | O71: 0 | P71: 2074 | Q71: 6115 | R71: 2942 | S71: 1148 | V71: # findings
C72: 4.j. | D72: Level 3 findings in HFTD for other inspections (Intrusive Pole) - Distribution line | E72: N/A | F72: N/A | G72: N/A | H72: N/A | I72: N/A | J72: N/A | K72: N/A | L72: N/A | M72: N/A | N72: N/A | O72: N/A | P72: N/A | Q72: N/A | R72: N/A | S72: N/A | V72: # findings
C73: 4.k. | D73: Level 3 findings in HFTD for other inspections (Infrared ) - Distribution lines | E73: N/A | F73: N/A | G73: N/A | H73: N/A | I73: N/A | J73: N/A | K73: N/A | L73: N/A | M73: N/A | N73: N/A | O73: N/A | P73: N/A | Q73: N/A | R73: N/A | S73: N/A | V73: # findings
C74: 4.l. | D74: Level 3 findings in HFTD for other inspections (Drone) - Distribution lines | E74: N/A | F74: N/A | G74: N/A | H74: N/A | I74: N/A | J74: N/A | K74: N/A | L74: N/A | M74: N/A | N74: N/A | O74: N/A | P74: N/A | Q74: N/A | R74: N/A | S74: N/A | V74: # findings
B75: 4. Grid condition findings from other inspections - Transmission lines | C75: 4.m | D75: Number of circuit miles inspected from other inspections (Infrared) in HFTD - Transmission lines | E75: 981 | F75: 956 | G75: 955 | H75: 983.96 | I75: 985.68 | J75: 0 | K75: 0 | L75: 478.31 | M75: 487.96 | N75: 0 | O75: 0 | P75: 882.73 | Q75: 85.71 | R75: 0 | S75: 0 | V75: # circuit miles
C76: 4.n | D76: Number of circuit miles inspected from other inspections (Drone) in HFTD - Transmission lines | E76: N/A | F76: N/A | G76: N/A | H76: N/A | I76: N/A | J76: 16.68 | K76: 0 | L76: 0 | M76: 161.15 | N76: 26.24 | O76: 3.95 | P76: 15.7 | Q76: 51.01 | R76: =35.63+0.08 -> 35.71 | S76: 42.8 | V76: # circuit miles
C77: 4.o | D77: Level 1 findings in HFTD for other inspections (Infrared ) - Transmission lines | E77: 0 | F77: 0 | G77: 0 | H77: 0 | I77: 0 | J77: 0 | K77: 0 | L77: 0 | M77: 0 | N77: 0 | O77: 0 | P77: 0 | Q77: 0 | R77: 0 | S77: 0 | V77: # findings
C78: 4.p | D78: Level 1 findings in HFTD for other inspections (Drone) - Transmission lines | E78: N/A | F78: N/A | G78: N/A | H78: N/A | I78: N/A | J78: 0 | K78: 0 | L78: 0 | M78: 1 | N78: 0 | O78: 0 | P78: 0 | Q78: 0 | R78: 0 | S78: 0 | V78: # findings
C79: 4.q. | D79: Level 2 findings in HFTD for other inspections (Infrared ) - Transmission lines | E79: 5 | F79: 1 | G79: 35 | H79: 0 | I79: 1 | J79: 0 | K79: 0 | L79: 0 | M79: 0 | N79: 0 | O79: 0 | P79: 0 | Q79: 0 | R79: 0 | S79: 0 | V79: # findings
C80: 4.r | D80: Level 2 findings in HFTD for other inspections (Drone) - Transmission lines | E80: N/A | F80: N/A | G80: N/A | H80: N/A | I80: N/A | J80: 0 | K80: 0 | L80: 0 | M80: 16 | N80: 2 | O80: 3 | P80: 27 | Q80: 18 | R80: 2 | S80: 0 | V80: # findings
C81: 4.s. | D81: Level 3 findings in HFTD for other inspections (Infrared ) - Transmission lines | E81: 0 | F81: 0 | G81: 0 | H81: 0 | I81: 0 | J81: 0 | K81: 0 | L81: 0 | M81: 0 | N81: 0 | O81: 0 | P81: 0 | Q81: 0 | R81: 0 | S81: 0 | V81: # findings
C82: 4.t. | D82: Level 3 findings in HFTD for other inspections (Drone) - Transmission lines | E82: N/A | F82: N/A | G82: N/A | H82: N/A | I82: N/A | J82: 0 | K82: 0 | L82: 0 | M82: 0 | N82: 0 | O82: 0 | P82: 0 | Q82: 0 | R82: 0 | S82: 0 | V82: # findings

Sheet Table 2
B2: Utility | C2: =IF('Quarterly Submission Guide'!$D$20 = "", "",'Quarterly Submission Guide'!$D$20) -> SDG&E | D2: Notes:
B3: Table No. | C3: 2 | D3: Transmission lines refer to all lines at or above 65kV, and distribution lines refer to all lines below 65kV.
B4: Date Modified | C4: 44774 | D4: HWW = High wind warning
D5: RFW = Red flag warning
P6: Note: These columns are placeholders for future QR submissions.
B7: Table 2: Recent performance on outcome metrics | L7: 1 | M7: 2 | N7: 3 | O7: 4 | P7: 1 | Q7: 2 | R7: 3 | S7: 4 | T7: 1 | U7: 2 | V7: 3 | W7: 4
B8: Metric type | C8: # | D8: Outcome metric name | E8: Wind Warning Status | F8: HFTD Tier | G8: 2015 | H8: 2016 | I8: 2017 | J8: 2018 | K8: 2019 | L8: 2020 | M8: 2020 | N8: 2020 | O8: 2020 | P8: 2021 | Q8: 2021 | R8: 2021 | S8: 2021 | T8: 2022 | U8: 2022 | V8: 2022 | W8: 2022 | X8: Unit(s) | Y8: Comments
B9: 1. Risk Events | C9: 1.a. | D9: Number of all events with probability of ignition, including wires down, contacts with objects, line slap, events with evidence of heat generation, and other events that cause sparking or have the potential to cause ignition | E9: All | F9: 1 | X9: Number per year
D10: Number of all events with probability of ignition, including wires down, contacts with objects, line slap, events with evidence of heat generation, and other events that cause sparking or have the potential to cause ignition | E10: RFW | F10: 1
D11: Number of all events with probability of ignition, including wires down, contacts with objects, line slap, events with evidence of heat generation, and other events that cause sparking or have the potential to cause ignition | E11: HWW | F11: 1
D12: Number of all events with probability of ignition, including wires down, contacts with objects, line slap, events with evidence of heat generation, and other events that cause sparking or have the potential to cause ignition | E12: HWW & RFW | F12: 1
D13: Number of all events with probability of ignition, including wires down, contacts with objects, line slap, events with evidence of heat generation, and other events that cause sparking or have the potential to cause ignition | E13: HWW & not RFW | F13: 1
D14: Number of all events with probability of ignition, including wires down, contacts with objects, line slap, events with evidence of heat generation, and other events that cause sparking or have the potential to cause ignition | E14: All | F14: 2 | G14: =G54+G74 -> 231 | H14: =H54+H74 -> 262 | I14: =I54+I74 -> 258 | J14: =J54+J74 -> 209 | K14: =K54+K74 -> 257 | L14: =L54+L74 -> 61 | M14: =M54+M74 -> 64 | N14: =N54+N74 -> 68 | ... U14: =U54+U74 -> 40
D15: Number of all events with probability of ignition, including wires down, contacts with objects, line slap, events with evidence of heat generation, and other events that cause sparking or have the potential to cause ignition | E15: RFW | F15: 2 | G15: =G55+G75 -> 1 | H15: =H55+H75 -> 3 | I15: =I55+I75 -> 17 | J15: =J55+J75 -> 17 | K15: =K55+K75 -> 4 | L15: =L55+L75 -> 0 | M15: =M55+M75 -> 0 | N15: =N55+N75 -> 18 | ... U15: =U55+U75 -> 0
D16: Number of all events with probability of ignition, including wires down, contacts with objects, line slap, events with evidence of heat generation, and other events that cause sparking or have the potential to cause ignition | E16: HWW | F16: 2 | G16: =G56+G76 -> 17 | H16: =H56+H76 -> 10 | I16: =I56+I76 -> 42 | J16: =J56+J76 -> 11 | K16: =K56+K76 -> 4 | L16: =L56+L76 -> 2 | M16: =M56+M76 -> 0 | N16: =N56+N76 -> 0 | ... U16: =U56+U76 -> 0
D17: Number of all events with probability of ignition, including wires down, contacts with objects, line slap, events with evidence of heat generation, and other events that cause sparking or have the potential to cause ignition | E17: HWW & RFW | F17: 2 | G17: =G57+G77 -> 0 | H17: =H57+H77 -> 0 | I17: =I57+I77 -> 7 | J17: =J57+J77 -> 9 | K17: =K57+K77 -> 3 | L17: =L57+L77 -> 0 | M17: =M57+M77 -> 0 | N17: =N57+N77 -> 0 | ... U17: =U57+U77 -> 0
D18: Number of all events with probability of ignition, including wires down, contacts with objects, line slap, events with evidence of heat generation, and other events that cause sparking or have the potential to cause ignition | E18: HWW & not RFW | F18: 2 | G18: =G58+G78 -> 17 | H18: =H58+H78 -> 10 | I18: =I58+I78 -> 34 | J18: =J58+J78 -> 2 | K18: =K58+K78 -> 1 | L18: =L58+L78 -> 2 | M18: =M58+M78 -> 0 | N18: =N58+N78 -> 0 | ... U18: =U58+U78 -> 0
D19: Number of all events with probability of ignition, including wires down, contacts with objects, line slap, events with evidence of heat generation, and other events that cause sparking or have the potential to cause ignition | E19: All | F19: 3 | G19: =G59+G79 -> 188 | H19: =H59+H79 -> 209 | I19: =I59+I79 -> 203 | J19: =J59+J79 -> 204 | K19: =K59+K79 -> 257 | L19: =L59+L79 -> 32 | M19: =M59+M79 -> 51 | N19: =N59+N79 -> 68 | ... U19: =U59+U79 -> 27
D20: Number of all events with probability of ignition, including wires down, contacts with objects, line slap, events with evidence of heat generation, and other events that cause sparking or have the potential to cause ignition | E20: RFW | F20: 3 | G20: =G60+G80 -> 2 | H20: =H60+H80 -> 2 | I20: =I60+I80 -> 10 | J20: =J60+J80 -> 9 | K20: =K60+K80 -> 10 | L20: =L60+L80 -> 0 | M20: =M60+M80 -> 0 | N20: =N60+N80 -> 12 | ... U20: =U60+U80 -> 0
D21: Number of all events with probability of ignition, including wires down, contacts with objects, line slap, events with evidence of heat generation, and other events that cause sparking or have the potential to cause ignition | E21: HWW | F21: 3 | G21: =G61+G81 -> 7 | H21: =H61+H81 -> 0 | I21: =I61+I81 -> 37 | J21: =J61+J81 -> 7 | K21: =K61+K81 -> 5 | L21: =L61+L81 -> 5 | M21: =M61+M81 -> 0 | N21: =N61+N81 -> 0 | ... U21: =U61+U81 -> 0
D22: Number of all events with probability of ignition, including wires down, contacts with objects, line slap, events with evidence of heat generation, and other events that cause sparking or have the potential to cause ignition | E22: HWW & RFW | F22: 3 | G22: =G62+G82 -> 0 | H22: =H62+H82 -> 0 | I22: =I62+I82 -> 6 | J22: =J62+J82 -> 7 | K22: =K62+K82 -> 5 | L22: =L62+L82 -> 0 | M22: =M62+M82 -> 0 | N22: =N62+N82 -> 0 | ... U22: =U62+U82 -> 0
D23: Number of all events with probability of ignition, including wires down, contacts with objects, line slap, events with evidence of heat generation, and other events that cause sparking or have the potential to cause ignition | E23: HWW & not RFW | F23: 3 | G23: =G63+G83 -> 7 | H23: =H63+H83 -> 0 | I23: =I63+I83 -> 31 | J23: =J63+J83 -> 0 | K23: =K63+K83 -> 0 | L23: =L63+L83 -> 5 | M23: =M63+M83 -> 0 | N23: =N63+N83 -> 0 | ... U23: =U63+U83 -> 0
D24: Number of all events with probability of ignition, including wires down, contacts with objects, line slap, events with evidence of heat generation, and other events that cause sparking or have the potential to cause ignition | E24: All | F24: Non- HFTD | G24: =G64+G84 -> 596 | H24: =H64+H84 -> 775 | I24: =I64+I84 -> 664 | J24: =J64+J84 -> 617 | K24: =K64+K84 -> 603 | L24: =L64+L84 -> 136 | M24: =M64+M84 -> 142 | N24: =N64+N84 -> 202 | ... U24: =U64+U84 -> 134
D25: Number of all events with probability of ignition, including wires down, contacts with objects, line slap, events with evidence of heat generation, and other events that cause sparking or have the potential to cause ignition | E25: RFW | F25: Non- HFTD | G25: =G65+G85 -> 2 | H25: =H65+H85 -> 10 | I25: =I65+I85 -> 17 | J25: =J65+J85 -> 15 | K25: =K65+K85 -> 5 | L25: =L65+L85 -> 0 | M25: =M65+M85 -> 0 | N25: =N65+N85 -> 27 | ... U25: =U65+U85 -> 0
D26: Number of all events with probability of ignition, including wires down, contacts with objects, line slap, events with evidence of heat generation, and other events that cause sparking or have the potential to cause ignition | E26: HWW | F26: Non- HFTD | G26: =G66+G86 -> 9 | H26: =H66+H86 -> 109 | I26: =I66+I86 -> 128 | J26: =J66+J86 -> 8 | K26: =K66+K86 -> 4 | L26: =L66+L86 -> 3 | M26: =M66+M86 -> 0 | N26: =N66+N86 -> 0 | ... U26: =U66+U86 -> 0
D27: Number of all events with probability of ignition, including wires down, contacts with objects, line slap, events with evidence of heat generation, and other events that cause sparking or have the potential to cause ignition | E27: HWW & RFW | F27: Non- HFTD | G27: =G67+G87 -> 0 | H27: =H67+H87 -> 1 | I27: =I67+I87 -> 7 | J27: =J67+J87 -> 6 | K27: =K67+K87 -> 3 | L27: =L67+L87 -> 0 | M27: =M67+M87 -> 0 | N27: =N67+N87 -> 0 | ... U27: =U67+U87 -> 0
D28: Number of all events with probability of ignition, including wires down, contacts with objects, line slap, events with evidence of heat generation, and other events that cause sparking or have the potential to cause ignition | E28: HWW & not RFW | F28: Non- HFTD | G28: =G68+G88 -> 9 | H28: =H68+H88 -> 108 | I28: =I68+I88 -> 121 | J28: =J68+J88 -> 2 | K28: =K68+K88 -> 1 | L28: =L68+L88 -> 3 | M28: =M68+M88 -> 0 | N28: =N68+N88 -> 0 | ... U28: =U68+U88 -> 0
B29: 1. Risk Events | C29: 1.b. | D29: Number of wires down | E29: All | F29: 1 | X29: Number of wires down per year
D30: Number of wires down | E30: RFW | F30: 1
D31: Number of wires down | E31: HWW | F31: 1
D32: Number of wires down | E32: HWW & RFW | F32: 1
D33: Number of wires down | E33: HWW & not RFW | F33: 1
D34: Number of wires down | E34: All | F34: 2 | G34: 14 | H34: 30 | I34: 30 | J34: 21 | K34: 20 | L34: 10 | M34: 5 | N34: 5 | O34: 5 | P34: 10 | Q34: 4 | R34: 4 | S34: 10 | T34: 5 | U34: 2
D35: Number of wires down | E35: RFW | F35: 2 | G35: 0 | H35: 1 | I35: 0 | J35: 1 | K35: 0 | L35: 0 | M35: 0 | N35: 0 | O35: 2 | P35: 0 | Q35: 0 | R35: 0 | S35: 0 | T35: 0 | U35: 0
D36: Number of wires down | E36: HWW | F36: 2 | G36: 1 | H36: 1 | I36: 5 | J36: 0 | K36: 0 | L36: 0 | M36: 0 | N36: 0 | O36: 1 | P36: 1 | Q36: 0 | R36: 0 | S36: 0 | T36: 1 | U36: 0
D37: Number of wires down | E37: HWW & RFW | F37: 2 | G37: 0 | H37: 0 | I37: 0 | J37: 0 | K37: 0 | L37: 0 | M37: 0 | N37: 0 | O37: 1 | P37: 0 | Q37: 0 | R37: 0 | S37: 0 | T37: 0 | U37: 0
D38: Number of wires down | E38: HWW & not RFW | F38: 2 | G38: 0 | H38: 0 | I38: 0 | J38: 0 | K38: 0 | L38: 0 | M38: 0 | N38: 0 | O38: 0 | P38: 1 | Q38: 0 | R38: 0 | S38: 0 | T38: 1 | U38: 0
D39: Number of wires down | E39: All | F39: 3 | G39: 12 | H39: 19 | I39: 19 | J39: 10 | K39: 27 | L39: 3 | M39: 2 | N39: 6 | O39: 3 | P39: 4 | Q39: 5 | R39: 2 | S39: 8 | T39: 4 | U39: 2
D40: Number of wires down | E40: RFW | F40: 3 | G40: 0 | H40: 0 | I40: 0 | J40: 0 | K40: 1 | L40: 0 | M40: 0 | N40: 2 | O40: 0 | P40: 0 | Q40: 0 | R40: 0 | S40: 0 | T40: 0 | U40: 0
D41: Number of wires down | E41: HWW | F41: 3 | G41: 1 | H41: 0 | I41: 8 | J41: 0 | K41: 0 | L41: 1 | M41: 0 | N41: 0 | O41: 0 | P41: 0 | Q41: 0 | R41: 0 | S41: 0 | T41: 0 | U41: 0
D42: Number of wires down | E42: HWW & RFW | F42: 3 | G42: 0 | H42: 0 | I42: 0 | J42: 0 | K42: 0 | L42: 0 | M42: 0 | N42: 0 | O42: 0 | P42: 0 | Q42: 0 | R42: 0 | S42: 0 | T42: 0 | U42: 0
D43: Number of wires down | E43: HWW & not RFW | F43: 3 | G43: 0 | H43: 0 | I43: 0 | J43: 0 | K43: 0 | L43: 0 | M43: 0 | N43: 0 | O43: 0 | P43: 0 | Q43: 0 | R43: 0 | S43: 0 | T43: 0 | U43: 0
D44: Number of wires down | E44: All | F44: Non- HFTD | G44: 35 | H44: 93 | I44: 88 | J44: 66 | K44: 68 | L44: 15 | M44: 12 | N44: 10 | O44: 18 | P44: 12 | Q44: 14 | R44: 10 | S44: 25 | T44: 19 | U44: 9
D45: Number of wires down | E45: RFW | F45: Non- HFTD | G45: 1 | H45: 1 | I45: 2 | J45: 1 | K45: 2 | L45: 0 | M45: 0 | N45: 1 | O45: 0 | P45: 0 | Q45: 0 | R45: 0 | S45: 0 | T45: 0 | U45: 0
D46: Number of wires down | E46: HWW | F46: Non- HFTD | G46: 0 | H46: 22 | I46: 36 | J46: 1 | K46: 2 | L46: 0 | M46: 0 | N46: 0 | O46: 0 | P46: 2 | Q46: 0 | R46: 0 | S46: 0 | T46: 0 | U46: 0
D47: Number of wires down | E47: HWW & RFW | F47: Non- HFTD | G47: 0 | H47: 0 | I47: 1 | J47: 0 | K47: 2 | L47: 0 | M47: 0 | N47: 0 | O47: 0 | P47: 0 | Q47: 0 | R47: 0 | S47: 0 | T47: 0 | U47: 0
D48: Number of wires down | E48: HWW & not RFW | F48: Non- HFTD | G48: 0 | H48: 4 | I48: 11 | J48: 1 | K48: 0 | L48: 0 | M48: 0 | N48: 0 | O48: 0 | P48: 2 | Q48: 0 | R48: 0 | S48: 0 | T48: 0 | U48: 0
B49: 1. Risk Events | C49: 1.c. | D49: Number of outage events not caused by contact with vegetation | E49: All | F49: 1 | X49: Number of outage events per year
D50: Number of outage events not caused by contact with vegetation | E50: RFW | F50: 1
D51: Number of outage events not caused by contact with vegetation | E51: HWW | F51: 1
D52: Number of outage events not caused by contact with vegetation | E52: HWW & RFW | F52: 1
D53: Number of outage events not caused by contact with vegetation | E53: HWW & not RFW | F53: 1
D54: Number of outage events not caused by contact with vegetation | E54: All | F54: 2 | G54: 223 | H54: 246 | I54: 245 | J54: 200 | K54: 255 | L54: 59 | M54: 63 | N54: 68 | O54: 52 | P54: 78 | Q54: 53 | R54: 79 | S54: 70 | T54: 58 | U54: 39
D55: Number of outage events not caused by contact with vegetation | E55: RFW | F55: 2 | G55: 1 | H55: 3 | I55: 16 | J55: 13 | K55: 4 | L55: 0 | M55: 0 | N55: 18 | O55: 9 | P55: 0 | Q55: 0 | R55: 0 | S55: 4 | T55: 0 | U55: 0
D56: Number of outage events not caused by contact with vegetation | E56: HWW | F56: 2 | G56: 16 | H56: 8 | I56: 38 | J56: 8 | K56: 4 | L56: 2 | M56: 0 | N56: 0 | O56: 5 | P56: 12 | Q56: 0 | R56: 0 | S56: 2 | T56: 3 | U56: 0
D57: Number of outage events not caused by contact with vegetation | E57: HWW & RFW | F57: 2 | G57: 0 | H57: 0 | I57: 6 | J57: 6 | K57: 3 | L57: 0 | M57: 0 | N57: 0 | O57: 5 | P57: 0 | Q57: 0 | R57: 0 | S57: 2 | T57: 0 | U57: 0
D58: Number of outage events not caused by contact with vegetation | E58: HWW & not RFW | F58: 2 | G58: 16 | H58: 8 | I58: 31 | J58: 2 | K58: 1 | L58: 2 | M58: 0 | N58: 0 | O58: 0 | P58: 12 | Q58: 0 | R58: 0 | S58: 0 | T58: 3 | U58: 0
D59: Number of outage events not caused by contact with vegetation | E59: All | F59: 3 | G59: 188 | H59: 208 | I59: 194 | J59: 201 | K59: 253 | L59: 31 | M59: 51 | N59: 67 | O59: 48 | P59: 63 | Q59: 45 | R59: 65 | S59: 57 | T59: 36 | U59: 26
D60: Number of outage events not caused by contact with vegetation | E60: RFW | F60: 3 | G60: 2 | H60: 2 | I60: 9 | J60: 9 | K60: 10 | L60: 0 | M60: 0 | N60: 11 | O60: 8 | P60: 0 | Q60: 0 | R60: 0 | S60: 4 | T60: 0 | U60: 0
D61: Number of outage events not caused by contact with vegetation | E61: HWW | F61: 3 | G61: 7 | H61: 0 | I61: 32 | J61: 7 | K61: 5 | L61: 4 | M61: 0 | N61: 0 | O61: 3 | P61: 11 | Q61: 0 | R61: 0 | S61: 1 | T61: 2 | U61: 0
D62: Number of outage events not caused by contact with vegetation | E62: HWW & RFW | F62: 3 | G62: 0 | H62: 0 | I62: 5 | J62: 7 | K62: 5 | L62: 0 | M62: 0 | N62: 0 | O62: 3 | P62: 0 | Q62: 0 | R62: 0 | S62: 1 | T62: 0 | U62: 0
D63: Number of outage events not caused by contact with vegetation | E63: HWW & not RFW | F63: 3 | G63: 7 | H63: 0 | I63: 27 | J63: 0 | K63: 0 | L63: 4 | M63: 0 | N63: 0 | O63: 0 | P63: 11 | Q63: 0 | R63: 0 | S63: 0 | T63: 2 | U63: 0
D64: Number of outage events not caused by contact with vegetation | E64: All | F64: Non- HFTD | G64: 577 | H64: 731 | I64: 616 | J64: 594 | K64: 581 | L64: 128 | M64: 136 | N64: 198 | O64: 145 | P64: 170 | Q64: 175 | R64: 193 | S64: 192 | T64: 153 | U64: 133
D65: Number of outage events not caused by contact with vegetation | E65: RFW | F65: Non- HFTD | G65: 2 | H65: 10 | I65: 15 | J65: 11 | K65: 4 | L65: 0 | M65: 0 | N65: 26 | O65: 7 | P65: 0 | Q65: 0 | R65: 0 | S65: 4 | T65: 0 | U65: 0
D66: Number of outage events not caused by contact with vegetation | E66: HWW | F66: Non- HFTD | G66: 8 | H66: 98 | I66: 99 | J66: 5 | K66: 3 | L66: 3 | M66: 0 | N66: 0 | O66: 6 | P66: 30 | Q66: 0 | R66: 0 | S66: 3 | T66: 0 | U66: 0
D67: Number of outage events not caused by contact with vegetation | E67: HWW & RFW | F67: Non- HFTD | G67: 0 | H67: 1 | I67: 6 | J67: 5 | K67: 2 | L67: 0 | M67: 0 | N67: 0 | O67: 6 | P67: 0 | Q67: 0 | R67: 0 | S67: 3 | T67: 0 | U67: 0
D68: Number of outage events not caused by contact with vegetation | E68: HWW & not RFW | F68: Non- HFTD | G68: 8 | H68: 97 | I68: 93 | J68: 0 | K68: 1 | L68: 3 | M68: 0 | N68: 0 | O68: 0 | P68: 30 | Q68: 0 | R68: 0 | S68: 0 | T68: 0 | U68: 0
B69: 1. Risk Events | C69: 1.d. | D69: Number of outage events caused by contact with vegetation | E69: All | F69: 1 | X69: Number of outage events per year
D70: Number of outage events caused by contact with vegetation | E70: RFW | F70: 1
D71: Number of outage events caused by contact with vegetation | E71: HWW | F71: 1
D72: Number of outage events caused by contact with vegetation | E72: HWW & RFW | F72: 1
D73: Number of outage events caused by contact with vegetation | E73: HWW & not RFW | F73: 1
D74: Number of outage events caused by contact with vegetation | E74: All | F74: 2 | G74: 8 | H74: 16 | I74: 13 | J74: 9 | K74: 2 | L74: 2 | M74: 1 | N74: 0 | O74: 1 | P74: 3 | Q74: 1 | R74: 1 | S74: 0 | T74: 1 | U74: 1
D75: Number of outage events caused by contact with vegetation | E75: RFW | F75: 2 | G75: 0 | H75: 0 | I75: 1 | J75: 4 | K75: 0 | L75: 0 | M75: 0 | N75: 0 | O75: 0 | P75: 0 | Q75: 0 | R75: 0 | S75: 0 | T75: 0 | U75: 0
D76: Number of outage events caused by contact with vegetation | E76: HWW | F76: 2 | G76: 1 | H76: 2 | I76: 4 | J76: 3 | K76: 0 | L76: 0 | M76: 0 | N76: 0 | O76: 0 | P76: 1 | Q76: 0 | R76: 0 | S76: 0 | T76: 1 | U76: 0
D77: Number of outage events caused by contact with vegetation | E77: HWW & RFW | F77: 2 | G77: 0 | H77: 0 | I77: 1 | J77: 3 | K77: 0 | L77: 0 | M77: 0 | N77: 0 | O77: 0 | P77: 0 | Q77: 0 | R77: 0 | S77: 0 | T77: 0 | U77: 0
D78: Number of outage events caused by contact with vegetation | E78: HWW & not RFW | F78: 2 | G78: 1 | H78: 2 | I78: 3 | J78: 0 | K78: 0 | L78: 0 | M78: 0 | N78: 0 | O78: 0 | P78: 1 | Q78: 0 | R78: 0 | S78: 0 | T78: 1 | U78: 0
D79: Number of outage events caused by contact with vegetation | E79: All | F79: 3 | G79: 0 | H79: 1 | I79: 9 | J79: 3 | K79: 4 | L79: 1 | M79: 0 | N79: 1 | O79: 0 | P79: 1 | Q79: 0 | R79: 1 | S79: 1 | T79: 1 | U79: 1
D80: Number of outage events caused by contact with vegetation | E80: RFW | F80: 3 | G80: 0 | H80: 0 | I80: 1 | J80: 0 | K80: 0 | L80: 0 | M80: 0 | N80: 1 | O80: 0 | P80: 0 | Q80: 0 | R80: 0 | S80: 0 | T80: 0 | U80: 0
D81: Number of outage events caused by contact with vegetation | E81: HWW | F81: 3 | G81: 0 | H81: 0 | I81: 5 | J81: 0 | K81: 0 | L81: 1 | M81: 0 | N81: 0 | O81: 0 | P81: 0 | Q81: 0 | R81: 0 | S81: 0 | T81: 0 | U81: 0
D82: Number of outage events caused by contact with vegetation | E82: HWW & RFW | F82: 3 | G82: 0 | H82: 0 | I82: 1 | J82: 0 | K82: 0 | L82: 0 | M82: 0 | N82: 0 | O82: 0 | P82: 0 | Q82: 0 | R82: 0 | S82: 0 | T82: 0 | U82: 0
D83: Number of outage events caused by contact with vegetation | E83: HWW & not RFW | F83: 3 | G83: 0 | H83: 0 | I83: 4 | J83: 0 | K83: 0 | L83: 1 | M83: 0 | N83: 0 | O83: 0 | P83: 0 | Q83: 0 | R83: 0 | S83: 0 | T83: 0 | U83: 0
D84: Number of outage events caused by contact with vegetation | E84: All | F84: Non- HFTD | G84: 19 | H84: 44 | I84: 48 | J84: 23 | K84: 22 | L84: 8 | M84: 6 | N84: 4 | O84: 7 | P84: 13 | Q84: 3 | R84: 6 | S84: 11 | T84: 5 | U84: 1
D85: Number of outage events caused by contact with vegetation | E85: RFW | F85: Non- HFTD | G85: 0 | H85: 0 | I85: 2 | J85: 4 | K85: 1 | L85: 0 | M85: 0 | N85: 1 | O85: 0 | P85: 0 | Q85: 0 | R85: 0 | S85: 0 | T85: 0 | U85: 0
D86: Number of outage events caused by contact with vegetation | E86: HWW | F86: Non- HFTD | G86: 1 | H86: 11 | I86: 29 | J86: 3 | K86: 1 | L86: 0 | M86: 0 | N86: 0 | O86: 0 | P86: 6 | Q86: 0 | R86: 0 | S86: 0 | T86: 0 | U86: 0
D87: Number of outage events caused by contact with vegetation | E87: HWW & RFW | F87: Non- HFTD | G87: 0 | H87: 0 | I87: 1 | J87: 1 | K87: 1 | L87: 0 | M87: 0 | N87: 0 | O87: 0 | P87: 0 | Q87: 0 | R87: 0 | S87: 0 | T87: 0 | U87: 0
D88: Number of outage events caused by contact with vegetation | E88: HWW & not RFW | F88: Non- HFTD | G88: 1 | H88: 11 | I88: 28 | J88: 2 | K88: 0 | L88: 0 | M88: 0 | N88: 0 | O88: 0 | P88: 6 | Q88: 0 | R88: 0 | S88: 0 | T88: 0 | U88: 0
B89: 2. Utility inspection findings - Distribution | C89: 2.a. | D89: Number of Level 1 findings (distribution) | E89: N/A | F89: 1
D90: Number of Level 1 findings (distribution) | E90: N/A | F90: 2 | G90: 161 | H90: 102 | I90: 30 | J90: 21 | K90: 17 | L90: 7 | M90: 9 | N90: 3 | O90: 0 | P90: 3 | Q90: 10 | R90: 20 | S90: 62 | T90: 49 | U90: 31
D91: Number of Level 1 findings (distribution) | E91: N/A | F91: 3 | G91: 89 | H91: 96 | I91: 10 | J91: 59 | K91: 35 | L91: 66 | M91: 36 | N91: 11 | O91: 1 | P91: 1 | Q91: 1 | R91: 0 | S91: 10 | T91: 2 | U91: 1
D92: Number of Level 1 findings (distribution) | E92: N/A | F92: Non- HFTD | G92: 119 | H92: 78 | I92: 95 | J92: 51 | K92: 34 | L92: 25 | M92: 22 | N92: 8 | O92: 6 | P92: 12 | Q92: 8 | R92: 7 | S92: 2 | T92: 10 | U92: 7
C93: 2.b. | D93: Number of Level 2 findings (distribution) | E93: N/A | F93: 1
D94: Number of Level 2 findings (distribution) | E94: N/A | F94: 2 | G94: 606 | H94: 696 | I94: 756 | J94: 594 | K94: 557 | L94: 619 | M94: 236 | N94: 101 | O94: 20 | P94: 168 | Q94: 652 | R94: 2299 | S94: 6339 | T94: 2847 | U94: 1404
D95: Number of Level 2 findings (distribution) | E95: N/A | F95: 3 | G95: 670 | H95: 520 | I95: 443 | J95: 575 | K95: 1699 | L95: 4727 | M95: 2793 | N95: 937 | O95: 230 | P95: 182 | Q95: 271 | R95: 381 | S95: 266 | T95: 158 | U95: 52
D96: Number of Level 2 findings (distribution) | E96: N/A | F96: Non- HFTD | G96: 3728 | H96: 3255 | I96: 2899 | J96: 1926 | K96: 1870 | L96: 706 | M96: 680 | N96: 458 | O96: 223 | P96: 325 | Q96: 846 | R96: 1261 | S96: 1028 | T96: 506 | U96: 473
C97: 2.c. | D97: Number of Level 3 findings (distribution) | E97: N/A | F97: 1
D98: Number of Level 3 findings (distribution) | E98: N/A | F98: 2 | G98: na | H98: na | I98: na | J98: na | K98: na | L98: na | M98: na | N98: na | O98: na | P98: na | Q98: na | R98: na | S98: na | T98: na | U98: N/A
D99: Number of Level 3 findings (distribution) | E99: N/A | F99: 3 | G99: na | H99: na | I99: na | J99: na | K99: na | L99: na | M99: na | N99: na | O99: na | P99: na | Q99: na | R99: na | S99: na | T99: na | U99: N/A
D100: Number of Level 3 findings (distribution) | E100: N/A | F100: Non- HFTD | G100: na | H100: na | I100: na | J100: na | K100: na | L100: na | M100: na | N100: na | O100: na | P100: na | Q100: na | R100: na | S100: na | T100: na | U100: N/A
C101: 2.d. | D101: Number of distribution circuit miles inspected | E101: N/A | F101: 1
...

Sheet Table 3
B2: Utility | D2: SDG&E
B3: Table No. | D3: 3
B4: Date Modified | D4: 44774
Q5: Note: These columns are placeholders for future QR submissions.
B6: Table 3: List and description of additional metrics | M6: 1 | N6: 2 | O6: 3 | P6: 4 | Q6: 1 | R6: 2 | S6: 3 | T6: 4 | U6: 1 | V6: 2 | W6: 3 | X6: 4
B7: Metric | C7: # | D7: Definition | E7: Purpose | F7: Assumptions made to connect metric to purpose | G7: Third-party validation (if any) | H7: 2015 | I7: 2016 | J7: 2017 | K7: 2018 | L7: 2019 | M7: 2020 | N7: 2020 | O7: 2020 | P7: 2020 | Q7: 2021 | R7: 2021 | S7: 2021 | T7: 2021 | U7: 2022 | V7: 2022 | W7: 2022 | X7: 2022 | Y7: Unit(s) | Z7: Comments
B8: 1. Elevated FPI and Red Flag Warning Days | C8: 1.a. | D8: Number of elevated or extreme FPI | F8: Elevated or extreme FPI is associated with greater wildfire risk | G8: No | H8: 108 | I8: 138 | J8: 169 | K8: 182 | L8: 137 | M8: 0 | N8: 13 | O8: 92 | P8: 59 | Q8: 7 | R8: 27 | S8: 91 | T8: 44 | U8: 1 | V8: 30 | Y8: Days
C9: 1.b. | D9: Number of RFW days | F9: RFW is associated with greater wildfire risk. | G9: No | H9: 4 | I9: 19 | J9: 22 | K9: 12 | L9: 10 | M9: 0 | N9: 0 | O9: 6 | P9: 13 | Q9: 5 | R9: 0 | S9: 0 | T9: 4 | U9: 0 | V9: 0 | Y9: Days | Z9: Time is not considered when calculating the number of RFW days.
B10: 2. Ignition Events | C10: 2.a. | D10: Vegetation caused ignitons in HFTD with elevated or higher FPI | G10: No | H10: 3 | I10: 1 | J10: 2 | K10: 0 | L10: 0 | M10: 0 | N10: 0 | O10: 1 | P10: 0 | Q10: 0 | R10: 0 | S10: 0 | T10: 0 | U10: 0 | V10: 0 | Y10: Incidents
C11: 2.b. | D11: Vegetation caused ignitons in HFTD with RFW | G11: No | H11: 0 | I11: 0 | J11: 1 | K11: 0 | L11: 0 | M11: 0 | N11: 0 | O11: 1 | P11: 0 | Q11: 0 | R11: 0 | S11: 0 | T11: 0 | U11: 0 | V11: 0 | Y11: Incidents
C12: 2.c. | D12: Equipment caused ignitions in HFTD with elevated or higher FPI | G12: No | H12: 2 | I12: 6 | J12: 4 | K12: 2 | L12: 4 | M12: 0 | N12: 0 | O12: 9 | P12: 3 | Q12: 0 | R12: 2 | S12: 2 | T12: 1 | U12: 0 | V12: 0 | Y12: Incidents
C13: 2.d. | D13: Equipment caused ignitions in HFTD with RFW | G13: No | H13: 0 | I13: 0 | J13: 2 | K13: 1 | L13: 2 | M13: 0 | N13: 0 | O13: 1 | P13: 1 | Q13: 0 | R13: 0 | S13: 0 | T13: 0 | U13: 0 | V13: 0 | Y13: Incidents
C14: 2.e. | D14: Balloons caused ignitions in HFTD with elevated or higher FPI | G14: No | H14: 1 | I14: 0 | J14: 3 | K14: 3 | L14: 0 | M14: 0 | N14: 0 | O14: 0 | P14: 0 | Q14: 0 | R14: 1 | S14: 0 | T14: 1 | U14: 0 | V14: 0 | Y14: Incidents
C15: 2.f. | D15: Balloons caused ignitions in HFTD with RFW | G15: No | H15: 0 | I15: 0 | J15: 0 | K15: 0 | L15: 0 | M15: 0 | N15: 0 | O15: 0 | P15: 0 | Q15: 0 | R15: 0 | S15: 0 | T15: 0 | U15: 0 | V15: 0 | Y15: Incidents
C16: 2.g. | D16: Vehicles caused ignitions in HFTD with elevated or higher FPI | G16: No | H16: 0 | I16: 0 | J16: 1 | K16: 2 | L16: 0 | M16: 0 | N16: 0 | O16: 2 | P16: 0 | Q16: 0 | R16: 0 | S16: 0 | T16: 0 | U16: 0 | V16: 0 | Y16: Incidents
C17: 2.h. | D17: Vehicles caused ignitions in HFTD with RFW | G17: No | H17: 0 | I17: 0 | J17: 0 | K17: 0 | L17: 0 | M17: 0 | N17: 0 | O17: 0 | P17: 0 | Q17: 0 | R17: 0 | S17: 0 | T17: 0 | U17: 0 | V17: 0 | Y17: Incidents
B18: 3. Distribution Outages | C18: 3.a. | D18: Vegetation caused outages in HFTD with Elevated FPI | G18: No | H18: 3 | I18: 5 | J18: 8 | K18: 5 | L18: 2 | M18: 0 | N18: 0 | O18: 1 | P18: 2 | Q18: 0 | R18: 1 | S18: 3 | T18: 0 | U18: 1 | V18: 1 | Y18: Outages
C19: 3.b. | D19: Vegetation caused outages in HFTD with RFW | G19: No | H19: 0 | I19: 0 | J19: 2 | K19: 4 | L19: 0 | M19: 0 | N19: 0 | O19: 1 | P19: 0 | Q19: 0 | R19: 0 | S19: 0 | T19: 0 | U19: 0 | V19: 0 | Y19: Outages
C20: 3.c. | D20: Overhead faults on circuits in HFTD with Elevated or higher FPI | G20: No | H20: 102 | I20: 87 | J20: 116 | K20: 107 | L20: 119 | M20: 0 | N20: 7 | O20: 94 | P20: 49 | Q20: 22 | R20: 15 | S20: 85 | T20: 32 | U20: 1 | V20: 9 | Y20: Outages | Z20: SDG&E has developed a more precise methodology for identifying the HFTD location of outages by utilizing the pole/asset location instead of the overall circuit location in 2021 Q4. 2022 Q2, the method for OH Fault is refined and output in 2015-2020 is updated.
C21: 3.d. | D21: Overhead faults on circuits in HFTD with RFW | G21: No | H21: 1 | I21: 2 | J21: 18 | K21: 21 | L21: 11 | M21: 0 | N21: 0 | O21: 24 | P21: 16 | Q21: 0 | R21: 0 | S21: 0 | T21: 5 | U21: 0 | V21: 0 | Y21: Outages
C22: 3.e. | D22: Energized wire down events in HFTD with Elevated or higher FPI | G22: No | H22: 5 | I22: 8 | J22: 12 | K22: 7 | L22: 9 | M22: 0 | N22: 0 | O22: 8 | P22: 3 | Q22: 0 | R22: 4 | S22: 4 | T22: 1 | U22: 1 | V22: 0 | Y22: Outages | Z22: Wire down query is refined and correction is made for historical years in 2022 Q1.
C23: 3.f. | D23: Energized wire down events in HFTD with RFW | G23: No | H23: 0 | I23: 0 | J23: 0 | K23: 1 | L23: 1 | M23: 0 | N23: 0 | O23: 2 | P23: 2 | Q23: 0 | R23: 0 | S23: 0 | T23: 0 | U23: 0 | V23: 0 | Y23: Outages
C24: 3.g. | D24: Number of non-CALFIRE rated fuse operations in HFTD with Elevated or higher FPI | G24: No | H24: 64 | I24: 61 | J24: 69 | K24: =80-13 -> 67 | L24: =64-12 -> 52 | M24: 0 | N24: =5-1 -> 4 | O24: =49-22 -> 27 | P24: =31-8 -> 23 | Q24: =9-5 -> 4 | R24: =7-4 -> 3 | S24: =65-51 -> 14 | T24: =21-15 -> 6 | U24: 0 | V24: 3 | Y24: Outages
C25: 3.h. | D25: Number of non-CALFIRE rated fuse operations in HFTD with RFW | G25: No | H25: 0 | I25: 3 | J25: 9 | K25: 10 | L25: 2 | M25: 0 | N25: 0 | O25: 1 | P25: 7 | Q25: 0 | R25: 0 | S25: 0 | T25: 0 | U25: 0 | V25: 0 | Y25: Outages

Sheet Table 4
B2: Utility | C2: =IF('Quarterly Submission Guide'!$D$20 = "", "",'Quarterly Submission Guide'!$D$20) -> SDG&E
B3: Table No. | C3: 4
B4: Date Modified | C4: 44774
N5: Note: These columns are placeholders for future QR submissions.
B6: Table 4: Fatalities due to utility wildfire mitigation initiatives | J6: 1 | K6: 2 | L6: 3 | M6: 4 | N6: 1 | O6: 2 | P6: 3 | Q6: 4 | R6: 1 | S6: 2 | T6: 3 | U6: 4
B7: Metric type | C7: # | D7: Outcome metric name | E7: 2015 | F7: 2016 | G7: 2017 | H7: 2018 | I7: 2019 | J7: 2020 | K7: 2020 | L7: 2020 | M7: 2020 | N7: 2021 | O7: 2021 | P7: 2021 | Q7: 2021 | R7: 2022 | S7: 2022 | T7: 2022 | U7: 2022 | V7: Unit(s) | W7: Comments
B8: 1. Fatalities - Full-time Employee | C8: 1.a. | D8: Fatalities due to utility inspection - Full-time employee | E8: 0 | F8: 0 | G8: 0 | H8: 0 | I8: 0 | J8: 0 | K8: 0 | L8: 0 | M8: 0 | N8: 0 | O8: 0 | P8: 0 | Q8: 0 | R8: 0 | S8: 0 | V8: # fatalities
C9: 1.b. | D9: Fatalities due to vegetation management - Full-time employee | E9: 0 | F9: 0 | G9: 0 | H9: 0 | I9: 0 | J9: 0 | K9: 0 | L9: 0 | M9: 0 | N9: 0 | O9: 0 | P9: 0 | Q9: 0 | R9: 0 | S9: 0 | V9: # fatalities
C10: 1.c. | D10: Fatalities due to utility fuel management - Full-time employee | E10: 0 | F10: 0 | G10: 0 | H10: 0 | I10: 0 | J10: 0 | K10: 0 | L10: 0 | M10: 0 | N10: 0 | O10: 0 | P10: 0 | Q10: 0 | R10: 0 | S10: 0 | V10: # fatalities
C11: 1.d. | D11: Fatalities due to grid hardening - Full-time employee | E11: 0 | F11: 0 | G11: 0 | H11: 0 | I11: 0 | J11: 0 | K11: 0 | L11: 0 | M11: 0 | N11: 0 | O11: 0 | P11: 0 | Q11: 0 | R11: 0 | S11: 0 | V11: # fatalities
C12: 1.e. | D12: Fatalities due to other - Full-time employee | E12: 0 | F12: 0 | G12: 0 | H12: 0 | I12: 0 | J12: 0 | K12: 0 | L12: 0 | M12: 0 | N12: 0 | O12: 0 | P12: 0 | Q12: 0 | R12: 0 | S12: 0 | V12: # fatalities
B13: 2. Fatalities - Contractor | C13: 2.a. | D13: Fatalities due to utility inspection - Contractor | E13: 0 | F13: 0 | G13: 0 | H13: 0 | I13: 0 | J13: 0 | K13: 0 | L13: 0 | M13: 0 | N13: 0 | O13: 0 | P13: 0 | Q13: 0 | R13: 0 | S13: 0 | V13: # fatalities
C14: 2.b. | D14: Fatalities due to vegetation management - Contractor | E14: 1 | F14: 0 | G14: 0 | H14: 0 | I14: 0 | J14: 0 | K14: 0 | L14: 0 | M14: 0 | N14: 0 | O14: 0 | P14: 0 | Q14: 0 | R14: 0 | S14: 0 | V14: # fatalities
C15: 2.c. | D15: Fatalities due to utility fuel management - Contractor | E15: 0 | F15: 0 | G15: 0 | H15: 0 | I15: 0 | J15: 0 | K15: 0 | L15: 0 | M15: 0 | N15: 0 | O15: 0 | P15: 0 | Q15: 0 | R15: 0 | S15: 0 | V15: # fatalities
C16: 2.d. | D16: Fatalities due to grid hardening - Contractor | E16: 0 | F16: 0 | G16: 0 | H16: 0 | I16: 0 | J16: 0 | K16: 0 | L16: 0 | M16: 0 | N16: 0 | O16: 0 | P16: 0 | Q16: 0 | R16: 0 | S16: 0 | V16: # fatalities
C17: 2.e. | D17: Fatalities due to other - Contractor | E17: 0 | F17: 0 | G17: 0 | H17: 0 | I17: 0 | J17: 0 | K17: 0 | L17: 0 | M17: 0 | N17: 0 | O17: 0 | P17: 0 | Q17: 0 | R17: 0 | S17: 0 | V17: # fatalities
B18: 3. Fatalities - Member of public | C18: 3.a. | D18: Fatalities due to utility inspection - Public | E18: 0 | F18: 0 | G18: 0 | H18: 0 | I18: 0 | J18: 0 | K18: 0 | L18: 0 | M18: 0 | N18: 0 | O18: 0 | P18: 0 | Q18: 0 | R18: 0 | S18: 0 | V18: # fatalities
C19: 3.b. | D19: Fatalities due to vegetation management - Public | E19: 0 | F19: 0 | G19: 0 | H19: 0 | I19: 0 | J19: 0 | K19: 0 | L19: 0 | M19: 0 | N19: 0 | O19: 0 | P19: 0 | Q19: 0 | R19: 0 | S19: 0 | V19: # fatalities
C20: 3.c. | D20: Fatalities due to utility fuel management - Public | E20: 0 | F20: 0 | G20: 0 | H20: 0 | I20: 0 | J20: 0 | K20: 0 | L20: 0 | M20: 0 | N20: 0 | O20: 0 | P20: 0 | Q20: 0 | R20: 0 | S20: 0 | V20: # fatalities
C21: 3.d. | D21: Fatalities due to grid hardening - Public | E21: 0 | F21: 0 | G21: 0 | H21: 0 | I21: 0 | J21: 0 | K21: 0 | L21: 0 | M21: 0 | N21: 0 | O21: 0 | P21: 0 | Q21: 0 | R21: 0 | S21: 0 | V21: # fatalities
C22: 3.e. | D22: Fatalities due to other - Public | E22: 0 | F22: 0 | G22: 0 | H22: 0 | I22: 0 | J22: 0 | K22: 0 | L22: 0 | M22: 0 | N22: 0 | O22: 0 | P22: 0 | Q22: 0 | R22: 0 | S22: 0 | V22: # fatalities

Sheet Table 5
B2: Utility | C2: =IF('Quarterly Submission Guide'!$D$20 = "", "",'Quarterly Submission Guide'!$D$20) -> SDG&E
B3: Table No. | C3: 5
B4: Date Modified | C4: 44774
N5: Note: These columns are placeholders for future QR submissions.
B6: Table 5: OSHA-reportable injuries due to utility wildfire mitigation initiatives | J6: 1 | K6: 2 | L6: 3 | M6: 4 | N6: 1 | O6: 2 | P6: 3 | Q6: 4 | R6: 1 | S6: 2 | T6: 3 | U6: 4
B7: Metric type | C7: # | D7: Outcome metric name | E7: 2015 | F7: 2016 | G7: 2017 | H7: 2018 | I7: 2019 | J7: 2020 | K7: 2020 | L7: 2020 | M7: 2020 | N7: 2021 | O7: 2021 | P7: 2021 | Q7: 2021 | R7: 2022 | S7: 2022 | T7: 2022 | U7: 2022 | V7: Unit(s) | W7: Comments
B8: 1. OSHA injuries - Full-time Employee | C8: 1.a. | D8: OSHA injuries due to utility inspection - Full-time employee | E8: 0 | F8: 0 | G8: 0 | H8: 0 | I8: 0 | J8: 0 | K8: 0 | L8: 0 | M8: 0 | N8: 0 | O8: 0 | P8: 0 | Q8: 0 | R8: 0 | S8: 0 | V8: # OSHA-reportable injuries
C9: 1.b. | D9: OSHA injuries due to vegetation management - Full-time employee | E9: 0 | F9: 0 | G9: 0 | H9: 0 | I9: 0 | J9: 0 | K9: 0 | L9: 0 | M9: 0 | N9: 0 | O9: 0 | P9: 0 | Q9: 0 | R9: 0 | S9: 0 | V9: # OSHA-reportable injuries
C10: 1.c. | D10: OSHA injuries due to utility fuel management - Full-time employee | E10: 0 | F10: 0 | G10: 0 | H10: 0 | I10: 0 | J10: 0 | K10: 0 | L10: 0 | M10: 0 | N10: 0 | O10: 0 | P10: 0 | Q10: 0 | R10: 0 | S10: 0 | V10: # OSHA-reportable injuries
C11: 1.d. | D11: OSHA injuries due to grid hardening - Full-time employee | E11: 0 | F11: 0 | G11: 0 | H11: 0 | I11: 0 | J11: 0 | K11: 0 | L11: 0 | M11: 0 | N11: 0 | O11: 0 | P11: 0 | Q11: 0 | R11: 1 | S11: 0 | V11: # OSHA-reportable injuries
C12: 1.e. | D12: OSHA injuries due to other - Full-time employee | E12: 0 | F12: 0 | G12: 0 | H12: 0 | I12: 0 | J12: 0 | K12: 0 | L12: 0 | M12: 0 | N12: 0 | O12: 0 | P12: 0 | Q12: 0 | R12: 0 | S12: 0 | V12: # OSHA-reportable injuries
B13: 2. OSHA injuries - Contractor | C13: 2.a. | D13: OSHA injuries due to utility inspection - Contractor | E13: 0 | F13: 0 | G13: 0 | H13: 0 | I13: 0 | J13: 0 | K13: 0 | L13: 0 | M13: 0 | N13: 0 | O13: 0 | P13: 0 | Q13: 0 | R13: 0 | S13: 0 | V13: # OSHA-reportable injuries
C14: 2.b. | D14: OSHA injuries due to vegetation management - Contractor | E14: 0 | F14: 1 | G14: 0 | H14: 0 | I14: 0 | J14: 0 | K14: 0 | L14: 0 | M14: 0 | N14: 0 | O14: 0 | P14: 0 | Q14: 0 | R14: 0 | S14: 0 | V14: # OSHA-reportable injuries
C15: 2.c. | D15: OSHA injuries due to utility fuel management - Contractor | E15: 0 | F15: 0 | G15: 0 | H15: 0 | I15: 0 | J15: 0 | K15: 0 | L15: 0 | M15: 0 | N15: 0 | O15: 0 | P15: 0 | Q15: 0 | R15: 0 | S15: 0 | V15: # OSHA-reportable injuries
C16: 2.d. | D16: OSHA injuries due to grid hardening - Contractor | E16: 0 | F16: 0 | G16: 0 | H16: 0 | I16: 0 | J16: 0 | K16: 0 | L16: 0 | M16: 0 | N16: 0 | O16: 0 | P16: 0 | Q16: 0 | R16: 0 | S16: 0 | V16: # OSHA-reportable injuries
C17: 2.e. | D17: OSHA injuries due to other - Contractor | E17: 0 | F17: 0 | G17: 0 | H17: 0 | I17: 0 | J17: 0 | K17: 0 | L17: 0 | M17: 0 | N17: 0 | O17: 0 | P17: 0 | Q17: 0 | R17: 0 | S17: 0 | V17: # OSHA-reportable injuries
B18: 3. OSHA injuries - Member of public | C18: 3.a. | D18: OSHA injuries due to utility inspection - Public | E18: 0 | F18: 0 | G18: 0 | H18: 0 | I18: 0 | J18: 0 | K18: 0 | L18: 0 | M18: 0 | N18: 0 | O18: 0 | P18: 0 | Q18: 0 | R18: 0 | S18: 0 | V18: # OSHA-reportable injuries
C19: 3.b. | D19: OSHA injuries due to vegetation management - Public | E19: 0 | F19: 0 | G19: 0 | H19: 0 | I19: 0 | J19: 0 | K19: 0 | L19: 0 | M19: 0 | N19: 0 | O19: 0 | P19: 0 | Q19: 0 | R19: 0 | S19: 0 | V19: # OSHA-reportable injuries
C20: 3.c. | D20: OSHA injuries due to utility fuel management - Public | E20: 0 | F20: 0 | G20: 0 | H20: 0 | I20: 0 | J20: 0 | K20: 0 | L20: 0 | M20: 0 | N20: 0 | O20: 0 | P20: 0 | Q20: 0 | R20: 0 | S20: 0 | V20: # OSHA-reportable injuries
C21: 3.d. | D21: OSHA injuries due to grid hardening - Public | E21: 0 | F21: 0 | G21: 0 | H21: 0 | I21: 0 | J21: 0 | K21: 0 | L21: 0 | M21: 0 | N21: 0 | O21: 0 | P21: 0 | Q21: 0 | R21: 0 | S21: 0 | V21: # OSHA-reportable injuries
C22: 3.e. | D22: OSHA injuries due to other - Public | E22: 0 | F22: 0 | G22: 0 | H22: 0 | I22: 0 | J22: 0 | K22: 0 | L22: 0 | M22: 0 | N22: 0 | O22: 0 | P22: 0 | Q22: 0 | R22: 0 | S22: 0 | V22: # OSHA-reportable injuries

Sheet Table 6
B2: Utility | C2: =IF('Quarterly Submission Guide'!$D$20 = "", "",'Quarterly Submission Guide'!$D$20) -> SDG&E
B3: Table No. | C3: 6
B4: Date Modified | C4: 44774
N5: Note: These columns are placeholders for future QR submissions.
B6: Table 6: Weather patterns | J6: 1 | K6: 2 | L6: 3 | M6: 4 | N6: 1 | O6: 2 | P6: 3 | Q6: 4 | R6: 1 | S6: 2 | T6: 3 | U6: 4
B7: Metric type | C7: # | D7: Outcome metric name | E7: 2015 | F7: 2016 | G7: 2017 | H7: 2018 | I7: 2019 | J7: 2020 | K7: 2020 | L7: 2020 | M7: 2020 | N7: 2021 | O7: 2021 | P7: 2021 | Q7: 2021 | R7: 2022 | S7: 2022 | T7: 2022 | U7: 2022 | V7: Unit(s) | W7: Comments
B8: 1. Red Flag Warning Overhead circuit mile Days | C8: 1.a. | D8: Red Flag Warning Overhead circuit mile days - entire utility territory | E8: 16938.551 | F8: 53147.861 | G8: 190407.17 | H8: 125739.06 | I8: 53502.252 | J8: 0 | K8: 0 | L8: 34879.055 | M8: 62127.922 | N8: 3185.6182 | O8: 0 | P8: 0 | Q8: 19756.136 | R8: 0 | S8: 0 | V8: Sum of overhead circuit miles of utility grid subject to Red Flag Warning each day within a given time period, calculated as the number of overhead circuit miles that were under an RFW multiplied by the number of days those circuit miles were under said RFW. For example, if 100 overhead circuit miles were under an RFW for 1 day, and 10 of those miles were under RFW for an additional day, then the total RFW OH circuit mile days would be 110.
C9: 1.b. | D9: Red Flag Warning Overhead circuit mile days - HFTD Zone 1 | E9: NA | F9: NA | G9: NA | H9: NA | I9: NA | J9: NA | K9: NA | L9: NA | M9: NA | N9: NA | O9: NA | P9: NA | Q9: NA | R9: 0 | S9: 0 | V9: Red Flag Warning Overhead circuit mile days, see above for definition
C10: 1.c. | D10: Red Flag Warning Overhead circuit mile days - HFTD Tier 2 | E10: 6485.1058 | F10: 20011.163 | G10: 55256.332 | H10: 38664.976 | I10: 20055.183 | J10: 0 | K10: 0 | L10: 12875.28 | M10: 23534.831 | N10: 1455.4705 | O10: 0 | P10: 0 | Q10: 7406.522 | R10: 0 | S10: 0 | V10: Red Flag Warning Overhead circuit mile days, see above for definition
C11: 1.d. | D11: Red Flag Warning Overhead circuit mile days - HFTD Tier 3 | E11: 3730.7747 | F11: 14904.535 | G11: 30735.984 | H11: 22286.47 | I11: 12370.464 | J11: 0 | K11: 0 | L11: 9106.0357 | M11: 14432.208 | N11: 0 | O11: 0 | P11: 0 | Q11: 4432.5405 | R11: 0 | S11: 0 | V11: Red Flag Warning Overhead circuit mile days, see above for definition | W11: circuit/tieline spans that cross tier 2 and tier 3 are grouped in tier 3
C12: 1.e. | D12: Red Flag Warning Overhead circuit mile days - Non-HFTD | E12: 6722.6708 | F12: 18232.163 | G12: 104414.85 | H12: 64787.609 | I12: 21076.606 | J12: 0 | K12: 0 | L12: 12897.74 | M12: 24160.883 | N12: 1730.1477 | O12: 0 | P12: 0 | Q12: 7917.0734 | R12: 0 | S12: 0 | V12: Red Flag Warning Overhead circuit mile days, see above for definition
B13: 2. Wind conditions | C13: 2.a. | D13: High wind warning overhead circuit mile days | E13: 51231.922 | F13: 13751.869 | G13: 107921.7 | H13: 53297.725 | I13: 26851.752 | J13: 8646.8868 | K13: 0 | L13: 0 | M13: 17019.784 | N13: 38371.807 | O13: 0 | P13: 0 | Q13: 6137.6083 | R13: 15074.712 | S13: 1542.0265 | V13: Sum of overhead circuit miles of utility grid subject to High Wind Warnings (HWW, as defined by the National Weather Service) each day within a given time period, calculated as the number of overhead circuit miles that were under an HWW multiplied by the number of days those miles were under said HWW. For example, if 100 overhead circuit miles were under an HWW for 1 day, and 10 of those miles were under HWW for an additional day, then the total HWW OH circuit mile days would be 110.
B14: 3. Other | C14: 3.a. | D14: Other relevant weather pattern metrics tracked (add additional rows as needed)

Sheet Table 7.1
B2: Utility | C2: =IF('Quarterly Submission Guide'!$D$20 = "", "",'Quarterly Submission Guide'!$D$20) -> SDG&E | D2: Notes:
B3: Table No. | C3: 7.1 | D3: Transmission lines refer to all lines at or above 65kV, and distribution lines refer to all lines below 65kV.
B4: Date Modified | C4: 2022 08 01 | D4: Data from 2015 - 2021 Q4 should be actual numbers. 2022 Q1 - 2024 should be projected. In future submissions update projected numbers with actuals
G5: Number of risk events | V5: Projected risk events
B6: Table 7.1: Key recent and projected drivers of risk events | L6: 1 | M6: 2 | N6: 3 | O6: 4 | P6: 1 | Q6: 2 | R6: 3 | S6: 4 | T6: 1 | U6: 2 | V6: 3 | W6: 4 | X6: 1 | Y6: 2 | Z6: 3 | AA6: 4
B7: Risk Event category | C7: Cause category | D7: # | E7: Sub-cause category | F7: Are risk events tracked for ignition driver? (yes / no) | G7: 2015 | H7: 2016 | I7: 2017 | J7: 2018 | K7: 2019 | L7: 2020 | M7: 2020 | N7: 2020 | O7: 2020 | P7: 2021 | Q7: 2021 | R7: 2021 | S7: 2021 | T7: 2022 | U7: 2022 | V7: 2022 | W7: 2022 | X7: 2023 | Y7: 2023 | Z7: 2023 | AA7: 2023 | AB7: Unit(s) | AC7: Comments
A8: x | B8: Wire down event - Distribution | C8: 1. Contact from object - Distribution | D8: 1.a. | E8: Veg. contact- Distribution | F8: Yes | G8: 10 | H8: 22 | I8: 31 | J8: 13 | K8: 12 | L8: 3 | M8: 4 | N8: 2 | O8: 4 | P8: 4 | Q8: 2 | R8: 3 | S8: 3 | T8: 3 | U8: 1 | V8: 3.886 | W8: 3.886 | X8: 3.262 | Y8: 3.262 | Z8: 3.262 | AA8: 3.262 | AB8: # risk events | AC8: Correction 2022Q1: 2018: 13-->12;2019:12-->11
D9: 1.b. | E9: Animal contact- Distribution | F9: Yes | G9: 0 | H9: 8 | I9: 2 | J9: 2 | K9: 0 | L9: 1 | M9: 1 | N9: 1 | O9: 0 | P9: 0 | Q9: 2 | R9: 0 | S9: 2 | T9: 2 | U9: 0 | V9: 0.542 | W9: 0.542 | X9: 0.472 | Y9: 0.472 | Z9: 0.472 | AA9: 0.472 | AB9: # risk events
D10: 1.c. | E10: Balloon contact- Distribution | F10: Yes | G10: 1 | H10: 5 | I10: 8 | J10: 3 | K10: 5 | L10: 1 | M10: 2 | N10: 1 | O10: 1 | P10: 0 | Q10: 3 | R10: 0 | S10: 1 | T10: 0 | U10: 1 | V10: 1.183 | W10: 1.183 | X10: 1.031 | Y10: 1.031 | Z10: 1.031 | AA10: 1.031 | AB10: # risk events
D11: 1.d. | E11: Vehicle contact- Distribution | F11: Yes | G11: 6 | H11: 13 | I11: 17 | J11: 23 | K11: 28 | L11: 11 | M11: 6 | N11: 7 | O11: 9 | P11: 6 | Q11: 5 | R11: 3 | S11: 9 | T11: 10 | U11: 4 | V11: 6.099 | W11: 6.099 | X11: 5.302 | Y11: 5.302 | Z11: 5.302 | AA11: 5.302 | AB11: # risk events
D12: 1.e. | E12: Other contact from object - Distribution | F12: Yes | G12: 8 | H12: 15 | I12: 18 | J12: 6 | K12: 13 | L12: 2 | M12: 0 | N12: 1 | O12: 0 | P12: 0 | Q12: 1 | R12: 0 | S12: 2 | T12: 1 | U12: 0 | V12: 2.072 | W12: 2.072 | X12: 1.813 | Y12: 1.813 | Z12: 1.813 | AA12: 1.813 | AB12: # risk events
C13: 2. Equipment / facility failure - Distribution | D13: 2.a. | E13: Connector damage or failure- Distribution | F13: Yes | G13: 7 | H13: 2 | I13: 0 | J13: 7 | K13: 6 | L13: 4 | M13: 2 | N13: 2 | O13: 3 | P13: 6 | Q13: 4 | R13: 3 | S13: 2 | T13: 0 | U13: 1 | V13: 1.473 | W13: 1.473 | X13: 1.103 | Y13: 1.103 | Z13: 1.103 | AA13: 1.103 | AB13: # risk events
D14: 2.b. | E14: Splice damage or failure — Distribution | F14: No | G14: 0 | H14: 0 | I14: 0 | J14: 0 | K14: 0 | L14: 0 | M14: 0 | N14: 0 | O14: 0 | P14: 0 | Q14: 0 | R14: 0 | S14: 0 | T14: 0 | U14: 0 | V14: 0 | W14: 0 | X14: 0 | Y14: 0 | Z14: 0 | AA14: 0 | AB14: # risk events
D15: 2.c. | E15: Crossarm damage or failure - Distribution | F15: Yes | G15: 0 | H15: 1 | I15: 0 | J15: 1 | K15: 3 | L15: 0 | M15: 0 | N15: 1 | O15: 0 | P15: 0 | Q15: 1 | R15: 1 | S15: 0 | T15: 2 | U15: 2 | V15: 0.227 | W15: 0.227 | X15: 0.168 | Y15: 0.168 | Z15: 0.168 | AA15: 0.168 | AB15: # risk events
D16: 2.d. | E16: Insulator damage or failure- Distribution | F16: Yes | G16: 0 | H16: 1 | I16: 0 | J16: 0 | K16: 0 | L16: 1 | M16: 0 | N16: 0 | O16: 0 | P16: 0 | Q16: 0 | R16: 0 | S16: 0 | T16: 0 | U16: 0 | V16: 0.038 | W16: 0.038 | X16: 0.029 | Y16: 0.029 | Z16: 0.029 | AA16: 0.029 | AB16: # risk events
D17: 2.e. | E17: Lightning arrestor damage or failure- Distribution | F17: Yes | G17: 0 | H17: 1 | I17: 0 | J17: 0 | K17: 1 | L17: 0 | M17: 0 | N17: 0 | O17: 0 | P17: 0 | Q17: 0 | R17: 0 | S17: 0 | T17: 0 | U17: 0 | V17: 0.038 | W17: 0.038 | X17: 0.028 | Y17: 0.028 | Z17: 0.028 | AA17: 0.028 | AB17: # risk events
D18: 2.f. | E18: Tap damage or failure - Distribution | F18: No | G18: 0 | H18: 0 | I18: 0 | J18: 0 | K18: 0 | L18: 0 | M18: 0 | N18: 0 | O18: 0 | P18: 0 | Q18: 0 | R18: 0 | S18: 0 | T18: 0 | U18: 0 | V18: 0 | W18: 0 | X18: 0 | Y18: 0 | Z18: 0 | AA18: 0 | AB18: # risk events
D19: 2.g. | E19: Tie wire damage or failure - Distribution | F19: No | G19: 0 | H19: 0 | I19: 0 | J19: 0 | K19: 0 | L19: 0 | M19: 0 | N19: 0 | O19: 0 | P19: 0 | Q19: 0 | R19: 0 | S19: 0 | T19: 0 | U19: 0 | V19: 0 | W19: 0 | X19: 0 | Y19: 0 | Z19: 0 | AA19: 0 | AB19: # risk events
D20: 2.h. | E20: Other - Distribution | F20: Yes | G20: 27 | H20: 71 | I20: 60 | J20: 37 | K20: 42 | L20: 4 | M20: 4 | N20: 3 | O20: 7 | P20: 8 | Q20: 4 | R20: 4 | S20: 22 | T20: 10 | U20: 4 | V20: 7.829 | W20: 7.829 | X20: 6.253 | Y20: 6.253 | Z20: 6.253 | AA20: 6.253 | AB20: # risk events
C21: 3. Wire-to-wire contact - Distribution | D21: 3.a. | E21: Wire-to-wire contact / contamination- Distribution | F21: Yes | G21: 0 | H21: 0 | I21: 0 | J21: 0 | K21: 0 | L21: 0 | M21: 0 | N21: 0 | O21: 0 | P21: 0 | Q21: 0 | R21: 0 | S21: 0 | T21: 0 | U21: 0 | V21: 0.049 | W21: 0.049 | X21: 0.043 | Y21: 0.043 | Z21: 0.043 | AA21: 0.043 | AB21: # risk events
C22: 4. Contamination - Distribution | D22: 4.a. | E22: Contamination - Distribution | F22: Yes | G22: 0 | H22: 0 | I22: 0 | J22: 0 | K22: 1 | L22: 0 | M22: 0 | N22: 0 | O22: 0 | P22: 0 | Q22: 0 | R22: 0 | S22: 0 | T22: 0 | U22: 0 | V22: 0.396 | W22: 0.396 | X22: 0.36 | Y22: 0.36 | Z22: 0.36 | AA22: 0.36 | AB22: # risk events
C23: 5. Utility work / Operation | D23: 5.a. | E23: Utility work / Operation | F23: Yes | G23: 1 | H23: 1 | I23: 1 | J23: 2 | K23: 2 | L23: 1 | M23: 0 | N23: 1 | O23: 2 | P23: 0 | Q23: 1 | R23: 1 | S23: 1 | T23: 0 | U23: 0 | V23: 0.25 | W23: 0.25 | X23: 0.25 | Y23: 0.25 | Z23: 0.25 | AA23: 0.25 | AB23: # risk events
C24: 6. Vandalism / Theft - Distribution | D24: 6.a. | E24: Vandalism / Theft - Distribution | F24: Yes | G24: 0 | H24: 2 | I24: 0 | J24: 2 | K24: 1 | L24: 0 | M24: 0 | N24: 0 | O24: 0 | P24: 2 | Q24: 0 | R24: 1 | S24: 1 | T24: 0 | U24: 0 | V24: 0.396 | W24: 0.396 | X24: 0.383 | Y24: 0.383 | Z24: 0.383 | AA24: 0.383 | AB24: # risk events
C25: 7. Other- Distribution | D25: 7.a. | E25: All Other- Distribution | F25: No | G25: 1 | H25: 0 | I25: 0 | J25: 1 | K25: 1 | L25: 0 | M25: 0 | N25: 2 | O25: 0 | P25: 0 | Q25: 0 | R25: 0 | S25: 0 | T25: 0 | U25: 0 | V25: 0 | W25: 0 | X25: 0 | Y25: 0 | Z25: 0 | AA25: 0 | AB25: # risk events
C26: 8. Unknown- Distribution | D26: 8.a. | E26: Unknown - Distribution | F26: Yes | G26: 0 | H26: 1 | I26: 0 | J26: 0 | K26: 0 | L26: 0 | M26: 0 | N26: 0 | O26: 0 | P26: 0 | Q26: 0 | R26: 0 | S26: 0 | T26: 0 | U26: 3 | V26: 0 | W26: 0 | X26: 0 | Y26: 0 | Z26: 0 | AA26: 0 | AB26: # risk events
A27: x | B27: Wire down event - Transmission | C27: 9. Contact from object - Transmission | D27: 9.a. | E27: Veg. contact- Transmission | F27: Yes | G27: 0 | H27: 0 | I27: 0 | J27: 0 | K27: 0 | L27: 0 | M27: 0 | N27: 0 | O27: 0 | P27: 0 | Q27: 0 | R27: 0 | S27: 0 | T27: 0 | U27: 0 | V27: 0 | W27: 0 | X27: 0 | Y27: 0 | Z27: 0 | AA27: 0 | AB27: # risk events
D28: 9.b. | E28: Animal contact- Transmission | F28: Yes | G28: 0 | H28: 0 | I28: 0 | J28: 0 | K28: 0 | L28: 0 | M28: 0 | N28: 0 | O28: 0 | P28: 0 | Q28: 0 | R28: 0 | S28: 0 | T28: 0 | U28: 0 | V28: 0 | W28: 0 | X28: 0 | Y28: 0 | Z28: 0 | AA28: 0 | AB28: # risk events
D29: 9.c. | E29: Balloon contact- Transmission | F29: Yes | G29: 0 | H29: 0 | I29: 0 | J29: 0 | K29: 0 | L29: 0 | M29: 0 | N29: 0 | O29: 0 | P29: 0 | Q29: 0 | R29: 0 | S29: 0 | T29: 0 | U29: 0 | V29: 0 | W29: 0 | X29: 0 | Y29: 0 | Z29: 0 | AA29: 0 | AB29: # risk events
D30: 9.d. | E30: Vehicle contact- Transmission | F30: Yes | G30: 0 | H30: 0 | I30: 0 | J30: 0 | K30: 0 | L30: 0 | M30: 0 | N30: 0 | O30: 0 | P30: 0 | Q30: 0 | R30: 0 | S30: 0 | T30: 0 | U30: 0 | V30: 0 | W30: 0 | X30: 0 | Y30: 0 | Z30: 0 | AA30: 0 | AB30: # risk events
D31: 9.e. | E31: Other contact from object - Transmission | F31: Yes | G31: 0 | H31: 0 | I31: 0 | J31: 0 | K31: 0 | L31: 0 | M31: 0 | N31: 0 | O31: 0 | P31: 0 | Q31: 0 | R31: 0 | S31: 0 | T31: 0 | U31: 0 | V31: 0 | W31: 0 | X31: 0 | Y31: 0 | Z31: 0 | AA31: 0 | AB31: # risk events
C32: 10. Equipment / facility failure - Transmission | D32: 10.a. | E32: Connector damage or failure- Transmission | F32: Yes | G32: 0 | H32: 0 | I32: 0 | J32: 0 | K32: 0 | L32: 0 | M32: 0 | N32: 0 | O32: 0 | P32: 0 | Q32: 0 | R32: 0 | S32: 0 | T32: 0 | U32: 0 | V32: 0 | W32: 0 | X32: 0 | Y32: 0 | Z32: 0 | AA32: 0 | AB32: # risk events
D33: 10.b. | E33: Splice damage or failure — Transmission | F33: No | G33: 0 | H33: 1 | I33: 0 | J33: 0 | K33: 0 | L33: 0 | M33: 0 | N33: 0 | O33: 0 | P33: 0 | Q33: 0 | R33: 0 | S33: 0 | T33: 0 | U33: 0 | V33: 0 | W33: 0 | X33: 0 | Y33: 0 | Z33: 0 | AA33: 0 | AB33: # risk events
D34: 10.c. | E34: Crossarm damage or failure - Transmission | F34: Yes | G34: 0 | H34: 0 | I34: 0 | J34: 0 | K34: 0 | L34: 0 | M34: 0 | N34: 0 | O34: 0 | P34: 0 | Q34: 0 | R34: 0 | S34: 0 | T34: 0 | U34: 0 | V34: 0 | W34: 0 | X34: 0 | Y34: 0 | Z34: 0 | AA34: 0 | AB34: # risk events
D35: 10.d. | E35: Insulator damage or failure- Transmission | F35: Yes | G35: 0 | H35: 0 | I35: 0 | J35: 0 | K35: 0 | L35: 0 | M35: 0 | N35: 0 | O35: 0 | P35: 0 | Q35: 0 | R35: 0 | S35: 0 | T35: 0 | U35: 0 | V35: 0 | W35: 0 | X35: 0 | Y35: 0 | Z35: 0 | AA35: 0 | AB35: # risk events
D36: 10.e. | E36: Lightning arrestor damage or failure- Transmission | F36: No | G36: 0 | H36: 0 | I36: 0 | J36: 0 | K36: 0 | L36: 0 | M36: 0 | N36: 0 | O36: 0 | P36: 0 | Q36: 0 | R36: 0 | S36: 0 | T36: 0 | U36: 0 | V36: 0 | W36: 0 | X36: 0 | Y36: 0 | Z36: 0 | AA36: 0 | AB36: # risk events
D37: 10.f. | E37: Tap damage or failure - Transmission | F37: No | G37: 0 | H37: 0 | I37: 0 | J37: 0 | K37: 0 | L37: 0 | M37: 0 | N37: 0 | O37: 0 | P37: 0 | Q37: 0 | R37: 0 | S37: 0 | T37: 0 | U37: 0 | V37: 0 | W37: 0 | X37: 0 | Y37: 0 | Z37: 0 | AA37: 0 | AB37: # risk events
D38: 10.g. | E38: Tie wire damage or failure - Transmission | F38: No | G38: 0 | H38: 0 | I38: 0 | J38: 0 | K38: 0 | L38: 0 | M38: 0 | N38: 0 | O38: 0 | P38: 0 | Q38: 0 | R38: 0 | S38: 0 | T38: 0 | U38: 0 | V38: 0 | W38: 0 | X38: 0 | Y38: 0 | Z38: 0 | AA38: 0 | AB38: # risk events
D39: 10.h. | E39: Other - Transmission | F39: Yes | G39: 0 | H39: 0 | I39: 1 | J39: 0 | K39: 0 | L39: 1 | M39: 0 | N39: 0 | O39: 0 | P39: 0 | Q39: 0 | R39: 0 | S39: 0 | T39: 0 | U39: 0 | V39: 0.096 | W39: 0.096 | X39: 0.296 | Y39: 0.296 | Z39: 0.296 | AA39: 0.296 | AB39: # risk events
C40: 11. Wire-to-wire contact - Transmission | D40: 11.a. | E40: Wire-to-wire contact / contamination- Transmission | F40: Yes | G40: 0 | H40: 0 | I40: 0 | J40: 0 | K40: 0 | L40: 0 | M40: 0 | N40: 0 | O40: 0 | P40: 0 | Q40: 0 | R40: 0 | S40: 0 | T40: 0 | U40: 0 | V40: 0 | W40: 0 | X40: 0 | Y40: 0 | Z40: 0 | AA40: 0 | AB40: # risk events
C41: 12. Contamination - Transmission | D41: 12.a. | E41: Contamination - Transmission | F41: Yes | G41: 0 | H41: 0 | I41: 0 | J41: 0 | K41: 0 | L41: 0 | M41: 0 | N41: 0 | O41: 0 | P41: 0 | Q41: 0 | R41: 0 | S41: 0 | T41: 0 | U41: 0 | V41: 0 | W41: 0 | X41: 0 | Y41: 0 | Z41: 0 | AA41: 0 | AB41: # risk events
C42: 13. Utility work / Operation | D42: 13.a. | E42: Utility work / Operation | F42: Yes | G42: 0 | H42: 0 | I42: 0 | J42: 0 | K42: 0 | L42: 0 | M42: 0 | N42: 0 | O42: 0 | P42: 0 | Q42: 0 | R42: 0 | S42: 0 | T42: 0 | U42: 0 | V42: 0 | W42: 0 | X42: 0 | Y42: 0 | Z42: 0 | AA42: 0 | AB42: # risk events
C43: 14. Vandalism / Theft - Transmission | D43: 14.a. | E43: Vandalism / Theft - Transmission | F43: Yes | G43: 0 | H43: 0 | I43: 0 | J43: 0 | K43: 0 | L43: 0 | M43: 0 | N43: 0 | O43: 0 | P43: 0 | Q43: 0 | R43: 0 | S43: 0 | T43: 0 | U43: 0 | V43: 0 | W43: 0 | X43: 0 | Y43: 0 | Z43: 0 | AA43: 0 | AB43: # risk events
C44: 15. Other- Transmission | D44: 15.a. | E44: All Other- Transmission | F44: Yes | G44: 0 | H44: 0 | I44: 0 | J44: 0 | K44: 0 | L44: 0 | M44: 0 | N44: 0 | O44: 0 | P44: 0 | Q44: 0 | R44: 0 | S44: 0 | T44: 0 | U44: 0 | V44: 0 | W44: 0 | X44: 0 | Y44: 0 | Z44: 0 | AA44: 0 | AB44: # risk events
C45: 16. Unknown- Transmission | D45: 16.a. | E45: Unknown - Transmission | F45: Yes | G45: 0 | H45: 0 | I45: 0 | J45: 0 | K45: 0 | L45: 0 | M45: 0 | N45: 0 | O45: 0 | P45: 0 | Q45: 0 | R45: 0 | S45: 0 | T45: 0 | U45: 0 | V45: 0 | W45: 0 | X45: 0 | Y45: 0 | Z45: 0 | AA45: 0 | AB45: # risk events
A46: x | B46: Outage - Distribution | C46: 17. Contact from object - Distribution | D46: 17.a. | E46: Veg. contact- Distribution | F46: Yes | G46: 27 | H46: 61 | I46: 70 | J46: 34 | K46: 27 | L46: 11 | M46: 7 | N46: 5 | O46: 8 | P46: 17 | Q46: 4 | R46: 8 | S46: 12 | T46: 7 | U46: 3 | V46: 9.738 | W46: 9.738 | X46: 8.175 | Y46: 8.175 | Z46: 8.175 | AA46: 8.175 | AB46: # risk events
D47: 17.b. | E47: Animal contact- Distribution | F47: Yes | G47: 70 | H47: 79 | I47: 77 | J47: 74 | K47: 89 | L47: 16 | M47: 31 | N47: 32 | O47: 16 | P47: 12 | Q47: 33 | R47: 24 | S47: 17 | T47: 30 | U47: 22 | V47: 20.74 | W47: 20.74 | X47: 18.049 | Y47: 18.049 | Z47: 18.049 | AA47: 18.049 | AB47: # risk events
D48: 17.c. | E48: Balloon contact- Distribution | F48: Yes | G48: 70 | H48: 84 | I48: 120 | J48: 112 | K48: 93 | L48: 19 | M48: 40 | N48: 27 | O48: 25 | P48: 31 | Q48: 53 | R48: 33 | S48: 18 | T48: 28 | U48: 32 | V48: 28.156 | W48: 28.156 | X48: 24.531 | Y48: 24.531 | Z48: 24.531 | AA48: 24.531 | AB48: # risk events
D49: 17.d. | E49: Vehicle contact- Distribution | F49: Yes | G49: 93 | H49: 96 | I49: 93 | J49: 99 | K49: 100 | L49: 30 | M49: 25 | N49: 25 | O49: 27 | P49: 28 | Q49: 37 | R49: 25 | S49: 30 | T49: 32 | U49: 18 | V49: 25.735 | W49: 25.735 | X49: 22.373 | Y49: 22.373 | Z49: 22.373 | AA49: 22.373 | AB49: # risk events
D50: 17.e. | E50: Other contact from object - Distribution | F50: Yes | G50: 34 | H50: 58 | I50: 40 | J50: 39 | K50: 59 | L50: 9 | M50: 1 | N50: 6 | O50: 5 | P50: 3 | Q50: 5 | R50: 10 | S50: 9 | T50: 3 | U50: 2 | V50: 9.176 | W50: 9.176 | X50: 8.031 | Y50: 8.031 | Z50: 8.031 | AA50: 8.031 | AB50: # risk events
C51: 18. Equipment / facility failure - Distribution | D51: 18.a. | E51: Capacitor bank damage or failure- Distribution | F51: Yes | G51: 13 | H51: 5 | I51: 3 | J51: 11 | K51: 12 | L51: 4 | M51: 2 | N51: 3 | O51: 2 | P51: 7 | Q51: 3 | R51: 4 | S51: 1 | T51: 3 | U51: 5 | V51: 1.997 | W51: 1.997 | X51: 1.515 | Y51: 1.515 | Z51: 1.515 | AA51: 1.515 | AB51: # risk events
D52: 18.b. | E52: Conductor damage or failure — Distribution | F52: Yes | G52: 35 | H52: 87 | I52: 71 | J52: 44 | K52: 52 | L52: 7 | M52: 6 | N52: 6 | O52: 13 | P52: 30 | Q52: 8 | R52: 4 | S52: 23 | T52: 13 | U52: 12 | V52: 10.005 | W52: 10.005 | X52: 7.45 | Y52: 7.45 | Z52: 7.45 | AA52: 7.45 | AB52: # risk events
D53: 18.c. | E53: Fuse damage or failure - Distribution | F53: Yes | G53: 66 | H53: 109 | I53: 57 | J53: 55 | K53: 66 | L53: 10 | M53: 22 | N53: 30 | O53: 20 | P53: 11 | Q53: 7 | R53: 19 | S53: 24 | T53: 16 | U53: 10 | V53: 12.192 | W53: 12.192 | X53: 9.107 | Y53: 9.107 | Z53: 9.107 | AA53: 9.107 | AB53: # risk events
D54: 18.d. | E54: Lightning arrestor damage or failure- Distribution | F54: Yes | G54: 22 | H54: 28 | I54: 26 | J54: 20 | K54: 28 | L54: 2 | M54: 4 | N54: 6 | O54: 11 | P54: 11 | Q54: 5 | R54: 10 | S54: 12 | T54: 2 | U54: 3 | V54: 5.122 | W54: 5.122 | X54: 3.821 | Y54: 3.821 | Z54: 3.821 | AA54: 3.821 | AB54: # risk events
D55: 18.e. | E55: Switch damage or failure- Distribution | F55: Yes | G55: 8 | H55: 15 | I55: 10 | J55: 19 | K55: 15 | L55: 5 | M55: 4 | N55: 3 | O55: 5 | P55: 5 | Q55: 2 | R55: 1 | S55: 4 | T55: 1 | U55: 3 | V55: 2.746 | W55: 2.746 | X55: 2.023 | Y55: 2.023 | Z55: 2.023 | AA55: 2.023 | AB55: # risk events
D56: 18.f. | E56: Pole damage or failure - Distribution | F56: Yes | G56: 20 | H56: 32 | I56: 62 | J56: 23 | K56: 68 | L56: 9 | M56: 9 | N56: 5 | O56: 8 | P56: 17 | Q56: 7 | R56: 12 | S56: 13 | T56: 13 | U56: 14 | V56: 8.817 | W56: 8.817 | X56: 6.551 | Y56: 6.551 | Z56: 6.551 | AA56: 6.551 | AB56: # risk events
D57: 18.g. | E57: Insulator and brushing damage or failure - Distribution | F57: Yes | G57: 2 | H57: 7 | I57: 7 | J57: 9 | K57: 10 | L57: 2 | M57: 2 | N57: 0 | O57: 0 | P57: 1 | Q57: 4 | R57: 5 | S57: 1 | T57: 0 | U57: 1 | V57: 1.568 | W57: 1.568 | X57: 1.182 | Y57: 1.182 | Z57: 1.182 | AA57: 1.182 | AB57: # risk events
D58: 18.h. | E58: Crossarm damage or failure - Distribution | F58: Yes | G58: 4 | H58: 14 | I58: 20 | J58: 30 | K58: 34 | L58: 10 | M58: 3 | N58: 5 | O58: 11 | P58: 9 | Q58: 12 | R58: 9 | S58: 15 | T58: 19 | U58: 10 | V58: 5.971 | W58: 5.971 | X58: 4.428 | Y58: 4.428 | Z58: 4.428 | AA58: 4.428 | AB58: # risk events
D59: 18.i. | E59: Voltage regulator / booster damage or failure - Distribution | F59: Yes | G59: 0 | H59: 0 | I59: 1 | J59: 1 | K59: 0 | L59: 0 | M59: 0 | N59: 0 | O59: 1 | P59: 1 | Q59: 2 | R59: 0 | S59: 0 | T59: 0 | U59: 0 | V59: 0.24 | W59: 0.24 | X59: 0.192 | Y59: 0.192 | Z59: 0.192 | AA59: 0.192 | AB59: # risk events
D60: 18.j. | E60: Recloser damage or failure - Distribution | F60: Yes | G60: 4 | H60: 0 | I60: 0 | J60: 1 | K60: 2 | L60: 0 | M60: 0 | N60: 5 | O60: 0 | P60: 0 | Q60: 0 | R60: 1 | S60: 0 | T60: 0 | U60: 0 | V60: 0.329 | W60: 0.329 | X60: 0.233 | Y60: 0.233 | Z60: 0.233 | AA60: 0.233 | AB60: # risk events
D61: 18.k. | E61: Anchor / guy damage or failure - Distribution | F61: Yes | G61: 2 | H61: 3 | I61: 1 | J61: 2 | K61: 1 | L61: 0 | M61: 0 | N61: 1 | O61: 0 | P61: 1 | Q61: 0 | R61: 0 | S61: 1 | T61: 0 | U61: 0 | V61: 0.29 | W61: 0.29 | X61: 0.242 | Y61: 0.242 | Z61: 0.242 | AA61: 0.242 | AB61: # risk events
D62: 18.l. | E62: Sectionalizer damage or failure - Distribution | F62: No | G62: 0 | H62: 0 | I62: 0 | J62: 0 | K62: 0 | L62: 0 | M62: 0 | N62: 0 | O62: 0 | P62: 0 | Q62: 0 | R62: 0 | S62: 0 | T62: 0 | U62: 0 | V62: 0 | W62: 0 | X62: 0 | Y62: 0 | Z62: 0 | AA62: 0 | AB62: # risk events
D63: 18.m. | E63: Connection device damage or failure - Distribution | F63: Yes | G63: 53 | H63: 55 | I63: 40 | J63: 54 | K63: 66 | L63: 23 | M63: 9 | N63: 17 | O63: 15 | P63: 24 | Q63: 17 | R63: 15 | S63: 16 | T63: 10 | U63: 13 | V63: 11.181 | W63: 11.181 | X63: 8.374 | Y63: 8.374 | Z63: 8.374 | AA63: 8.374 | AB63: # risk events
D64: 18.n. | E64: Transformer damage or failure - Distribution | F64: Yes | G64: 72 | H64: 52 | I64: 38 | J64: 63 | K64: 46 | L64: 14 | M64: 11 | N64: 23 | O64: 7 | P64: 15 | Q64: 3 | R64: 28 | S64: 27 | T64: 13 | U64: 8 | V64: 11.962 | W64: 11.962 | X64: 9.748 | Y64: 9.748 | Z64: 9.748 | AA64: 9.748 | AB64: # risk events
D65: 18.o. | E65: Other - Distribution | F65: Yes | G65: 2 | H65: 12 | I65: 13 | J65: 21 | K65: 25 | L65: 4 | M65: 0 | N65: 0 | O65: 0 | P65: 1 | Q65: 0 | R65: 44 | S65: 31 | T65: 7 | U65: 0 | V65: 6.847 | W65: 6.847 | X65: 5.95 | Y65: 5.95 | Z65: 5.95 | AA65: 5.95 | AB65: # risk events | AC65: Includes weather caused equipment failure
C66: 19. Wire-to-wire contact - Distribution | D66: 19.a. | E66: Wire-to-wire contact / contamination- Distribution | F66: Yes | G66: 3 | H66: 6 | I66: 8 | J66: 2 | K66: 4 | L66: 1 | M66: 0 | N66: 0 | O66: 1 | P66: 0 | Q66: 0 | R66: 0 | S66: 0 | T66: 3 | U66: 0 | V66: 0.789 | W66: 0.789 | X66: 0.693 | Y66: 0.693 | Z66: 0.693 | AA66: 0.693 | AB66: # risk events
C67: 20. Contamination - Distribution | D67: 20.a. | E67: Contamination - Distribution | F67: Yes | G67: 1 | H67: 0 | I67: 0 | J67: 0 | K67: 2 | L67: 0 | M67: 0 | N67: 0 | O67: 0 | P67: 2 | Q67: 0 | R67: 2 | S67: 1 | T67: 0 | U67: 0 | V67: 0.347 | W67: 0.347 | X67: 0.315 | Y67: 0.315 | Z67: 0.315 | AA67: 0.315 | AB67: # risk events
C68: 21. Utility work / Operation | D68: 21.a. | E68: Utility work / Operation | F68: Yes | G68: 6 | H68: 9 | I68: 5 | J68: 9 | K68: 9 | L68: 2 | M68: 8 | N68: 9 | O68: 11 | P68: 4 | Q68: 5 | R68: 5 | S68: 4 | T68: 3 | U68: 1 | V68: 3.55 | W68: 3.55 | X68: 3.55 | Y68: 3.55 | Z68: 3.55 | AA68: 3.55 | AB68: # risk events
C69: 22. Vandalism / Theft - Distribution | D69: 22.a. | E69: Vandalism / Theft - Distribution | F69: Yes | G69: 2 | H69: 4 | I69: 1 | J69: 3 | K69: 2 | L69: 1 | M69: 4 | N69: 1 | O69: 0 | P69: 2 | Q69: 1 | R69: 1 | S69: 2 | T69: 1 | U69: 0 | V69: 0.892 | W69: 0.892 | X69: 0.862 | Y69: 0.862 | Z69: 0.862 | AA69: 0.862 | AB69: # risk events
C70: 23. Other- Distribution | D70: 23.a. | E70: All Other- Distribution | F70: No | G70: 1 | H70: 0 | I70: 0 | J70: 1 | K70: 0 | L70: 0 | M70: 0 | N70: 2 | O70: 0 | P70: 0 | Q70: 0 | R70: 0 | S70: 0 | T70: 0 | U70: 0 | V70: 0.148 | W70: 0.148 | X70: 0 | Y70: 0 | Z70: 0 | AA70: 0 | AB70: # risk events
C71: 24. Unknown- Distribution | D71: 24.a. | E71: Unknown - Distribution | F71: Yes | G71: 325 | H71: 361 | I71: 310 | J71: 249 | K71: 264 | L71: 35 | M71: 52 | N71: 121 | O71: 58 | P71: 86 | Q71: 52 | R71: 66 | S71: 55 | T71: 43 | U71: 28 | V71: 66.404 | W71: 66.404 | X71: 66.404 | Y71: 66.404 | Z71: 66.404 | AA71: 66.404 | AB71: # risk events
A72: x | B72: Outage - Transmission | C72: 25. Contact from object - Transmission | D72: 25.a. | E72: Veg. contact- Transmission | F72: Yes | G72: 1 | H72: 1 | I72: 0 | J72: 1 | K72: 0 | L72: 0 | M72: 0 | N72: 0 | O72: 0 | P72: 0 | Q72: 0 | R72: 0 | S72: 0 | T72: 0 | U72: 0 | V72: 0.049 | W72: 0.049 | X72: 0.049 | Y72: 0.049 | Z72: 0.049 | AA72: 0.049 | AB72: # risk events
D73: 25.b. | E73: Animal contact- Transmission | F73: Yes | G73: 9 | H73: 5 | I73: 4 | J73: 2 | K73: 5 | L73: 2 | M73: 2 | N73: 0 | O73: 1 | P73: 1 | Q73: 2 | R73: 0 | S73: 0 | T73: 0 | U73: 0 | V73: 0.931 | W73: 0.931 | X73: 0.931 | Y73: 0.931 | Z73: 0.931 | AA73: 0.931 | AB73: # risk events
D74: 25.c. | E74: Balloon contact- Transmission | F74: Yes | G74: 17 | H74: 24 | I74: 22 | J74: 25 | K74: 16 | L74: 6 | M74: 8 | N74: 2 | O74: 7 | P74: 7 | Q74: 8 | R74: 2 | S74: 4 | T74: 0 | U74: 10 | V74: 5.243 | W74: 5.243 | X74: 5.243 | Y74: 5.243 | Z74: 5.243 | AA74: 5.243 | AB74: # risk events
D75: 25.d. | E75: Vehicle contact- Transmission | F75: Yes | G75: 1 | H75: 2 | I75: 0 | J75: 3 | K75: 1 | L75: 1 | M75: 0 | N75: 0 | O75: 0 | P75: 0 | Q75: 3 | R75: 0 | S75: 2 | T75: 2 | U75: 0 | V75: 0.5 | W75: 0.5 | X75: 0.5 | Y75: 0.5 | Z75: 0.5 | AA75: 0.5 | AB75: # risk events
D76: 25.e. | E76: Other contact from object - Transmission | F76: Yes | G76: 1 | H76: 0 | I76: 2 | J76: 1 | K76: 3 | L76: 0 | M76: 0 | N76: 0 | O76: 0 | P76: 0 | Q76: 0 | R76: 0 | S76: 0 | T76: 0 | U76: 1 | V76: 0.294 | W76: 0.294 | X76: 0.294 | Y76: 0.294 | Z76: 0.294 | AA76: 0.294 | AB76: # risk events
C77: 26. Equipment / facility failure - Transmission | D77: 26.a. | E77: Capacitor bank damage or failure- Transmission | F77: No | G77: 0 | H77: 0 | I77: 0 | J77: 0 | K77: 0 | L77: 0 | M77: 0 | N77: 0 | O77: 0 | P77: 0 | Q77: 0 | R77: 0 | S77: 0 | T77: 0 | U77: 0 | V77: 0 | W77: 0 | X77: 0 | Y77: 0 | Z77: 0 | AA77: 0 | AB77: # risk events | AC77: Not Applicable
D78: 26.b. | E78: Conductor damage or failure — Transmission | F78: Yes | G78: 2 | H78: 6 | I78: 6 | J78: 2 | K78: 0 | L78: 4 | M78: 0 | N78: 2 | O78: 0 | P78: 0 | Q78: 0 | R78: 1 | S78: 0 | T78: 0 | U78: 0 | V78: 0.717 | W78: 0.717 | X78: 0.717 | Y78: 0.717 | Z78: 0.717 | AA78: 0.717 | AB78: # risk events
D79: 26.c. | E79: Fuse damage or failure - Transmission | F79: No | G79: 0 | H79: 0 | I79: 0 | J79: 0 | K79: 0 | L79: 0 | M79: 0 | N79: 0 | O79: 0 | P79: 0 | Q79: 0 | R79: 0 | S79: 0 | T79: 0 | U79: 0 | V79: 0 | W79: 0 | X79: 0 | Y79: 0 | Z79: 0 | AA79: 0 | AB79: # risk events | AC79: Not Applicable
D80: 26.d. | E80: Lightning arrestor damage or failure- Transmission | F80: No | G80: 0 | H80: 0 | I80: 0 | J80: 0 | K80: 0 | L80: 0 | M80: 0 | N80: 0 | O80: 0 | P80: 0 | Q80: 0 | R80: 0 | S80: 0 | T80: 0 | U80: 0 | V80: 0 | W80: 0 | X80: 0 | Y80: 0 | Z80: 0 | AA80: 0 | AB80: # risk events | AC80: Not Applicable
D81: 26.e. | E81: Switch damage or failure- Transmission | F81: Yes | G81: 3 | H81: 0 | I81: 1 | J81: 0 | K81: 0 | L81: 0 | M81: 1 | N81: 1 | O81: 0 | P81: 0 | Q81: 1 | R81: 0 | S81: 0 | T81: 0 | U81: 0 | V81: 0.196 | W81: 0.196 | X81: 0.783 | Y81: 0.783 | Z81: 0.783 | AA81: 0.783 | AB81: # risk events
D82: 26.f. | E82: Pole damage or failure - Transmission | F82: Yes | G82: 1 | H82: 0 | I82: 0 | J82: 4 | K82: 3 | L82: 0 | M82: 0 | N82: 0 | O82: 0 | P82: 0 | Q82: 0 | R82: 0 | S82: 0 | T82: 0 | U82: 1 | V82: 0.335 | W82: 0.335 | X82: 1.338 | Y82: 1.338 | Z82: 1.338 | AA82: 1.338 | AB82: # risk events
D83: 26.g. | E83: Insulator and brushing damage or failure - Transmission | F83: Yes | G83: 29 | H83: 13 | I83: 6 | J83: 3 | K83: 8 | L83: 0 | M83: 0 | N83: 0 | O83: 0 | P83: 0 | Q83: 0 | R83: 11 | S83: 11 | T83: 2 | U83: 1 | V83: 1.911 | W83: 1.911 | X83: 1.911 | Y83: 1.911 | Z83: 1.911 | AA83: 1.911 | AB83: # risk events
D84: 26.h. | E84: Crossarm damage or failure - Transmission | F84: Yes | G84: 0 | H84: 0 | I84: 0 | J84: 0 | K84: 0 | L84: 0 | M84: 0 | N84: 0 | O84: 0 | P84: 0 | Q84: 0 | R84: 0 | S84: 0 | T84: 0 | U84: 2 | V84: 0 | W84: 0 | X84: 0 | Y84: 0 | Z84: 0 | AA84: 0 | AB84: # risk events
D85: 26.i. | E85: Voltage regulator / booster damage or failure - Transmission | F85: No | G85: 0 | H85: 0 | I85: 0 | J85: 0 | K85: 0 | L85: 0 | M85: 0 | N85: 0 | O85: 0 | P85: 0 | Q85: 0 | R85: 0 | S85: 0 | T85: 0 | U85: 0 | V85: 0 | W85: 0 | X85: 0 | Y85: 0 | Z85: 0 | AA85: 0 | AB85: # risk events | AC85: Not Applicable
D86: 26.j. | E86: Recloser damage or failure - Transmission | F86: No | G86: 0 | H86: 0 | I86: 0 | J86: 0 | K86: 0 | L86: 0 | M86: 0 | N86: 0 | O86: 0 | P86: 0 | Q86: 0 | R86: 0 | S86: 0 | T86: 0 | U86: 0 | V86: 0 | W86: 0 | X86: 0 | Y86: 0 | Z86: 0 | AA86: 0 | AB86: # risk events | AC86: Not Applicable
D87: 26.k. | E87: Anchor / guy damage or failure - Transmission | F87: Yes | G87: 0 | H87: 0 | I87: 1 | J87: 0 | K87: 0 | L87: 0 | M87: 0 | N87: 0 | O87: 0 | P87: 0 | Q87: 0 | R87: 0 | S87: 0 | T87: 0 | U87: 0 | V87: 0.048 | W87: 0.048 | X87: 0.048 | Y87: 0.048 | Z87: 0.048 | AA87: 0.048 | AB87: # risk events
D88: 26.l. | E88: Sectionalizer damage or failure - Transmission | F88: No | G88: 0 | H88: 0 | I88: 0 | J88: 0 | K88: 0 | L88: 0 | M88: 0 | N88: 0 | O88: 0 | P88: 0 | Q88: 0 | R88: 0 | S88: 0 | T88: 0 | U88: 0 | V88: 0 | W88: 0 | X88: 0 | Y88: 0 | Z88: 0 | AA88: 0 | AB88: # risk events | AC88: Not Applicable
D89: 26.m. | E89: Connection device damage or failure - Transmission | F89: Yes | G89: 0 | H89: 0 | I89: 0 | J89: 1 | K89: 1 | L89: 0 | M89: 0 | N89: 0 | O89: 0 | P89: 0 | Q89: 0 | R89: 0 | S89: 0 | T89: 0 | U89: 0 | V89: 0.096 | W89: 0.096 | X89: 0.096 | Y89: 0.096 | Z89: 0.096 | AA89: 0.096 | AB89: # risk events
D90: 26.n. | E90: Transformer damage or failure - Transmission | F90: No | G90: 0 | H90: 0 | I90: 0 | J90: 0 | K90: 0 | L90: 0 | M90: 0 | N90: 0 | O90: 0 | P90: 0 | Q90: 0 | R90: 0 | S90: 0 | T90: 0 | U90: 0 | V90: 0 | W90: 0 | X90: 0 | Y90: 0 | Z90: 0 | AA90: 0 | AB90: # risk events | AC90: Not Applicable
D91: 26.o. | E91: Other - Transmission | F91: Yes | G91: 1 | H91: 0 | I91: 0 | J91: 0 | K91: 0 | L91: 0 | M91: 2 | N91: 0 | O91: 0 | P91: 0 | Q91: 0 | R91: 0 | S91: 0 | T91: 0 | U91: 0 | V91: 0.096 | W91: 0.096 | X91: 0.096 | Y91: 0.096 | Z91: 0.096 | AA91: 0.096 | AB91: # risk events
C92: 27. Wire-to-wire contact - Transmission | D92: 27.a. | E92: Wire-to-wire contact / contamination- Transmission | F92: Yes | G92: 1 | H92: 0 | I92: 0 | J92: 0 | K92: 0 | L92: 0 | M92: 0 | N92: 0 | O92: 0 | P92: 0 | Q92: 0 | R92: 0 | S92: 0 | T92: 0 | U92: 0 | V92: 0 | W92: 0 | X92: 0 | Y92: 0 | Z92: 0 | AA92: 0 | AB92: # risk events
C93: 28. Contamination - Transmission | D93: 28.a. | E93: Contamination - Transmission | F93: Yes | G93: 3 | H93: 8 | I93: 0 | J93: 3 | K93: 1 | L93: 0 | M93: 1 | N93: 0 | O93: 0 | P93: 0 | Q93: 0 | R93: 1 | S93: 0 | T93: 0 | U93: 0 | V93: 0.293 | W93: 0.293 | X93: 0.293 | Y93: 0.293 | Z93: 0.293 | AA93: 0.293 | AB93: # risk events
C94: 29. Utility work / Operation | D94: 29.a. | E94: Utility work / Operation | F94: Yes | G94: 0 | H94: 0 | I94: 2 | J94: 0 | K94: 0 | L94: 1 | M94: 0 | N94: 0 | O94: 1 | P94: 1 | Q94: 0 | R94: 0 | S94: 0 | T94: 0 | U94: 0 | V94: 0.25 | W94: 0.25 | X94: 0.25 | Y94: 0.25 | Z94: 0.25 | AA94: 0.25 | AB94: # risk events
C95: 30. Vandalism / Theft - Transmission | D95: 30.a. | E95: Vandalism / Theft - Transmission | F95: Yes | G95: 0 | H95: 0 | I95: 0 | J95: 0 | K95: 0 | L95: 0 | M95: 0 | N95: 0 | O95: 0 | P95: 0 | Q95: 0 | R95: 0 | S95: 0 | T95: 0 | U95: 0 | V95: 0 | W95: 0 | X95: 0 | Y95: 0 | Z95: 0 | AA95: 0 | AB95: # risk events
C96: 31. Other- Transmission | D96: 31.a. | E96: All Other- Transmission | F96: Yes | G96: 1 | H96: 0 | I96: 0 | J96: 0 | K96: 0 | L96: 0 | M96: 0 | N96: 0 | O96: 0 | P96: 0 | Q96: 2 | R96: 2 | S96: 0 | T96: 3 | U96: 0 | V96: 0.195 | W96: 0.195 | X96: 0.195 | Y96: 0.195 | Z96: 0.195 | AA96: 0.195 | AB96: # risk events
C97: 32. Unknown- Transmission | D97: 32.a. | E97: Unknown - Transmission | F97: Yes | G97: 10 | H97: 10 | I97: 8 | J97: 10 | K97: 4 | L97: 1 | M97: 3 | N97: 1 | O97: 1 | P97: 1 | Q97: 1 | R97: 2 | S97: 2 | T97: 0 | U97: 1 | V97: 1.625 | W97: 1.625 | X97: 1.625 | Y97: 1.625 | Z97: 1.625 | AA97: 1.625 | AB97: # risk events

Sheet Table 7.2
B2: Utility | C2: =IF('Quarterly Submission Guide'!$D$20 = "", "",'Quarterly Submission Guide'!$D$20) -> SDG&E | D2: Notes:
B3: Table No. | C3: 7.2 | D3: Transmission lines refer to all lines at or above 65kV, and distribution lines refer to all lines below 65kV.
B4: Date Modified | C4: 2022 02 09 | D4: Data from 2015 - 2021 should be actual numbers. 2022 and 2023 should be projected. In future submissions update projected numbers with actuals
B6: Table 7.2: Key recent and projected drivers of ignitions | H6: Number of ignitions | O6: Projected ignitions
B7: Metric type | C7: # | D7: Ignition driver | E7: Line Type | F7: HFTD tier | G7: Are ignitions tracked for ignition driver? (yes / no) | H7: 2015 | I7: 2016 | J7: 2017 | K7: 2018 | L7: 2019 | M7: 2020 | N7: 2021 | O7: 2022 | P7: 2023 | Q7: Unit(s) | R7: Comments
A8: x | B8: 1. Contact from object | C8: 1.a.i | D8: Veg. contact | E8: Distribution | F8: Non-HFTD | G8: Yes | H8: 0 | I8: 2 | J8: 1 | K8: 3 | L8: 0 | M8: 0 | N8: 0 | O8: 0.8 | P8: 0.8 | Q8: # ignitions
C9: 1.a.ii | D9: Veg. contact | E9: Distribution | F9: HFTD Zone 1 | G9: Yes | H9: 0 | I9: 0 | J9: 0 | K9: 0 | L9: 0 | M9: 0 | Q9: # ignitions
C10: 1.a.iii | D10: Veg. contact | E10: Distribution | F10: HFTD Tier 2 | G10: Yes | H10: 2 | I10: 2 | J10: 0 | K10: 0 | L10: 1 | M10: 0 | N10: 0 | O10: 0 | P10: 0 | Q10: # ignitions
C11: 1.a.iv | D11: Veg. contact | E11: Distribution | F11: HFTD Tier 3 | G11: Yes | H11: 3 | I11: 0 | J11: 2 | K11: 0 | L11: 0 | M11: 0 | N11: 0 | O11: 0.103 | P11: 0 | Q11: # ignitions
C12: 1.a.v | D12: Veg. contact | E12: Distribution | F12: System | G12: Yes | H12: =SUM(H8:H11) -> 5 | I12: =SUM(I8:I11) -> 4 | J12: =SUM(J8:J11) -> 3 | K12: =SUM(K8:K11) -> 3 | L12: =SUM(L8:L11) -> 1 | M12: =SUM(M8:M11) -> 0 | N12: =SUM(N8:N11) -> 0 | O12: =SUM($O8,$O10,$O11) -> 0.903 | P12: =SUM($P8,$P10,$P11) -> 0.8 | Q12: # ignitions
C13: 1.a.vi | D13: Veg. contact | E13: Transmission | F13: Non-HFTD | G13: Yes | H13: 0 | I13: 0 | J13: 0 | K13: 0 | L13: 0 | M13: 0 | N13: 0 | O13: 0 | P13: 0 | Q13: # ignitions
C14: 1.a.vii | D14: Veg. contact | E14: Transmission | F14: HFTD Zone 1 | G14: Yes | O14: 0 | P14: 0 | Q14: # ignitions
C15: 1.a.viii | D15: Veg. contact | E15: Transmission | F15: HFTD Tier 2 | G15: Yes | H15: 0 | I15: 0 | J15: 0 | K15: 0 | L15: 0 | M15: 0 | N15: 0 | O15: 0 | P15: 0 | Q15: # ignitions
C16: 1.a.ix | D16: Veg. contact | E16: Transmission | F16: HFTD Tier 3 | G16: Yes | H16: 0 | I16: 0 | J16: 0 | K16: 0 | L16: 0 | M16: 0 | N16: 0 | O16: 0 | P16: 0 | Q16: # ignitions
C17: 1.a.x | D17: Veg. contact | E17: Transmission | F17: System | G17: Yes | H17: =SUM(H13:H16) -> 0 | I17: =SUM(I13:I16) -> 0 | J17: =SUM(J13:J16) -> 0 | K17: =SUM(K13:K16) -> 0 | L17: =SUM(L13:L16) -> 0 | M17: =SUM(M13:M16) -> 0 | N17: =SUM(N13:N16) -> 0 | O17: =SUM($O13,$O15,$O16) -> 0 | P17: =SUM($P13,$P15,$P16) -> 0 | Q17: # ignitions
C18: 1.b.i | D18: Animal contact | E18: Distribution | F18: Non-HFTD | G18: Yes | H18: 0 | I18: 1 | J18: 1 | K18: 0 | L18: 0 | M18: 0 | N18: 0 | O18: 0.2 | P18: 0.2 | Q18: # ignitions
C19: 1.b.ii | D19: Animal contact | E19: Distribution | F19: HFTD Zone 1 | G19: Yes | O19: 0.2 | P19: 0.2 | Q19: # ignitions
C20: 1.b.iii | D20: Animal contact | E20: Distribution | F20: HFTD Tier 2 | G20: Yes | H20: 0 | I20: 1 | J20: 0 | K20: 0 | L20: 1 | M20: 0 | N20: 2 | O20: 0.528 | P20: 0.513 | Q20: # ignitions
C21: 1.b.iv | D21: Animal contact | E21: Distribution | F21: HFTD Tier 3 | G21: Yes | H21: 0 | I21: 0 | J21: 0 | K21: 1 | L21: 0 | M21: 2 | N21: 1 | O21: 0.672 | P21: 0.569 | Q21: # ignitions
C22: 1.b.v | D22: Animal contact | E22: Distribution | F22: System | G22: Yes | H22: =SUM(H18:H21) -> 0 | I22: =SUM(I18:I21) -> 2 | J22: =SUM(J18:J21) -> 1 | K22: =SUM(K18:K21) -> 1 | L22: =SUM(L18:L21) -> 1 | M22: =SUM(M18:M21) -> 2 | N22: =SUM(N18:N21) -> 3 | O22: =SUM($O18,$O20,$O21) -> 1.4 | P22: =SUM($P18,$P20,$P21) -> 1.282 | Q22: # ignitions
C23: 1.b.vi | D23: Animal contact | E23: Transmission | F23: Non-HFTD | G23: Yes | H23: 2 | I23: 0 | J23: 0 | K23: 0 | L23: 0 | M23: 0 | N23: 0 | O23: 0 | P23: 0 | Q23: # ignitions
C24: 1.b.vii | D24: Animal contact | E24: Transmission | F24: HFTD Zone 1 | G24: Yes | O24: 0.2 | P24: 0.2 | Q24: # ignitions
C25: 1.b.viii | D25: Animal contact | E25: Transmission | F25: HFTD Tier 2 | G25: Yes | H25: 1 | I25: 0 | J25: 0 | K25: 1 | L25: 0 | M25: 0 | N25: 0 | O25: 0.113 | P25: 0.113 | Q25: # ignitions
C26: 1.b.ix | D26: Animal contact | E26: Transmission | F26: HFTD Tier 3 | G26: Yes | H26: 0 | I26: 0 | J26: 0 | K26: 0 | L26: 0 | M26: 1 | N26: 1 | O26: 0.2 | P26: 0.2 | Q26: # ignitions
C27: 1.b.x | D27: Animal contact | E27: Transmission | F27: System | G27: Yes | H27: =SUM(H23:H26) -> 3 | I27: =SUM(I23:I26) -> 0 | J27: =SUM(J23:J26) -> 0 | K27: =SUM(K23:K26) -> 1 | L27: =SUM(L23:L26) -> 0 | M27: =SUM(M23:M26) -> 1 | N27: =SUM(N23:N26) -> 1 | O27: =SUM($O23,$O25,$O26) -> 0.313 | P27: =SUM($P23,$P25,$P26) -> 0.313 | Q27: # ignitions
C28: 1.c.i | D28: Balloon contact | E28: Distribution | F28: Non-HFTD | G28: Yes | H28: 2 | I28: 3 | J28: 3 | K28: 3 | L28: 0 | M28: 1 | N28: 2 | O28: 1.8 | P28: 1.8 | Q28: # ignitions
C29: 1.c.ii | D29: Balloon contact | E29: Distribution | F29: HFTD Zone 1 | G29: Yes | O29: 0 | P29: 0 | Q29: # ignitions
C30: 1.c.iii | D30: Balloon contact | E30: Distribution | F30: HFTD Tier 2 | G30: Yes | H30: 0 | I30: 0 | J30: 1 | K30: 2 | L30: 0 | M30: 1 | N30: 1 | O30: 0.93 | P30: 0.915 | Q30: # ignitions
C31: 1.c.iv | D31: Balloon contact | E31: Distribution | F31: HFTD Tier 3 | G31: Yes | H31: 0 | I31: 0 | J31: 1 | K31: 3 | L31: 0 | M31: 0 | N31: 0 | O31: 0.674 | P31: 0.572 | Q31: # ignitions
C32: 1.c.v | D32: Balloon contact | E32: Distribution | F32: System | G32: Yes | H32: 2 | I32: 3 | J32: 5 | K32: 8 | L32: 0 | M32: 2 | N32: 3 | O32: =SUM($O28,$O30,$O31) -> 3.404 | P32: =SUM($P28,$P30,$P31) -> 3.287 | Q32: # ignitions
C33: 1.c.vi | D33: Balloon contact | E33: Transmission | F33: Non-HFTD | G33: Yes | H33: 0 | I33: 0 | J33: 0 | K33: 0 | L33: 1 | M33: 0 | N33: 0 | O33: 0.2 | P33: 0.2 | Q33: # ignitions
C34: 1.c.vii | D34: Balloon contact | E34: Transmission | F34: HFTD Zone 1 | G34: Yes | O34: 0 | P34: 0 | Q34: # ignitions
C35: 1.c.viii | D35: Balloon contact | E35: Transmission | F35: HFTD Tier 2 | G35: Yes | H35: 1 | I35: 0 | J35: 1 | K35: 0 | L35: 0 | M35: 0 | N35: 2 | O35: 0.113 | P35: 0.113 | Q35: # ignitions
C36: 1.c.ix | D36: Balloon contact | E36: Transmission | F36: HFTD Tier 3 | G36: Yes | H36: 0 | I36: 0 | J36: 0 | K36: 0 | L36: 0 | M36: 0 | N36: 0 | O36: 0.2 | P36: 0.2 | Q36: # ignitions
C37: 1.c.x | D37: Balloon contact | E37: Transmission | F37: System | G37: Yes | H37: 1 | I37: 0 | J37: 1 | K37: 0 | L37: 1 | M37: 0 | N37: 2 | O37: =SUM($O33,$O35,$O36) -> 0.513 | P37: =SUM($P33,$P35,$P36) -> 0.513 | Q37: # ignitions
C38: 1.d.i | D38: Vehicle contact | E38: Distribution | F38: Non-HFTD | G38: Yes | H38: 2 | I38: 2 | J38: 1 | K38: 0 | L38: 1 | M38: 0 | N38: 0 | O38: 0.4 | P38: 0.4 | Q38: # ignitions
C39: 1.d.ii | D39: Vehicle contact | E39: Distribution | F39: HFTD Zone 1 | G39: Yes | O39: 0 | P39: 0 | Q39: # ignitions
C40: 1.d.iii | D40: Vehicle contact | E40: Distribution | F40: HFTD Tier 2 | G40: Yes | H40: 3 | I40: 1 | J40: 2 | K40: 1 | L40: 2 | M40: 1 | N40: 0 | O40: 1.159 | P40: 1.159 | Q40: # ignitions
C41: 1.d.iv | D41: Vehicle contact | E41: Distribution | F41: HFTD Tier 3 | G41: Yes | H41: 1 | I41: 1 | J41: 1 | K41: 0 | L41: 0 | M41: 1 | N41: 0 | O41: 0.32 | P41: 0.32 | Q41: # ignitions
C42: 1.d.v | D42: Vehicle contact | E42: Distribution | F42: System | G42: Yes | H42: 6 | I42: 4 | J42: 4 | K42: 1 | L42: 3 | M42: 2 | N42: 0 | O42: =SUM($O38,$O40,$O41) -> 1.879 | P42: =SUM($P38,$P40,$P41) -> 1.879 | Q42: # ignitions
C43: 1.d.vi | D43: Vehicle contact | E43: Transmission | F43: Non-HFTD | G43: Yes | H43: 0 | I43: 0 | J43: 0 | K43: 2 | L43: 0 | M43: 0 | N43: 0 | O43: 0.4 | P43: 0.4 | Q43: # ignitions
C44: 1.d.vii | D44: Vehicle contact | E44: Transmission | F44: HFTD Zone 1 | G44: Yes | O44: 0 | P44: 0 | Q44: # ignitions
C45: 1.d.viii | D45: Vehicle contact | E45: Transmission | F45: HFTD Tier 2 | G45: Yes | H45: 0 | I45: 0 | J45: 0 | K45: 0 | L45: 0 | M45: 0 | N45: 0 | O45: 0.4 | P45: 0.4 | Q45: # ignitions
C46: 1.d.ix | D46: Vehicle contact | E46: Transmission | F46: HFTD Tier 3 | G46: Yes | H46: 0 | I46: 0 | J46: 0 | K46: 1 | L46: 0 | M46: 0 | N46: 0 | O46: 0.2 | P46: 0.2 | Q46: # ignitions
C47: 1.d.x | D47: Vehicle contact | E47: Transmission | F47: System | G47: Yes | H47: 0 | I47: 0 | J47: 0 | K47: 3 | L47: 0 | M47: 0 | N47: 0 | O47: =SUM($O43,$O45,$O46) -> 1 | P47: =SUM($P43,$P45,$P46) -> 1 | Q47: # ignitions
C48: 1.e.i | D48: Other contact from object | E48: Distribution | F48: Non-HFTD | G48: Yes | H48: 2 | I48: 1 | J48: 0 | K48: 1 | L48: 0 | M48: 0 | N48: 0 | O48: 0.2 | P48: 0.2 | Q48: # ignitions
C49: 1.e.ii | D49: Other contact from object | E49: Distribution | F49: HFTD Zone 1 | G49: Yes | O49: 0 | P49: 0 | Q49: # ignitions
C50: 1.e.iii | D50: Other contact from object | E50: Distribution | F50: HFTD Tier 2 | G50: Yes | H50: 1 | I50: 1 | J50: 1 | K50: 0 | L50: 0 | M50: 0 | N50: 1 | O50: 0.33 | P50: 0.315 | Q50: # ignitions
C51: 1.e.iv | D51: Other contact from object | E51: Distribution | F51: HFTD Tier 3 | G51: Yes | H51: 0 | I51: 0 | J51: 1 | K51: 0 | L51: 0 | M51: 0 | N51: 1 | O51: 0.274 | P51: 0.172 | Q51: # ignitions
C52: 1.e.v | D52: Other contact from object | E52: Distribution | F52: System | G52: Yes | H52: 3 | I52: 2 | J52: 2 | K52: 1 | L52: 0 | M52: 0 | N52: 2 | O52: =SUM($O48,$O50,$O51) -> 0.804 | P52: =SUM($P48,$P50,$P51) -> 0.687 | Q52: # ignitions
C53: 1.e.vi | D53: Other contact from object | E53: Transmission | F53: Non-HFTD | G53: Yes | H53: 0 | I53: 0 | J53: 0 | K53: 0 | L53: 0 | M53: 0 | N53: 0 | O53: 0 | P53: 0 | Q53: # ignitions
C54: 1.e.vii | D54: Other contact from object | E54: Transmission | F54: HFTD Zone 1 | G54: Yes | O54: 0 | P54: 0 | Q54: # ignitions
C55: 1.e.viii | D55: Other contact from object | E55: Transmission | F55: HFTD Tier 2 | G55: Yes | H55: 0 | I55: 1 | J55: 0 | K55: 1 | L55: 0 | M55: 0 | N55: 0 | O55: 0.113 | P55: 0.113 | Q55: # ignitions
C56: 1.e.ix | D56: Other contact from object | E56: Transmission | F56: HFTD Tier 3 | G56: Yes | H56: 0 | I56: 0 | J56: 0 | K56: 0 | L56: 0 | M56: 0 | N56: 0 | O56: 0 | P56: 0 | Q56: # ignitions
C57: 1.e.x | D57: Other contact from object | E57: Transmission | F57: System | G57: Yes | H57: 0 | I57: 1 | J57: 0 | K57: 1 | L57: 0 | M57: 0 | N57: 0 | O57: =SUM($O53,$O55,$O56) -> 0.113 | P57: =SUM($P53,$P55,$P56) -> 0.113 | Q57: # ignitions
B58: 2. Equipment / facility failure | C58: 2.a.i | D58: Capacitor bank damage or failure | E58: Distribution | F58: Non-HFTD | G58: Yes | H58: 0 | I58: 0 | J58: 0 | K58: 0 | L58: 0 | M58: 0 | N58: 1 | O58: 0.2 | P58: 0.2 | Q58: # ignitions
C59: 2.a.ii | D59: Capacitor bank damage or failure | E59: Distribution | F59: HFTD Zone 1 | G59: Yes | O59: 0 | P59: 0 | Q59: # ignitions
C60: 2.a.iii | D60: Capacitor bank damage or failure | E60: Distribution | F60: HFTD Tier 2 | G60: Yes | H60: 0 | I60: 1 | J60: 0 | K60: 0 | L60: 0 | M60: 0 | N60: 0 | O60: 0 | P60: 0 | Q60: # ignitions
C61: 2.a.iv | D61: Capacitor bank damage or failure | E61: Distribution | F61: HFTD Tier 3 | G61: Yes | H61: 0 | I61: 0 | J61: 0 | K61: 0 | L61: 0 | M61: 1 | N61: 0 | O61: 0.198 | P61: 0.187 | Q61: # ignitions
C62: 2.a.v | D62: Capacitor bank damage or failure | E62: Distribution | F62: System | G62: Yes | H62: 0 | I62: 1 | J62: 0 | K62: 0 | L62: 0 | M62: 1 | N62: 1 | O62: =SUM($O58,$O60,$O61) -> 0.398 | P62: =SUM($P58,$P60,$P61) -> 0.387 | Q62: # ignitions
C63: 2.a.vi | D63: Capacitor bank damage or failure | E63: Transmission | F63: Non-HFTD | H63: 0 | I63: 0 | J63: 0 | K63: 0 | L63: 0 | M63: 0 | N63: 0 | O63: 0 | P63: 0 | Q63: # ignitions
C64: 2.a.vii | D64: Capacitor bank damage or failure | E64: Transmission | F64: HFTD Zone 1 | O64: 0 | P64: 0 | Q64: # ignitions
C65: 2.a.viii | D65: Capacitor bank damage or failure | E65: Transmission | F65: HFTD Tier 2 | H65: 0 | I65: 0 | J65: 0 | K65: 0 | L65: 0 | M65: 0 | N65: 0 | O65: 0 | P65: 0 | Q65: # ignitions
C66: 2.a.ix | D66: Capacitor bank damage or failure | E66: Transmission | F66: HFTD Tier 3 | H66: 0 | I66: 0 | J66: 0 | K66: 0 | L66: 0 | M66: 0 | N66: 0 | O66: 0 | P66: 0 | Q66: # ignitions
C67: 2.a.x | D67: Capacitor bank damage or failure | E67: Transmission | F67: System | H67: 0 | I67: 0 | J67: 0 | K67: 0 | L67: 0 | M67: 0 | N67: 0 | O67: =SUM($O63,$O65,$O66) -> 0 | P67: =SUM($P63,$P65,$P66) -> 0 | Q67: # ignitions
C68: 2.b.i | D68: Conductor damage or failure | E68: Distribution | F68: Non-HFTD | G68: Yes | H68: 1 | I68: 1 | J68: 0 | K68: 0 | L68: 0 | M68: 0 | N68: 1 | O68: 0.2 | P68: 0.2 | Q68: # ignitions
C69: 2.b.ii | D69: Conductor damage or failure | E69: Distribution | F69: HFTD Zone 1 | G69: Yes | O69: 0 | P69: 0 | Q69: # ignitions
C70: 2.b.iii | D70: Conductor damage or failure | E70: Distribution | F70: HFTD Tier 2 | G70: Yes | H70: 1 | I70: 1 | J70: 0 | K70: 1 | L70: 0 | M70: 0 | N70: 0 | O70: 0 | P70: 0 | Q70: # ignitions
C71: 2.b.iv | D71: Conductor damage or failure | E71: Distribution | F71: HFTD Tier 3 | G71: Yes | H71: 0 | I71: 1 | J71: 1 | K71: 0 | L71: 0 | M71: 1 | N71: 1 | O71: 0 | P71: 0 | Q71: # ignitions
C72: 2.b.v | D72: Conductor damage or failure | E72: Distribution | F72: System | G72: Yes | H72: 2 | I72: 3 | J72: 1 | K72: 1 | L72: 0 | M72: 1 | N72: 2 | O72: =SUM($O68,$O70,$O71) -> 0.2 | P72: =SUM($P68,$P70,$P71) -> 0.2 | Q72: # ignitions
C73: 2.b.vi | D73: Conductor damage or failure | E73: Transmission | F73: Non-HFTD | H73: 0 | I73: 0 | J73: 0 | K73: 0 | L73: 0 | M73: 0 | N73: 0 | O73: 0 | P73: 0 | Q73: # ignitions
C74: 2.b.vii | D74: Conductor damage or failure | E74: Transmission | F74: HFTD Zone 1 | O74: 0 | P74: 0 | Q74: # ignitions
C75: 2.b.viii | D75: Conductor damage or failure | E75: Transmission | F75: HFTD Tier 2 | H75: 0 | I75: 0 | J75: 0 | K75: 0 | L75: 0 | M75: 0 | N75: 0 | O75: 0 | P75: 0 | Q75: # ignitions
C76: 2.b.ix | D76: Conductor damage or failure | E76: Transmission | F76: HFTD Tier 3 | H76: 0 | I76: 0 | J76: 0 | K76: 0 | L76: 0 | M76: 0 | N76: 0 | O76: 0 | P76: 0 | Q76: # ignitions
C77: 2.b.x | D77: Conductor damage or failure | E77: Transmission | F77: System | H77: 0 | I77: 0 | J77: 0 | K77: 0 | L77: 0 | M77: 0 | N77: 0 | O77: =SUM($O73,$O75,$O76) -> 0 | P77: =SUM($P73,$P75,$P76) -> 0 | Q77: # ignitions
C78: 2.c.i | D78: Fuse damage or failure | E78: Distribution | F78: Non-HFTD | G78: Yes | H78: 0 | I78: 0 | J78: 1 | K78: 0 | L78: 0 | M78: 1 | N78: 0 | O78: 0.4 | P78: 0.4 | Q78: # ignitions
C79: 2.c.ii | D79: Fuse damage or failure | E79: Distribution | F79: HFTD Zone 1 | G79: Yes | O79: 0 | P79: 0 | Q79: # ignitions
C80: 2.c.iii | D80: Fuse damage or failure | E80: Distribution | F80: HFTD Tier 2 | G80: Yes | H80: 0 | I80: 0 | J80: 0 | K80: 0 | L80: 0 | M80: 0 | N80: 0 | O80: 0 | P80: 0 | Q80: # ignitions
C81: 2.c.iv | D81: Fuse damage or failure | E81: Distribution | F81: HFTD Tier 3 | G81: Yes | H81: 0 | I81: 0 | J81: 0 | K81: 0 | L81: 1 | M81: 0 | N81: 0 | O81: 0.197 | P81: 0.194 | Q81: # ignitions
C82: 2.c.v | D82: Fuse damage or failure | E82: Distribution | F82: System | G82: Yes | H82: 0 | I82: 0 | J82: 1 | K82: 0 | L82: 1 | M82: 1 | N82: 0 | O82: =SUM($O78,$O80,$O81) -> 0.597 | P82: =SUM($P78,$P80,$P81) -> 0.594 | Q82: # ignitions
C83: 2.c.vi | D83: Fuse damage or failure | E83: Transmission | F83: Non-HFTD | H83: 0 | I83: 0 | J83: 0 | K83: 0 | L83: 0 | M83: 0 | N83: 0 | O83: 0 | P83: 0 | Q83: # ignitions
C84: 2.c.vii | D84: Fuse damage or failure | E84: Transmission | F84: HFTD Zone 1 | O84: 0 | P84: 0 | Q84: # ignitions
C85: 2.c.viii | D85: Fuse damage or failure | E85: Transmission | F85: HFTD Tier 2 | H85: 0 | I85: 0 | J85: 0 | K85: 0 | L85: 0 | M85: 0 | N85: 0 | O85: 0 | P85: 0 | Q85: # ignitions
C86: 2.c.ix | D86: Fuse damage or failure | E86: Transmission | F86: HFTD Tier 3 | H86: 0 | I86: 0 | J86: 0 | K86: 0 | L86: 0 | M86: 0 | N86: 0 | O86: 0 | P86: 0 | Q86: # ignitions
C87: 2.c.x | D87: Fuse damage or failure | E87: Transmission | F87: System | H87: 0 | I87: 0 | J87: 0 | K87: 0 | L87: 0 | M87: 0 | N87: 0 | O87: =SUM($O83,$O85,$O86) -> 0 | P87: =SUM($P83,$P85,$P86) -> 0 | Q87: # ignitions
C88: 2.d.i | D88: Lightning arrestor damage or failure | E88: Distribution | F88: Non-HFTD | G88: Yes | H88: 0 | I88: 0 | J88: 0 | K88: 0 | L88: 0 | M88: 0 | N88: 0 | O88: 0 | P88: 0 | Q88: # ignitions
C89: 2.d.ii | D89: Lightning arrestor damage or failure | E89: Distribution | F89: HFTD Zone 1 | G89: Yes | O89: 0.27215174 | P89: 0.25692408 | Q89: # ignitions
C90: 2.d.iii | D90: Lightning arrestor damage or failure | E90: Distribution | F90: HFTD Tier 2 | G90: Yes | H90: 0 | I90: 1 | J90: 0 | K90: 0 | L90: 0 | M90: 2 | N90: 0 | O90: 0.4 | P90: 0.399 | Q90: # ignitions
C91: 2.d.iv | D91: Lightning arrestor damage or failure | E91: Distribution | F91: HFTD Tier 3 | G91: Yes | H91: 0 | I91: 1 | J91: 1 | K91: 0 | L91: 0 | M91: 3 | N91: 0 | O91: 0.78 | P91: 0.763 | Q91: # ignitions
C92: 2.d.v | D92: Lightning arrestor damage or failure | E92: Distribution | F92: System | G92: Yes | H92: 0 | I92: 2 | J92: 1 | K92: 0 | L92: 0 | M92: 5 | N92: 0 | O92: =SUM($O88,$O90,$O91) -> 1.18 | P92: =SUM($P88,$P90,$P91) -> 1.162 | Q92: # ignitions
C93: 2.d.vi | D93: Lightning arrestor damage or failure | E93: Transmission | F93: Non-HFTD | H93: 0 | I93: 0 | J93: 0 | K93: 0 | L93: 0 | M93: 0 | N93: 0 | O93: 0 | P93: 0 | Q93: # ignitions
C94: 2.d.vii | D94: Lightning arrestor damage or failure | E94: Transmission | F94: HFTD Zone 1 | Q94: # ignitions
C95: 2.d.viii | D95: Lightning arrestor damage or failure | E95: Transmission | F95: HFTD Tier 2 | H95: 0 | I95: 0 | J95: 0 | K95: 0 | L95: 0 | M95: 0 | N95: 0 | O95: 0 | P95: 0 | Q95: # ignitions
C96: 2.d.ix | D96: Lightning arrestor damage or failure | E96: Transmission | F96: HFTD Tier 3 | H96: 0 | I96: 0 | J96: 0 | K96: 0 | L96: 0 | M96: 0 | N96: 0 | O96: 0 | P96: 0 | Q96: # ignitions
C97: 2.d.x | D97: Lightning arrestor damage or failure | E97: Transmission | F97: System | H97: 0 | I97: 0 | J97: 0 | K97: 0 | L97: 0 | M97: 0 | N97: 0 | O97: =SUM($O93,$O95,$O96) -> 0 | P97: =SUM($P93,$P95,$P96) -> 0 | Q97: # ignitions
C98: 2.e.i | D98: Switch damage or failure | E98: Distribution | F98: Non-HFTD | G98: Yes | H98: 0 | I98: 0 | J98: 0 | K98: 0 | L98: 0 | M98: 1 | N98: 0 | O98: 0.2 | P98: 0.2 | Q98: # ignitions
C99: 2.e.ii | D99: Switch damage or failure | E99: Distribution | F99: HFTD Zone 1 | G99: Yes | Q99: # ignitions
C100: 2.e.iii | D100: Switch damage or failure | E100: Distribution | F100: HFTD Tier 2 | G100: Yes | H100: 0 | I100: 0 | J100: 0 | K100: 1 | L100: 1 | M100: 0 | N100: 0 | O100: 0.326 | P100: 0.25 | Q100: # ignitions
C101: 2.e.iv | D101: Switch damage or failure | E101: Distribution | F101: HFTD Tier 3 | G101: Yes | H101: 1 | I101: 0 | J101: 0 | K101: 0 | L101: 0 | M101: 0 | N101: 1 | O101: 0 | P101: 0 | Q101: # ignitions
C102: 2.e.v | D102: Switch damage or failure | E102: Distribution | F102: System | G102: Yes | H102: 1 | I102: 0 | J102: 0 | K102: 1 | L102: 1 | M102: 1 | N102: 1 | O102: =SUM($O98,$O100,$O101) -> 0.526 | P102: =SUM($P98,$P100,$P101) -> 0.45 | Q102: # ignitions
...

Sheet Table 8
B2: Utility | C2: =IF('Quarterly Submission Guide'!$D$20 = "", "",'Quarterly Submission Guide'!$D$20) -> SDG&E
B3: Table No. | C3: 8
B4: Date Modified | C4: 2022 06 30
B6: Table 8: State of service territory and utility equipment | E6: Non-HFTD | F6: HFTD Zone 1 | G6: HFTD Tier 2 | H6: HFTD Tier 3 | I6: Non-HFTD | J6: HFTD Zone 1 | K6: HFTD Tier 2 | L6: HFTD Tier 3 | M6: Non-HFTD | N6: HFTD Zone 1 | O6: HFTD Tier 2 | P6: HFTD Tier 3 | Q6: Non-HFTD | R6: HFTD Zone 1 | S6: HFTD Tier 2 | T6: HFTD Tier 3 | U6: Non-HFTD | V6: HFTD Zone 1 | W6: HFTD Tier 2 | X6: HFTD Tier 3 | Y6: Non-HFTD | Z6: HFTD Zone 1 | AA6: HFTD Tier 2 | AB6: HFTD Tier 3 | AC6: Non-HFTD | AD6: HFTD Zone 1 | AE6: HFTD Tier 2 | AF6: HFTD Tier 3 | AG6: Non-HFTD | AH6: HFTD Zone 1 | AI6: HFTD Tier 2 | AJ6: HFTD Tier 3
B7: Metric type | C7: # | D7: Outcome metric name | E7: 2015 | F7: 2015 | G7: 2015 | H7: 2015 | I7: 2016 | J7: 2016 | K7: 2016 | L7: 2016 | M7: 2017 | N7: 2017 | O7: 2017 | P7: 2017 | Q7: 2018 | R7: 2018 | S7: 2018 | T7: 2018 | U7: 2019 | V7: 2019 | W7: 2019 | X7: 2019 | Y7: 2020 | Z7: 2020 | AA7: 2020 | AB7: 2020 | AC7: 2021 | AD7: 2021 | AE7: 2021 | AF7: 2021 | AG7: 2022 | AH7: 2022 | AI7: 2022 | AJ7: 2022 | AL7: Unit(s) | AM7: Comments
A8: x | B8: 1. State of service territory and equipment in urban areas | C8: 1.a. | D8: Circuit miles (including WUI and non-WUI) | Y8: 9276.8924 | Z8: 0.12253788 | AA8: 1113.7468 | AB8: 5.6534091 | AC8: 9821.1125 | AE8: 1237.8879 | AF8: 8.071022 | AG8: 9831.3 | AI8: 1241.3 | AJ8: 8.2 | AL8: Circuit miles | AM8: For 2/5/21 submission, SDG&E approximated column AC by summing tier 2 and tier 3 data for 2020. For 2021 Q1 submission, SDG&E has refined it's query to only show data that represents an overlap of tier 2 and tier 3 within column AH. This comment applies to all rows in the table.
C9: 1.b. | D9: Circuit miles in WUI | Y9: 105.58295 | Z9: 0 | AA9: 2.2797348 | AB9: 0 | AC9: 2493.4203 | AE9: 932.27348 | AF9: 7.972158 | AG9: 2495 | AI9: 933.3 | AJ9: 8.1 | AL9: Circuit miles in WUI | AM9: For 11/1/21 submission, SDG&E redefined and updated its WUI area and the polygon query for the WUI metrics. Metric valus for "only WUI" changed due to this update.
C10: 1.c. | D10: Number of critical facilities (including WUI and non-WUI) | Y10: 13115 | Z10: 0 | AA10: 959 | AB10: 2 | AC10: 13431 | AE10: 926 | AF10: 5 | AG10: 13802 | AI10: 934 | AJ10: 5 | AL10: Number of critical facilities
C11: 1.d. | D11: Number of critical facilities in WUI | Y11: 109 | Z11: 0 | AA11: 0 | AB11: 0 | AC11: 2175 | AE11: 683 | AF11: 5 | AG11: 2205 | AI11: 690 | AJ11: 5 | AL11: Number of critical facilities in WUI
C12: 1.e. | D12: Number of customers (including WUI and non-WUI) | Y12: 1037581 | Z12: 2 | AA12: 83589 | AB12: 115 | AC12: 1181644 | AE12: 89430 | AF12: 121 | AG12: 1183484 | AI12: 89463 | AJ12: 121 | AL12: Number of customers
C13: 1.f. | D13: Number of customers in WUI | Y13: 5445 | Z13: 2 | AA13: 0 | AB13: 0 | AC13: 215834 | AE13: 70821 | AF13: 118 | AG13: 216069 | AI13: 70835 | AJ13: 118 | AL13: Number of customers in WUI
C14: 1.g. | D14: Number of customers belonging to access and functional needs populations (including WUI and non-WUI) | Y14: 40564 | Z14: 0 | AA14: 3678 | AB14: 14 | AC14: 52622 | AE14: 4501 | AF14: 12 | AG14: 55732 | AI14: 4746 | AJ14: 12 | AL14: Number of customers belonging to access and functional needs populations
C15: 1.h. | D15: Number of customers belonging to access and functional needs populations in WUI | Y15: 171 | Z15: 0 | AA15: 0 | AB15: 0 | AC15: 10852 | AE15: 3481 | AF15: 12 | AG15: 11459 | AI15: 3669 | AJ15: 12 | AL15: Number of customers belonging to access and functional needs populations in WUI
C16: 1.i. | D16: Circuit miles of overhead transmission lines (including WUI and non-WUI) | Y16: 429.1828 | Z16: 0 | AA16: 110.69893 | AB16: 0 | AC16: 437.2464 | AE16: 108.30095 | AF16: 0 | AG16: 437.1 | AI16: 108.2 | AJ16: 0 | AL16: Circuit miles of overhead transmission lines
C17: 1.j. | D17: Circuit miles of overhead transmission lines in WUI | Y17: 33.938727 | Z17: 0 | AA17: 1.6641288 | AB17: 0 | AC17: 143.77557 | AE17: 42.19678 | AF17: 0 | AG17: 143.5 | AI17: 42.1 | AJ17: 0 | AL17: Circuit miles of overhead transmission lines in WUI
C18: 1.k. | D18: Circuit miles of overhead distribution lines (including WUI and non-WUI) | Y18: 2498.957 | Z18: 0.12253788 | AA18: 181.38295 | AB18: 5.1714015 | AC18: 2488.4453 | AE18: 180.85909 | AF18: 5.35909 | AG18: 2484.8 | AI18: 180.8 | AJ18: 5.4 | AL18: Circuit miles of overhead distribution lines
C19: 1.l. | D19: Circuit miles of overhead distribution lines in WUI | Y19: 41.638826 | Z19: 0 | AA19: 0.094886364 | AB19: 0 | AC19: 402.76667 | AE19: 95.511553 | AF19: 5.260226 | AG19: 401.8 | AI19: 95.4 | AJ19: 5.3 | AL19: Circuit miles of overhead distribution lines in WUI
C20: 1.m. | D20: Number of substations (including WUI and non-WUI) | Y20: 79 | Z20: 0 | AA20: 6 | AB20: 0 | AC20: 78 | AE20: 6 | AF20: 0 | AG20: 78 | AI20: 6 | AJ20: 0 | AL20: Number of substations
C21: 1.n | D21: Number of substations in WUI | Y21: 1 | Z21: 0 | AA21: 0 | AB21: 0 | AC21: 12 | AE21: 1 | AF21: 0 | AG21: 12 | AI21: 1 | AJ21: 0 | AL21: Number of substations in WUI
... C23: 1.p. | D23: Number of weather stations in WUI | Y23: 3 | Z23: 0 | AA23: 0 | AB23: 0 | AC23: 3 | AE23: 2 | AF23: 0 | AG23: 3 | AI23: 2 | AJ23: 0 | AL23: Number of weather stations in WUI
A24: x | B24: 2. State of service territory and equipment in rural areas | C24: 2.a. | D24: Circuit miles (including WUI and non-WUI) | Y24: 1853.9907 | Z24: 49.274811 | AA24: 2789.0508 | AB24: 1845.2309 | AC24: 2078.7282 | AE24: 3385.1358 | AF24: 2129.6038 | AG24: 2081.6 | AI24: 3397 | AJ24: 2136.7 | AL24: Circuit miles
C25: 2.b. | D25: Circuit miles in WUI | Y25: 182.03485 | Z25: 0 | AA25: 6.4818182 | AB25: 0 | AC25: 869.10947 | AE25: 1999.9055 | AF25: 975.98314 | AG25: 868.4 | AI25: 2005.8 | AJ25: 979 | AL25: Circuit miles in WUI
C26: 2.c. | D26: Number of critical facilities (including WUI and non-WUI) | Y26: 2427 | Z26: 4 | AA26: 1467 | AB26: 896 | AC26: 2525 | AE26: 1366 | AF26: 1009 | AG26: 2551 | AI26: 1419 | AJ26: 1030 | AL26: Number of critical facilities
C27: 2.d. | D27: Number of critical facilities in WUI | Y27: 66 | Z27: 0 | AA27: 0 | AB27: 0 | AC27: 508 | AE27: 776 | AF27: 396 | AG27: 518 | AI27: 824 | AJ27: 402 | AL27: Number of critical facilities in WUI
C28: 2.e. | D28: Number of customers (including WUI and non-WUI) | Y28: 87487 | Z28: 79 | AA28: 77782 | AB28: 21139 | AC28: 103826 | AE28: 86224 | AF28: 29508 | AG28: 104084 | AI28: 86339 | AJ28: 29661 | AL28: Number of customers
C29: 2.f. | D29: Number of customers in WUI | Y29: 3984 | Z29: 0 | AA29: 0 | AB29: 0 | AC29: 41415 | AE29: 62646 | AF29: 20177 | AG29: 41309 | AI29: 62717 | AJ29: 20293 | AL29: Number of customers in WUI
C30: 2.g. | D30: Number of customers belonging to access and functional needs populations (including WUI and non-WUI) | Y30: 3102 | Z30: 7 | AA30: 4630 | AB30: 1811 | AC30: 4336 | AE30: 5868 | AF30: 2676 | AG30: 4575 | AI30: 6242 | AJ30: 2858 | AL30: Number of customers belonging to access and functional needs populations
C31: 2.h. | D31: Number of customers belonging to access and functional needs populations in WUI | Y31: 137 | Z31: 0 | AA31: 0 | AB31: 0 | AC31: 2292 | AE31: 4634 | AF31: 2102 | AG31: 2422 | AI31: 4918 | AJ31: 2240 | AL31: Number of customers belonging to access and functional needs populations in WUI
C32: 2.i. | D32: Circuit miles of overhead transmission lines (including WUI and non-WUI) | Y32: 152.30977 | Z32: 6.3501716 | AA32: 551.66945 | AB32: 248.17411 | AC32: 176.35511 | AE32: 573.84034 | AF32: 250.10038 | AG32: 176.4 | AI32: 572.8 | AJ32: 250.1 | AL32: Circuit miles of overhead transmission lines
C33: 2.j. | D33: Circuit miles of overhead transmission lines in WUI | Y33: 19.696949 | Z33: 0 | AA33: 0.97350947 | AB33: 0 | AC33: 61.466098 | AE33: 127.56686 | AF33: 21.861362 | AG33: 61.5 | AI33: 127.4 | AJ33: 21.8 | AL33: Circuit miles of overhead transmission lines in WUI
C34: 2.k. | D34: Circuit miles of overhead distribution lines (including WUI and non-WUI) | Y34: 363.72254 | Z34: 42.35947 | AA34: 1470.2739 | AB34: 1449.8589 | AC34: 363.11383 | AE34: 1459.4348 | AF34: 1445.4631 | AG34: 360.5 | AI34: 1458.4 | AJ34: 1443.3 | AL34: Circuit miles of overhead distribution lines
C35: 2.l. | D35: Circuit miles of overhead distribution lines in WUI | Y35: 63.705682 | Z35: 0 | AA35: 0.56647727 | AB35: 0 | AC35: 181.27254 | AE35: 854.06913 | AF35: 660.59735 | AG35: 179.5 | AI35: 854.1 | AJ35: 659.3 | AL35: Circuit miles of overhead distribution lines in WUI
C36: 2.m. | D36: Number of substations (including WUI and non-WUI) | Y36: 31 | Z36: 1 | AA36: 28 | AB36: 11 | AC36: 30 | AE36: 28 | AF36: 11 | AG36: 30 | AI36: 28 | AJ36: 11 | AL36: Number of substations
... C39: 2.p. | D39: Number of weather stations in WUI | Y39: 1 | Z39: 0 | AA39: 0 | AB39: 0 | AC39: 1 | AE39: 12 | AF39: 12 | AG39: 1 | AI39: 12 | AJ39: 11 | AL39: Number of weather stations in WUI
A40: x | B40: 3. State of service territory and equipment in highly rural areas | C40: 3.a. | D40: Circuit miles (including WUI and non-WUI) | Y40: 216.49034 | Z40: 35.325379 | AA40: 184.90852 | AB40: 213.63958 | AC40: 247.55019 | AE40: 206.84034 | AF40: 241.27689 | AG40: 245.3 | AI40: 206.7 | AJ40: 242.6 | AL40: Circuit miles
C41: 3.b. | D41: Circuit miles in WUI | Y41: 0 | Z41: 0 | AA41: 0 | AB41: 0 | AC41: 52.484848 | AE41: 21.851515 | AF41: 36.535605 | AG41: 52.4 | AI41: 21.8 | AJ41: 36.8 | AL41: Circuit miles in WUI
C42: 3.c. | D42: Number of critical facilities (including WUI and non-WUI) | Y42: 129 | Z42: 8 | AA42: 85 | AB42: 87 | AC42: 118 | AE42: 76 | AF42: 83 | AG42: 115 | AI42: 77 | AJ42: 89 | AL42: Number of critical facilities
C43: 3.d. | D43: Number of critical facilities in WUI | Y43: 0 | Z43: 0 | AA43: 0 | AB43: 0 | AC43: 3 | AE43: 18 | AF43: 27 | AG43: 3 | AI43: 18 | AJ43: 31 | AL43: Number of critical facilities in WUI
C44: 3.e. | D44: Number of customers (including WUI and non-WUI) | Y44: 296 | Z44: 79 | AA44: 203 | AB44: 569 | AC44: 3291 | AE44: 999 | AF44: 2264 | AG44: 3288 | AI44: 999 | AJ44: 2267 | AL44: Number of customers
C45: 3.f. | D45: Number of customers in WUI | Y45: 0 | Z45: 0 | AA45: 0 | AB45: 0 | AC45: 1093 | AE45: 319 | AF45: 1050 | AG45: 1093 | AI45: 317 | AJ45: 1050 | AL45: Number of customers in WUI
C46: 3.g. | D46: Number of customers belonging to access and functional needs populations (including WUI and non-WUI) | Y46: 4 | Z46: 4 | AA46: 5 | AB46: 20 | AC46: 151 | AE46: 54 | AF46: 139 | AG46: 157 | AI46: 57 | AJ46: 149 | AL46: Number of customers belonging to access and functional needs populations
C47: 3.h. | D47: Number of customers belonging to access and functional needs populations in WUI | Y47: 0 | Z47: 0 | AA47: 0 | AB47: 0 | AC47: 59 | AE47: 23 | AF47: 95 | AG47: 61 | AI47: 25 | AJ47: 100 | AL47: Number of customers belonging to access and functional needs populations in WUI
C48: 3.i. | D48: Circuit miles of overhead transmission lines (including WUI and non-WUI) | Y48: 24.769097 | Z48: 1.4502953 | AA48: 23.42492 | AB48: 23.693259 | AC48: 22.805681 | AE48: 23.425 | AF48: 18.611363 | AG48: 22.8 | AI48: 23.4 | AJ48: 18.6 | AL48: Circuit miles of overhead transmission lines
C49: 3.j. | D49: Circuit miles of overhead transmission lines in WUI | Y49: 0 | Z49: 0 | AA49: 0 | AB49: 0 | AC49: 0 | AE49: 0 | AF49: 2.861174 | AG49: 0 | AI49: 0 | AJ49: 2.9 | AL49: Circuit miles of overhead transmission lines in WUI
C50: 3.k. | D50: Circuit miles of overhead distribution lines (including WUI and non-WUI) | Y50: 144.07178 | Z50: 30.486553 | AA50: 174.30492 | AB50: 187.23428 | AC50: 145.67178 | AE50: 172.89413 | AF50: 190.78674 | AG50: 144.1 | AI50: 172.7 | AJ50: 191.9 | AL50: Circuit miles of overhead distribution lines
C51: 3.l. | D51: Circuit miles of overhead distribution lines in WUI | Y51: 0 | Z51: 0 | AA51: 0 | AB51: 0 | AC51: 34.716477 | AE51: 20.261742 | AF51: 27.128219 | AG51: 34.7 | AI51: 20.2 | AJ51: 27.3 | AL51: Circuit miles of overhead distribution lines in WUI
C52: 3.m. | D52: Number of substations (including WUI and non-WUI) | Y52: 3 | Z52: 2 | AA52: 1 | AB52: 2 | AC52: 3 | AE52: 1 | AF52: 2 | AG52: 3 | AI52: 1 | AJ52: 2 | AL52: Number of substations
... C55: 3.p. | D55: Number of weather stations in WUI | Y55: 0 | Z55: 0 | AA55: 0 | AB55: 0 | AC55: 0 | AE55: 1 | AF55: 2 | AG55: 0 | AI55: 1 | AJ55: 2 | AL55: Number of weather stations in WUI

Sheet Table 9
B2: Utility | C2: =IF('Quarterly Submission Guide'!$D$20 = "", "",'Quarterly Submission Guide'!$D$20) -> SDG&E | D2: Notes:
B3: Table No. | C3: 9 | D3: Transmission lines refer to all lines at or above 65kV, and distribution lines refer to all lines below 65kV. Report net additions using positive numbers and net removals and undergrounding using negative numbers for circuit miles and numbers of substations. Only report changes expected within the target year.
B4: Date Modified | C4: 2022 02 09 | D4: For example, if 20 net overhead circuit miles are planned for addition by 2023, with 15 being added by 2022 and 5 more added by 2023, then report “15” for 2022 and “5” for 2023. Do not report cumulative change across years. In this case, do not report “20” for 2023, but instead the number planned to be added for just that year, which is “5”.
E5: Actual | M5: Projected
B6: Table 9: Location of actual and planned utility equipment additions or removal year over year | E6: Non-HFTD | F6: HFTD Zone 1 | G6: HFTD Tier 2 | H6: HFTD Tier 3 | I6: Non-HFTD | J6: HFTD Zone 1 | K6: HFTD Tier 2 | L6: HFTD Tier 3 | M6: Non-HFTD | N6: HFTD Zone 1 | O6: HFTD Tier 2 | P6: HFTD Tier 3
B7: Metric type | C7: # | D7: Outcome metric name | E7: 2020 | F7: 2020 | G7: 2020 | H7: 2020 | I7: 2021 | J7: 2021 | K7: 2021 | L7: 2021 | M7: 2022 | N7: 2022 | O7: 2022 | P7: 2022 | Q7: Unit(s) | R7: Comments
A8: x | B8: 1. Planned utility equipment net addition (or removal) year over year - in urban areas | C8: 1.a. | D8: Circuit miles of overhead transmission lines (including WUI and non-WUI) | I8: -0.4 | K8: 0 | L8: 0 | M8: 0 | O8: -0.3 | P8: 0 | Q8: Circuit miles | R8: SDG&E started tracking historical outputs in table 8 from Q1 2021. The actuals reflect the differences (additions/removal) between Q4 and Q1 2021 based on the most updated WUI definition.
C9: 1.b. | D9: Circuit miles of overhead distribution lines (including WUI and non-WUI) | I9: -4.6 | K9: -0.3 | L9: 0 | M9: 0 | O9: 0 | P9: 0 | Q9: Circuit miles | R9: For 11/1/21 submission, SDG&E redefined and updated its WUI area and the polygon query for all WUI metrics in table 8. Metric values for "only WUI" have changed due to this update.
C10: 1.c. | D10: Circuit miles of overhead transmission lines in WUI | I10: -0.2 | K10: 0 | L10: 0 | M10: 0 | O10: 0 | P10: 0 | Q10: Circuit miles in WUI
C11: 1.d. | D11: Circuit miles of overhead distribution lines in WUI | I11: -0.6 | K11: -0.2 | L11: 0 | M11: 0 | O11: 0 | P11: 0 | Q11: Circuit miles in WUI
C12: 1.e. | D12: Number of substations (including WUI and non-WUI) | I12: -1 | K12: 0 | L12: 0 | M12: 0 | O12: 0 | P12: 0 | Q12: Number of substations
C13: 1.f. | D13: Number of substations in WUI | I13: 1 | K13: 0 | L13: 0 | M13: 0 | O13: 0 | P13: 0 | Q13: Number of substations in WUI
C14: 1.g. | D14: Number of weather stations (including WUI and non-WUI) | I14: 0 | K14: 0 | L14: 0 | M14: 1 | O14: 0 | P14: 0 | Q14: Number of weather stations
C15: 1.h. | D15: Number of weather stations in WUI | I15: 0 | K15: 0 | L15: 0 | M15: 0 | O15: 0 | P15: 0 | Q15: Number of weather stations in WUI
A16: x | B16: 2. Planned utility equipment net addition (or removal) year over year - in rural areas | C16: 2.a. | D16: Circuit miles of overhead transmission lines (including WUI and non-WUI) | I16: -0.2 | K16: -0.1 | L16: 0 | M16: 0.1 | O16: -0.1 | P16: 0 | Q16: Circuit miles
C17: 2.b. | D17: Circuit miles of overhead distribution lines (including WUI and non-WUI) | I17: -0.6 | K17: -8.7 | L17: -8.4 | O17: 0 | P17: 0 | Q17: Circuit miles
C18: 2.c. | D18: Circuit miles of overhead transmission lines in WUI | I18: 0 | K18: 0 | L18: 0.1 | M18: 0.1 | O18: -0.1 | P18: 0 | Q18: Circuit miles in WUI
C19: 2.d. | D19: Circuit miles of overhead distribution lines in WUI | I19: 1.2 | K19: -3.1 | L19: -3.9 | M19: 0 | O19: 0 | P19: 0 | Q19: Circuit miles in WUI
C20: 2.e. | D20: Number of substations (including WUI and non-WUI) | I20: 0 | K20: 0 | L20: 0 | M20: 0 | O20: 0 | P20: 0 | Q20: Number of substations
C21: 2.f. | D21: Number of substations in WUI | I21: 0 | K21: 0 | L21: 0 | M21: 0 | O21: 0 | P21: 0 | Q21: Number of substations in WUI
C22: 2.g. | D22: Number of weather stations (including WUI and non-WUI) | I22: 0 | K22: 1 | L22: 1 | M22: 0 | O22: 0 | P22: 0 | Q22: Number of weather stations
C23: 2.h. | D23: Number of weather stations in WUI | I23: 0 | K23: -2 | L23: -1 | M23: 0 | O23: 0 | P23: 0 | Q23: Number of weather stations in WUI
A24: x | B24: 3. Planned utility equipment net addition (or removal) year over year - in highly rural areas | C24: 3.a. | D24: Circuit miles of overhead transmission lines (including WUI and non-WUI) | I24: 0 | K24: 0 | L24: -0.1 | M24: 0 | O24: -0.2 | P24: 0 | Q24: Circuit miles
C25: 3.b. | D25: Circuit miles of overhead distribution lines (including WUI and non-WUI) | I25: 1.6 | K25: -1.5 | L25: -4.3 | M25: 0 | O25: 0 | P25: 0 | Q25: Circuit miles
C26: 3.c. | D26: Circuit miles of overhead transmission lines in WUI | I26: 0 | K26: 0 | L26: 0 | M26: 0 | O26: 0 | P26: 0 | Q26: Circuit miles in WUI
C27: 3.d. | D27: Circuit miles of overhead distribution lines in WUI | I27: 0 | K27: 0.1 | L27: -0.2 | M27: 0 | O27: 0 | P27: 0 | Q27: Circuit miles in WUI
C28: 3.e. | D28: Number of substations (including WUI and non-WUI) | I28: 0 | K28: 0 | L28: 0 | M28: 0 | O28: 1 | P28: 0 | Q28: Number of substations
C29: 3.f. | D29: Number of substations in WUI | I29: 0 | K29: 0 | L29: 0 | M29: 0 | O29: 0 | P29: 0 | Q29: Number of substations in WUI
C30: 3.g. | D30: Number of weather stations (including WUI and non-WUI) | I30: 0 | K30: 0 | L30: 0 | M30: 0 | O30: 0 | P30: 0 | Q30: Number of weather stations
C31: 3.h. | D31: Number of weather stations in WUI | I31: 0 | K31: 0 | L31: 0 | M31: 0 | O31: 0 | P31: 0 | Q31: Number of weather stations in WUI

Sheet Table 10
B2: Utility | C2: =IF('Quarterly Submission Guide'!$D$20 = "", "",'Quarterly Submission Guide'!$D$20) -> SDG&E | D2: Notes:
B3: Table No. | C3: 10 | D3: Transmission lines refer to all lines at or above 65kV, and distribution lines refer to all lines below 65kV.
B4: Date Modified | C4: 2022 02 09 | D4: In future submissions update planned upgrade numbers with actuals
D5: In the comments column on the far-right, enter the relevant program target(s) associated | E5: Actual | M5: Projected
B6: Table 10: Location of actual and planned utility infrastructure upgrades year over year | E6: Non-HFTD | F6: HFTD Zone 1 | G6: HFTD Tier 2 | H6: HFTD Tier 3 | I6: Non-HFTD | J6: HFTD Zone 1 | K6: HFTD Tier 2 | L6: HFTD Tier 3 | M6: Non-HFTD | N6: HFTD Zone 1 | O6: HFTD Tier 2 | P6: HFTD Tier 3
B7: Metric type | C7: # | D7: Outcome metric name | E7: 2020 | F7: 2020 | G7: 2020 | H7: 2020 | I7: 2021 | J7: 2021 | K7: 2021 | L7: 2021 | M7: 2022 | N7: 2022 | O7: 2022 | P7: 2022 | Q7: Unit(s) | R7: Comments
A8: x | B8: 1. Planned utility infrastructure upgrades year over year - in urban areas | C8: 1.a. | D8: Circuit miles of overhead transmission lines planned for upgrades (including WUI and non-WUI) | E8: 0.2 | G8: 9.6 | H8: 0 | I8: 0 | K8: 0.15 | L8: 0 | M8: 0.5 | O8: 0.24 | P8: 0 | Q8: Circuit miles
C9: 1.b. | D9: Circuit miles of overhead distribution lines planned for upgrades (including WUI and non-WUI) | E9: 1.9 | G9: 0.3 | H9: 0 | I9: 0 | K9: 0 | L9: 0 | M9: 0 | O9: 0 | P9: 0 | Q9: Circuit miles
C10: 1.c. | D10: Circuit miles of overhead transmission lines planned for upgrades in WUI | E10: 0 | G10: 0 | H10: 0 | I10: 0 | K10: 0.15 | L10: 0 | M10: 0.5 | O10: 0.24 | P10: 0 | Q10: Circuit miles in WUI
C11: 1.d. | D11: Circuit miles of overhead distribution lines planned for upgrades in WUI | E11: 0.7 | G11: 0 | H11: 0 | I11: 0 | K11: 0 | L11: 0 | M11: 0 | O11: 0 | P11: 0 | Q11: Circuit miles in WUI
C12: 1.e. | D12: Number of substations planned for upgrades (including WUI and non-WUI) | E12: 0 | G12: 0 | H12: 0 | I12: 0 | K12: 0 | L12: 0 | M12: 2 | O12: 0 | P12: 0 | Q12: Number of substations
C13: 1.f. | D13: Number of substations planned for upgrades in WUI | E13: 0 | G13: 0 | H13: 0 | I13: 0 | K13: 0 | L13: 0 | M13: 2 | O13: 0 | P13: 0 | Q13: Number of substations in WUI
C14: 1.g. | D14: Number of weather stations planned for upgrades (including WUI and non-WUI) | E14: 0 | G14: 0 | H14: 0 | I14: 6 | K14: 2 | L14: 0 | M14: 0 | O14: 0 | P14: 0 | Q14: Number of weather stations
C15: 1.h. | D15: Number of weather stations planned for upgrades in WUI | E15: 0 | G15: 0 | H15: 0 | I15: 1 | K15: 0 | L15: 0 | M15: 0 | O15: 0 | P15: 0 | Q15: Number of weather stations in WUI
A16: x | B16: 2. Planned utility infrastructure upgrades year over year - in rural areas | C16: 2.a. | D16: Circuit miles of overhead transmission lines planned for upgrades (including WUI and non-WUI) | E16: 0.4 | G16: 10.8 | H16: 29 | I16: 0 | K16: 0.12 | L16: 0 | M16: 0.14 | O16: 7.86 | P16: 0 | Q16: Circuit miles
C17: 2.b. | D17: Circuit miles of overhead distribution lines planned for upgrades (including WUI and non-WUI) | E17: 1.6 | G17: 21.5 | H17: 50.8 | I17: 4 | K17: 20.6 | L17: 62.4 | M17: 0 | O17: 10.8 | P17: 54.2 | Q17: Circuit miles
C18: 2.c. | D18: Circuit miles of overhead transmission lines planned for upgrades in WUI | E18: 0 | G18: 0 | H18: 0 | I18: 0 | K18: 0 | L18: 0 | M18: 0.14 | O18: 5.6 | P18: 0 | Q18: Circuit miles in WUI
C19: 2.d. | D19: Circuit miles of overhead distribution lines planned for upgrades in WUI | E19: 0 | G19: 0 | H19: 0 | I19: 0 | K19: 0 | L19: 0 | M19: 0 | O19: 0 | P19: 0 | Q19: Circuit miles in WUI
C20: 2.e. | D20: Number of substations planned for upgrades (including WUI and non-WUI) | E20: 0 | G20: 0 | H20: 0 | I20: 0 | K20: 0 | L20: 0 | M20: 0 | O20: 0 | P20: 1 | Q20: Number of substations
C21: 2.f. | D21: Number of substations planned for upgrades in WUI | E21: 0 | G21: 0 | H21: 0 | I21: 0 | K21: 0 | L21: 0 | M21: 0 | O21: 0 | P21: 0 | Q21: Number of substations in WUI
C22: 2.g. | D22: Number of weather stations planned for upgrades (including WUI and non-WUI) | E22: 0 | G22: 15 | H22: 13 | I22: 2 | K22: 8 | L22: 15 | M22: 0 | O22: 3 | P22: 4 | Q22: Number of weather stations
C23: 2.h. | D23: Number of weather stations planned for upgrades in WUI | E23: 0 | I23: 0 | K23: 1 | L23: 1 | M23: 0 | O23: 0 | P23: 0 | Q23: Number of weather stations in WUI
A24: x | B24: 3. Planned utility infrastructure upgrades year over year - in highly rural areas | C24: 3.a. | D24: Circuit miles of overhead transmission lines planned for upgrades (including WUI and non-WUI) | E24: 0 | G24: 0 | H24: 0 | I24: 0 | K24: 9.58 | L24: 0 | M24: 0 | O24: 15.77 | P24: 0 | Q24: Circuit miles
C25: 3.b. | D25: Circuit miles of overhead distribution lines planned for upgrades (including WUI and non-WUI) | E25: 0 | G25: 22.8 | H25: 21.3 | I25: 0 | K25: 20 | L25: 19.9 | M25: 0 | O25: 0 | P25: 0 | Q25: Circuit miles
C26: 3.c. | D26: Circuit miles of overhead transmission lines planned for upgrades in WUI | E26: 0 | G26: 0 | H26: 0 | I26: 0 | K26: 0 | L26: 0 | M26: 0 | O26: 15.4 | P26: 0 | Q26: Circuit miles in WUI
C27: 3.d. | D27: Circuit miles of overhead distribution lines planned for upgrades in WUI | E27: 0 | G27: 0 | H27: 0 | I27: 0 | K27: 0 | L27: 0 | M27: 0 | O27: 0 | P27: 0 | Q27: Circuit miles in WUI
C28: 3.e. | D28: Number of substations planned for upgrades (including WUI and non-WUI) | E28: 0 | G28: 0 | H28: 0 | I28: 0 | K28: 0 | L28: 0 | M28: 0 | O28: 2 | P28: 1 | Q28: Number of substations
C29: 3.f. | D29: Number of substations planned for upgrades in WUI | E29: 0 | G29: 0 | H29: 0 | I29: 0 | K29: 0 | L29: 0 | M29: 0 | O29: 2 | P29: 0 | Q29: Number of substations in WUI
C30: 3.g. | D30: Number of weather stations planned for upgrades (including WUI and non-WUI) | E30: 0 | G30: 0 | H30: 2 | I30: 1 | K30: 3 | L30: 9 | M30: 0 | O30: 1 | P30: 0 | Q30: Number of weather stations
C31: 3.h. | D31: Number of weather stations planned for upgrades in WUI | E31: 0 | G31: 0 | H31: 0 | I31: 0 | K31: 1 | L31: 2 | M31: 0 | O31: 0 | P31: 0 | Q31: Number of weather stations in WUI

Sheet Table 11
B2: Utility | C2: =IF('Quarterly Submission Guide'!$D$20 = "", "",'Quarterly Submission Guide'!$D$20) -> SDG&E | D2: Notes:
B3: Table No. | C3: 11 | D3: "PSPS" = Public Safety Power Shutoff
B4: Date Modified | C4: 2022 08 01 | D4: In future submissions update planned upgrade numbers with actuals
E5: Actual | T5: Projected
B6: Table 11: Recent use of PSPS and other PSPS metrics | J6: 1 | K6: 2 | L6: 3 | M6: 4 | N6: 1 | O6: 2 | P6: 3 | Q6: 4 | R6: 1 | S6: 2 | T6: 3 | U6: 4 | V6: 1 | W6: 2 | X6: 3 | Y6: 4
B7: Metric type | C7: # | D7: Outcome metric name | E7: 2015 | F7: 2016 | G7: 2017 | H7: 2018 | I7: 2019 | J7: 2020 | K7: 2020 | L7: 2020 | M7: 2020 | N7: 2021 | O7: 2021 | P7: 2021 | Q7: 2021 | R7: 2022 | S7: 2022 | T7: 2022 | U7: 2022 | V7: 2023 | W7: 2023 | X7: 2023 | Y7: 2023 | Z7: Unit(s) | AA7: Comments
B8: 1. Recent use of PSPS | C8: 1.a. | D8: Frequency of PSPS events (total) | E8: 0 | F8: 0 | G8: 5 | H8: 4 | I8: 4 | J8: 0 | K8: 0 | L8: 1 | M8: 4 | N8: 0 | O8: 0 | P8: 0 | Q8: 1 | R8: 0 | S8: 0 | T8: 0 | U8: 3.2 | V8: 0 | W8: 0 | X8: 0 | Y8: =U8 -> 3.2 | Z8: Number of instances where utility operating protocol requires de-energization of a circuit or portion thereof to reduce ignition probability, per year
C9: 1.b. | D9: Scope of PSPS events (total) | E9: 0 | F9: 0 | G9: 200 | H9: 265 | I9: 324 | J9: 0 | K9: 0 | L9: 2 | M9: 512 | N9: 0 | O9: 0 | P9: 0 | Q9: 13 | R9: 0 | S9: 0 | T9: 0 | U9: 116.5 | V9: 0 | W9: 0 | X9: 0 | Y9: =U9 -> 116.5 | Z9: Circuit-events, measured in number of events multiplied by number of circuits de-energized per year
C10: 1.c. | D10: Duration of PSPS events (total) | E10: 0 | F10: 0 | G10: 658397.18 | H10: 1044422.7 | I10: 1304723.4 | J10: 0 | K10: 0 | L10: 358.18 | M10: 2631425.7 | N10: 0 | O10: 0 | P10: 0 | Q10: 147767 | R10: 0 | S10: 0 | T10: 0 | U10: 617794 | V10: 0 | W10: 0 | X10: 0 | Y10: =U10 -> 617794 | Z10: Customer hours per year | AA10: Metric definition 1.c. was updated based on the correction requsted in 2021 March, it is derived from customer minutes iterrupted (CMI) and converted to hours (minutes/60=hours).
B11: 2. Customer hours of PSPS and other outages | C11: 2.a. | D11: Customer hours of planned outages including PSPS (total) | E11: =60600324/60 -> 1010005.4 | F11: 859290 | G11: 1771855 | H11: 2062326 | I11: 2333445 | J11: 246957 | K11: 98578 | L11: 428184 | M11: 2805055 | N11: 384390 | O11: 445526 | P11: 549162 | Q11: 493707 | R11: 408500 | S11: 426726 | T11: 328685.22 | U11: 867872 | V11: 256239.8 | W11: 289673.17 | X11: 328685.22 | Y11: 997293.84 | Z11: Total customer hours of planned outages per year | AA11: In 2021 QDR-Q4 filing, data point for 2015 is updated using archieved data file. The reporting system of record stores data for the last 5+1 years. SDG&E does not define PSPS as "planned" ouatges, the total = SDGE planned outage customer hours (restored) + PSPS customer hours
C12: 2.b. | D12: Customer hours of unplanned outages, not including PSPS (total) | E12: 1504041.6 | F12: 2058236.9 | G12: 2090995.2 | H12: 1887418.3 | I12: 1705635.8 | J12: 346752.8 | K12: 385697 | L12: 1113937.6 | M12: 470885.72 | N12: 407865.33 | O12: 388530.73 | P12: 394061.65 | Q12: 570568.65 | R12: 333347.18 | S12: 286716 | T12: 573414 | U12: 515440 | V12: 484040 | W12: 322394 | X12: 573414 | Y12: 515440 | Z12: Total customer hours of unplanned outages per year
C13: 2.c. | D13: System Average Interruption Duration Index (SAIDI) (including PSPS) | E13: 63.26 | F13: 86.01 | G13: 117.49 | H13: 121.02 | I13: 122.96 | J13: 13.950233 | K13: 15.516999 | L13: 44.8293 | M13: 126.10267 | N13: 16.44 | O13: 15.66 | P13: 15.88 | Q13: 28.95 | R13: 13.41 | S13: 11.53 | T13: 23.51 | U13: 46.03 | V13: 19.91 | W13: 13.22 | X13: 23.51 | Y13: =U13 -> 46.03 | Z13: SAIDI index value = sum of all interruptions in time period where each interruption is defined as sum(duration of interruption * # of customer interruptions) / Total number of customers served
C14: 2.d. | D14: System Average Interruption Duration Index (SAIDI) (excluding PSPS) | E14: 63.26 | F14: 86.01 | G14: 86.64 | H14: 77.45 | I14: 69.21 | J14: 13.950233 | K14: 15.516999 | L14: 44.81489 | M14: 18.944232 | N14: 16.44 | O14: 15.66 | P14: 15.88 | Q14: 23 | R14: 13.41 | S14: 11.53 | T14: 23.51 | U14: 21.13 | V14: 19.91 | W14: 13.22 | X14: 23.51 | Y14: 21.13 | Z14: SAIDI index value = sum of all interruptions in time period where each interruption is defined as sum(duration of interruption * # of customer interruptions) / Total number of customers served
C15: 2.e. | D15: System Average Interruption Frequency Index (SAIFI) (including PSPS) | E15: 0.62 | F15: 0.68 | G15: 0.58 | H15: 0.66 | I15: 0.64 | J15: 0.13026482 | K15: 0.1718235 | L15: 0.26962454 | M15: 0.22445847 | N15: 0.16347136 | O15: 0.13924074 | P15: 0.16 | Q15: 0.21 | R15: 0.1087 | S15: 0.0916 | T15: 0.19 | U15: 0.17 | V15: 0.16 | W15: 0.13 | X15: 0.19 | Y15: 0.17 | Z15: SAIFI index value = sum of all interruptions in time period where each interruption is defined as (total # of customer interruptions) / (total # of customers served)
C16: 2.f. | D16: System Average Interruption Frequency Index (SAIFI) (excluding PSPS) | E16: 0.62 | F16: 0.68 | G16: 0.57 | H16: 0.64 | I16: 0.61 | J16: 0.13026482 | K16: 0.1718235 | L16: 0.26959168 | M16: 0.15642707 | N16: 0.16347136 | O16: 0.13924074 | P16: 0.16 | Q16: 0.21 | R16: 0.1087 | S16: 0.0916 | T16: 0.19 | U16: 0.16 | V16: 0.16 | W16: 0.13 | X16: 0.19 | Y16: 0.16 | Z16: SAIFI index value = sum of all interruptions in time period where each interruption is defined as (total # of customer interruptions) / (total # of customers served)
B17: 3. Critical infrastructure impacted by PSPS | C17: 3.a. | D17: Critical infrastructure impacted by PSPS | E17: 0 | F17: 0 | G17: 633 | H17: 832 | I17: 968 | J17: 0 | K17: 0 | L17: 0 | M17: 2359 | N17: 0 | O17: 0 | P17: 0 | Q17: 241 | R17: 0 | S17: 0 | T17: 0 | U17: 1007 | V17: 0 | W17: 0 | X17: 0 | Y17: =U17 -> 1007 | Z17: Number of critical infrastructure (in accordance with D.19-05-042) locations impacted per hour multiplied by hours offline per year
B18: 4. Community outreach of PSPS metrics | C18: 4.a. | D18: # of customers impacted by PSPS | E18: 0 | F18: 0 | G18: 17619 | H18: 30069 | I18: 49880 | J18: 0 | K18: 0 | L18: 49 | M18: 100488 | N18: 0 | O18: 0 | P18: 0 | Q18: 5858 | R18: 0 | S18: 0 | T18: 0 | U18: 14858 | V18: 0 | W18: 0 | X18: 0 | Y18: =U18 -> 14858 | Z18: # of customers impacted by PSPS (if multiple PSPS events impact the same customer, count each event as a separate customer) | AA18: During PSPS events in 2020 December, customers who were fed by microgrids or district denerators were removed from the count.
C19: 4.b. | D19: # of medical baseline customers impacted by PSPS | E19: 0 | F19: 0 | G19: 937 | H19: 1812 | I19: 2853 | J19: 0 | K19: 0 | L19: 6 | M19: 6427 | N19: 0 | O19: 0 | P19: 0 | Q19: 406 | R19: 0 | S19: 0 | T19: 0 | U19: 1499 | V19: 0 | W19: 0 | X19: 0 | Y19: =U19 -> 1499 | Z19: # of customers impacted by PSPS (if multiple PSPS events impact the same customer, count each event as a separate customer)
C20: 4.c. | D20: # of customers notified prior to initiation of PSPS event | E20: 0 | F20: 0 | G20: 17619 | H20: 30069 | I20: 47969 | J20: 0 | K20: 0 | L20: 49 | M20: 91760 | N20: 0 | O20: 0 | P20: 0 | Q20: 5811 | R20: 0 | S20: 0 | T20: 0 | U20: 12438 | V20: 0 | W20: 0 | X20: 0 | Y20: =U20 -> 12438 | Z20: # of customers notified of PSPS event prior to initiation (if multiple PSPS events impact the same customer, count each event in which customer was notified as a separate customer)
C21: 4.d. | D21: # of medical baseline customers notified prior to initiation of PSPS event | E21: 0 | F21: 0 | G21: 937 | H21: 1812 | I21: 2756 | J21: 0 | K21: 0 | L21: 6 | M21: 6262 | N21: 0 | O21: 0 | P21: 0 | Q21: 406 | R21: 0 | S21: 0 | T21: 0 | U21: 1272 | V21: 0 | W21: 0 | X21: 0 | Y21: =U21 -> 1272 | Z21: # of customers notified of PSPS event prior to initiation (if multiple PSPS events impact the same customer, count each event in which customer was notified as a separate customer)
C22: 4.e. | D22: % of customers notified prior to a PSPS event impacting them | E22: 0 | F22: 0 | G22: 1 | H22: 1 | I22: 0.96168805 | J22: 0 | K22: 0 | L22: 1 | M22: 0.91314386 | N22: 0 | O22: 0 | P22: 0 | Q22: =Q20/Q18 -> 0.99197678 | R22: 0 | S22: 0 | T22: 0 | U22: 0.978 | V22: 0 | W22: 0 | X22: 0 | Y22: =U22 -> 0.978 | Z22: =4.a. / 4.c.
C23: 4.f. | D23: % of medical baseline customers notified prior to a PSPS event impacting them | E23: 0 | F23: 0 | G23: 1 | H23: 1 | I23: 0.9660007 | J23: 0 | K23: 0 | L23: 1 | M23: 0.97432706 | N23: 0 | O23: 0 | P23: 0 | Q23: =Q21/Q19 -> 1 | R23: 0 | S23: 0 | T23: 0 | U23: 0.99 | V23: 0 | W23: 0 | X23: 0 | Y23: =U23 -> 0.99 | Z23: =4.a. / 4.c.
B24: 5. Other PSPS metrics | C24: 5.a. | D24: Number of PSPS de-energizations | E24: 0 | F24: 0 | G24: 0 | H24: 0 | I24: 1 | J24: 0 | K24: 0 | L24: 1 | M24: 1 | N24: 1 | O24: 0 | P24: 0 | Q24: 0 | R24: 0 | S24: 0 | T24: =AVERAGE(L24,P24) -> 0.5 | U24: 0.5 | V24: 0.5 | W24: 0 | X24: 0.5 | Y24: 0.5 | Z24: Number of de-energizations | AA24: Number of instances where utility notified the public of a potential PSPS event but no de-energization followed
C25: 5.b. | D25: Number of customers located on de-energized circuit | E25: 0 | F25: 0 | G25: 67266 | H25: 79587 | I25: 112582 | J25: 0 | K25: 0 | L25: 4214 | M25: 154413 | N25: 0 | O25: 0 | P25: 0 | Q25: 14832 | R25: 0 | S25: 0 | T25: 0 | U25: 81153 | V25: 0 | W25: 0 | X25: 0 | Y25: =U25 -> 81153 | Z25: Number of customers
C26: 5.c. | D26: Customer hours of PSPS per RFW OH circuit mile day | E26: 0 | F26: 0 | G26: 3.4582521 | H26: 8.3078616 | I26: 24.403202 | J26: 0 | K26: 0 | L26: 0.010276318 | M26: 42.396123 | N26: 0 | O26: 0 | P26: 0 | Q26: =Q10/'Table 6'!Q8 -> 7.4795497 | R26: 0 | S26: 0 | T26: 0 | U26: 6.3012923 | V26: 0 | W26: 0 | X26: 0 | Y26: =U26 -> 6.3012923 | Z26: =1.c. / RFW OH circuit mile days in time period | AA26: =1.c./table 6 1.a.
C27: 5.d. | D27: Frequency of PSPS events (total) - High Wind Warning wind conditions | E27: 0 | F27: 0 | G27: 1 | H27: 3 | I27: 2 | J27: 0 | K27: 0 | L27: 0 | M27: 3 | N27: 0 | O27: 0 | P27: 0 | Q27: 1 | R27: 0 | S27: 0 | T27: 0 | U27: 1.6 | V27: 0 | W27: 0 | X27: 0 | Y27: 1.6 | Z27: Events over time period that overlapped with a High Wind Warning as defined by the National Weather Service
C28: 5.e. | D28: Scope of PSPS events (total) - High Wind Warning wind conditions | E28: 0 | F28: 0 | G28: 16848 | H28: 30048 | I28: 49462 | J28: 0 | K28: 0 | L28: 0 | M28: 90748 | N28: 0 | O28: 0 | P28: 0 | Q28: 5858 | R28: 0 | S28: 0 | T28: 0 | U28: 13868 | V28: 0 | W28: 0 | X28: 0 | Y28: =U28 -> 13868 | Z28: Estimated customers impacted over time period that overlapped with a High Wind Warning as defined by the National Weather Service
C29: 5.f. | D29: Duration of PSPS events (total) - High Wind Warning wind conditions | E29: 0 | F29: 0 | G29: 703117.13 | H29: 1037164 | I29: 1226192.5 | J29: 0 | K29: 0 | L29: 0 | M29: 2341160.6 | N29: 0 | O29: 0 | P29: 0 | Q29: 147767 | R29: 0 | S29: 0 | T29: 0 | U29: 597055 | V29: 0 | W29: 0 | X29: 0 | Y29: =U29 -> 597055 | Z29: Customer hours over time period that overlapped with a High Wind Warning as defined by the National Weather Service | AA29: In 2021 WMP update, 5.f. was based on the definition- "outage duration". To align with 1.c. definition correction requested in 2021 March, from 2022 WMP update, 5.f. is derived from "customer minute interrupted (CMI)" and converted to hours (minutes/60=hours).

Sheet Table 12
B2: Utility | C2: =IF('Quarterly Submission Guide'!$D$20 = "", "",'Quarterly Submission Guide'!$D$20) -> SDG&E | D2: Notes:
B3: Table No. | C3: 12 | D3: Risk-Spend-Efficiency (RSE) is defined as "An estimate of the cost-effectiveness of initiative, calculated by dividing the mitigation risk reduction benefit by the mitigation cost estimate based on the full set of risk reduction benefits estimated from the incurred costs."
B4: Date Modified | C4: 44683 | D4: CAPEX = Capital expenditure; OPEX = Operating expenditure. In future submissions update planned spend, line miles treated, RSE, etc. with updated projections and actuals. Additional instructions can be found in QR information.
T5: Actual | AO5: Projected
B7: Table 12: Mitigation initiative financials | T7: CAPEX ($ thousands) | V7: OPEX ($ thousands) | X7: Line miles treated | Z7: Alternative units (if used) | AA7: CAPEX ($ thousands) | AC7: OPEX ($ thousands) | AE7: Line miles treated | AG7: Alternative units (if used) | AH7: CAPEX ($ thousands) | AJ7: OPEX ($ thousands) | AL7: Line miles treated | AN7: Alternative units (if used) | AO7: CAPEX ($ thousands) | AQ7: OPEX ($ thousands) | AS7: Line miles to be treated | AU7: Alternative units (if used) | AV7: CAPEX ($ thousands) | AX7: OPEX ($ thousands) | AZ7: Line miles to be treated | BB7: Alternative units (if used)
T8: Territory | U8: HFTD | V8: Territory | W8: HFTD | X8: Territory | Y8: HFTD | AA8: Territory | AB8: HFTD | AC8: Territory | AD8: HFTD | AE8: Territory | AF8: HFTD | AH8: Territory | AI8: HFTD | AJ8: Territory | AK8: HFTD | AL8: Territory | AM8: HFTD | AO8: Territory | AP8: HFTD | AQ8: Territory | AR8: HFTD | AS8: Territory | AT8: HFTD | AV8: Territory | AW8: HFTD | AX8: Territory | AY8: HFTD | AZ8: Territory | BA8: HFTD
B9: Metric type | C9: WMP Table # / Category | D9: WMP Initiative # | E9: Initative activity | F9: Primary driver targeted | G9: Secondary driver targeted | H9: Year initiated | I9: Estimated RSE territory-wide | J9: Estimated RSE in non-HFTD region | K9: Estimated RSE in HFTD Zone 1 | L9: Estimated RSE in HFTD Tier 2 | M9: Estimated RSE in HFTD Tier 3 | N9: If existing: most recent proceeding that has reviewed program | O9: If new: memorandum account | P9: Current compLiance status - In / exceeding compliance with regulations | Q9: Associated rule(s) - if multiple, separate by semi-colon - ";" | R9: If spend not disaggregated by category, note spend category or mark general operations | S9: Comments | T9: 2019 | AA9: 2020 | AH9: 2021 | AO9: 2022 | AV9: 2023
B10: Risk Assessment & Mapping | C10: Risk Assessment & Mapping | D10: 7.3.1.1 | E10: A summarized risk map that shows the overall ignition probability and estimated wildfire consequence along the electric lines and equipment | H10: 2012 | I10: NA | J10: NA | K10: NA | L10: NA | M10: NA | N10: 2019 GRC | O10: NA | P10: Exceeds | Q10: P.U. Code § 451 | T10: 270.38612 | U10: 270.38612 | V10: 0 | W10: 0 | X10: 0 | Y10: 0 | Z10: 0 | AA10: 1190.5993 | AB10: 1190.5993 | AC10: 0 | AD10: 0 | AE10: 0 | AF10: 0 | AG10: 0 | AH10: 1446.0223 | AI10: 1446.0223 | AJ10: 0 | AK10: 0 | AL10: 0 | AM10: 0 | AN10: 0 | AO10: 2200 | AP10: 2200 | AQ10: 2353.91 | AR10: 2353.91 | AS10: 0 | AT10: 0 | AU10: 0 | AV10: 2419.992 | AW10: 2419.992 | AX10: 2978.743 | AY10: 2978.743 | AZ10: 0 | BA10: 0 | BB10: 0
B11: Risk Assessment & Mapping | C11: Risk Assessment & Mapping | D11: 7.3.1.2 | E11: Climate-driven risk map and modelling based on various relevant weather scenarios | H11: 2012 | I11: NA | J11: NA | K11: NA | L11: NA | M11: NA | N11: NA | O11: NA | P11: NA | Q11: NA | R11: A summarized risk map that shows the overall ignition probability and estimated wildfire consequence along the electric lines and equipment | T11: 0 | U11: 0 | V11: 0 | W11: 0 | X11: 0 | Y11: 0 | Z11: 0 | AA11: 0 | AB11: 0 | AC11: 0 | AD11: 0 | AE11: 0 | AF11: 0 | AG11: 0 | AH11: 0 | AI11: 0 | AJ11: 0 | AK11: 0 | AL11: 0 | AM11: 0 | AN11: 0 | AO11: 0 | AP11: 0 | AQ11: 0 | AR11: 0 | AS11: 0 | AT11: 0 | AU11: 0 | AV11: 0 | AW11: 0 | AX11: 0 | AY11: 0 | AZ11: 0 | BA11: 0 | BB11: 0
B12: Risk Assessment & Mapping | C12: Risk Assessment & Mapping | D12: 7.3.1.3 | E12: Ignition probability mapping showing the probability of ignition along the electric lines and equipment | H12: 2012 | I12: NA | J12: NA | K12: NA | L12: NA | M12: NA | N12: NA | O12: NA | P12: NA | Q12: NA | R12: A summarized risk map that shows the overall ignition probability and estimated wildfire consequence along the electric lines and equipment | T12: 0 | U12: 0 | V12: 0 | W12: 0 | X12: 0 | Y12: 0 | Z12: 0 | AA12: 0 | AB12: 0 | AC12: 0 | AD12: 0 | AE12: 0 | AF12: 0 | AG12: 0 | AH12: 0 | AI12: 0 | AJ12: 0 | AK12: 0 | AL12: 0 | AM12: 0 | AN12: 0 | AO12: 0 | AP12: 0 | AQ12: 0 | AR12: 0 | AS12: 0 | AT12: 0 | AU12: 0 | AV12: 0 | AW12: 0 | AX12: 0 | AY12: 0 | AZ12: 0 | BA12: 0 | BB12: 0
B13: Risk Assessment & Mapping | C13: Risk Assessment & Mapping | D13: 7.3.1.4 | E13: Initiative mapping and estimation of wildfire and PSPS risk-reduction impact | H13: 2012 | I13: NA | J13: NA | K13: NA | L13: NA | M13: NA | N13: NA | O13: NA | P13: NA | Q13: NA | R13: A summarized risk map that shows the overall ignition probability and estimated wildfire consequence along the electric lines and equipment | T13: 0 | U13: 0 | V13: 0 | W13: 0 | X13: 0 | Y13: 0 | Z13: 0 | AA13: 0 | AB13: 0 | AC13: 0 | AD13: 0 | AE13: 0 | AF13: 0 | AG13: 0 | AH13: 0 | AI13: 0 | AJ13: 0 | AK13: 0 | AL13: 0 | AM13: 0 | AN13: 0 | AO13: 0 | AP13: 0 | AQ13: 0 | AR13: 0 | AS13: 0 | AT13: 0 | AU13: 0 | AV13: 0 | AW13: 0 | AX13: 0 | AY13: 0 | AZ13: 0 | BA13: 0 | BB13: 0
B14: Risk Assessment & Mapping | C14: Risk Assessment & Mapping | D14: 7.3.1.5 | E14: Match drop simulations showing the potential wildfire consequence of ignitions that occur along the electric lines and equipment | H14: 2012 | I14: NA | J14: NA | K14: NA | L14: NA | M14: NA | N14: NA | O14: NA | P14: NA | Q14: NA | R14: A summarized risk map that shows the overall ignition probability and estimated wildfire consequence along the electric lines and equipment | T14: 0 | U14: 0 | V14: 0 | W14: 0 | X14: 0 | Y14: 0 | Z14: 0 | AA14: 0 | AB14: 0 | AC14: 0 | AD14: 0 | AE14: 0 | AF14: 0 | AG14: 0 | AH14: 0 | AI14: 0 | AJ14: 0 | AK14: 0 | AL14: 0 | AM14: 0 | AN14: 0 | AO14: 0 | AP14: 0 | AQ14: 0 | AR14: 0 | AS14: 0 | AT14: 0 | AU14: 0 | AV14: 0 | AW14: 0 | AX14: 0 | AY14: 0 | AZ14: 0 | BA14: 0 | BB14: 0
B15: Situational Awareness & Forecasting | C15: Situational Awareness & Forecasting | D15: 7.3.2.1 | E15: Advanced weather monitoring and weather stations | H15: 2010 | I15: NA | J15: NA | K15: NA | L15: NA | M15: NA | N15: NA | O15: WMPMA | P15: Exceeds | Q15: P.U. Code § 451 | T15: 564.35279 | U15: 564.35279 | V15: 0 | W15: 0 | X15: 0 | Y15: 0 | Z15: 13 | AA15: 1087.0947 | AB15: 1087.0947 | AC15: 0 | AD15: 0 | AE15: 0 | AF15: 0 | AG15: 30 | AH15: 391.43923 | AI15: 391.43923 | AJ15: 0 | AK15: 0 | AL15: 0 | AM15: 0 | AN15: 46 | AO15: 525.25587 | AP15: 525.25587 | AQ15: 0 | AR15: 0 | AS15: 0 | AT15: 0 | AU15: 20 | AV15: 382.86876 | AW15: 382.86876 | AX15: 0 | AY15: 0 | BB15: 18
B16: Situational Awareness & Forecasting | C16: Situational Awareness & Forecasting | D16: 7.3.2.2 | E16: Continuous monitoring sensors | H16: NA | I16: NA | J16: NA | K16: NA | L16: NA | M16: NA | N16: NA | O16: NA | P16: NA | Q16: NA | T16: 0 | U16: 0 | V16: 0 | W16: 0 | X16: 0 | Y16: 0 | Z16: 0 | AA16: 0 | AB16: 0 | AC16: 0 | AD16: 0 | AE16: 0 | AF16: 0 | AG16: 0 | AH16: 0 | AI16: 0 | AJ16: 0 | AK16: 0 | AL16: 0 | AM16: 0 | AN16: 0 | AO16: 0 | AP16: 0 | AQ16: 0 | AR16: 0 | AS16: 0 | AT16: 0 | AU16: 0 | AV16: 0 | AW16: 0 | AX16: 0 | AY16: 0 | AZ16: 0 | BA16: 0 | BB16: 0
B17: Situational Awareness & Forecasting | C17: Situational Awareness & Forecasting | D17: 7.3.2.2.1 | E17: Air Quality Index | H17: 2022 | I17: NA | J17: NA | K17: NA | L17: NA | M17: NA | N17: NA | O17: NA | P17: NA | Q17: NA | T17: 0 | U17: 0 | V17: 0 | W17: 0 | X17: 0 | Y17: 0 | Z17: 0 | AA17: 0 | AB17: 0 | AC17: 0 | AD17: 0 | AE17: 0 | AF17: 0 | AG17: 0 | AH17: 0 | AI17: 0 | AJ17: 0 | AK17: 0 | AL17: 0 | AM17: 0 | AN17: 0 | AO17: 0 | AP17: 0 | AQ17: 0 | AR17: 0 | AS17: 0 | AT17: 0 | AU17: 6 | AV17: 0 | AW17: 0 | AX17: 0 | AY17: 0 | BB17: 8
B18: Situational Awareness & Forecasting | C18: Situational Awareness & Forecasting | D18: 7.3.2.2.2 | E18: Satellite-based remote sensing | H18: 2022 | I18: NA | J18: NA | K18: NA | L18: NA | M18: NA | N18: NA | O18: NA | P18: NA | Q18: NA | T18: 0 | U18: 0 | V18: 0 | W18: 0 | X18: 0 | Y18: 0 | Z18: 0 | AA18: 0 | AB18: 0 | AC18: 0 | AD18: 0 | AE18: 0 | AF18: 0 | AG18: 0 | AH18: 0 | AI18: 0 | AJ18: 0 | AK18: 0 | AL18: 0 | AM18: 0 | AN18: 0 | AO18: 0 | AP18: 0 | AQ18: 0 | AR18: 0 | AS18: 0 | AT18: 0 | AU18: 0 | AV18: 0 | AW18: 0 | AX18: 0 | AY18: 0 | AZ18: 0 | BA18: 0 | BB18: 0
B19: Situational Awareness & Forecasting | C19: Situational Awareness & Forecasting | D19: 7.3.2.3. | E19: Fault indicators for detecting faults on electric lines and equipment | F19: PSPS - for sectionalization, etc. | H19: 2011 | I19: NA | J19: 371.78 | K19: NA | L19: 263.75 | M19: 247.08 | N19: 2019 GRC | O19: NA | P19: Exceeds | Q19: P.U. Code § 451 | T19: 796.86203 | U19: 796.86203 | V19: 0 | W19: 0 | X19: 0 | Y19: 0 | Z19: 594 | AA19: 835.298 | AB19: 835.298 | AC19: 0 | AD19: 0 | AE19: 0 | AF19: 0 | AG19: 0 | AH19: 1104.0534 | AI19: 1104.0534 | AJ19: 0 | AK19: 0 | AL19: 0 | AM19: 0 | AN19: 544 | AO19: 686.75171 | AP19: 686.75171 | AQ19: 0 | AR19: 0 | AS19: 0 | AT19: 0 | AU19: 500 | AV19: 0 | AW19: 0 | AX19: 0 | AY19: 0 | AZ19: 0 | BA19: 0 | BB19: 0
B20: Situational Awareness & Forecasting | C20: Situational Awareness & Forecasting | D20: 7.3.2.4.1 | E20: Fire Potential Index | H20: 2012 | I20: NA | J20: NA | K20: NA | L20: NA | M20: NA | N20: 2019 GRC | O20: NA | P20: NA | Q20: NA | R20: Fire Potential Index | T20: 2.6259262 | U20: 2.6259262 | V20: 1727.5828 | W20: 1727.5828 | X20: 0 | Y20: 0 | Z20: 0 | AA20: 342.97535 | AB20: 342.97535 | AC20: 3363 | AD20: 3363 | AE20: 0 | AF20: 0 | AG20: 0 | AH20: 37.760208 | AI20: 37.760208 | AJ20: 2811.5346 | AK20: 2811.5346 | AL20: 0 | AM20: 0 | AN20: 0 | AO20: 242.55 | AP20: 242.55 | AQ20: 3697.2 | AR20: 3697.2 | AS20: 0 | AT20: 0 | AU20: 0 | AV20: 323.4 | AW20: 323.4 | AX20: 4066.192 | AY20: 4066.192 | AZ20: 0 | BA20: 0 | BB20: 0
B21: Situational Awareness & Forecasting | C21: Other | D21: 7.3.2.4.2 | E21: Santa Ana Wind Threat Index (SAWTI) | H21: 2014 | I21: NA | J21: NA | K21: NA | L21: NA | M21: NA | N21: NA | O21: NA | P21: NA | Q21: NA | R21: Forecast of a fire risk index, fire potential index, or similar | T21: 0 | U21: 0 | V21: 0 | W21: 0 | X21: 0 | Y21: 0 | Z21: 0 | AA21: 0 | AB21: 0 | AC21: 0 | AD21: 0 | AE21: 0 | AF21: 0 | AG21: 0 | AH21: 0 | AI21: 0 | AJ21: 0 | AK21: 0 | AL21: 0 | AM21: 0 | AN21: 0 | AO21: 0 | AP21: 0 | AQ21: 0 | AR21: 0 | AS21: 0 | AT21: 0 | AU21: 0 | AV21: 0 | AW21: 0 | AX21: 0 | AY21: 0 | AZ21: 0 | BA21: 0 | BB21: 0
B22: Situational Awareness & Forecasting | C22: Other | D22: 7.3.2.4.3 | E22: High-Performace Computing Infrastructure | H22: 2012 | I22: NA | J22: NA | K22: NA | L22: NA | M22: NA | N22: NA | O22: WMPMA | P22: Exceeds | Q22: P.U. Code § 451 | T22: 0 | U22: 0 | V22: 0 | W22: 0 | X22: 0 | Y22: 0 | Z22: 0 | AA22: 0 | AB22: 0 | AC22: 0 | AD22: 0 | AE22: 0 | AF22: 0 | AG22: 0 | AH22: 0 | AI22: 0 | AJ22: 0 | AK22: 0 | AL22: 0 | AM22: 0 | AN22: 0 | AO22: 5500 | AP22: 5500 | AQ22: 0 | AR22: 0 | AS22: 0 | AT22: 0 | AU22: 0 | AV22: 0 | AW22: 0 | AX22: 0 | AY22: 0 | AZ22: 0 | BA22: 0 | BB22: 0
B23: Situational Awareness & Forecasting | C23: Situational Awareness & Forecasting | D23: 7.3.2.5 | E23: Personnel monitoring areas of electric lines and equipment in elevated fire risk conditions | F23: Equipment failure | G23: Other contact with object | H23: 2008 | I23: NA | J23: NA | K23: NA | L23: NA | M23: NA | N23: NA | O23: NA | P23: NA | Q23: NA | T23: 0 | U23: 0 | V23: 0 | W23: 0 | X23: 0 | Y23: 0 | Z23: 0 | AA23: 0 | AB23: 0 | AC23: 0 | AD23: 0 | AE23: 0 | AF23: 0 | AG23: 0 | AH23: 0 | AI23: 0 | AJ23: 0 | AK23: 0 | AL23: 0 | AM23: 0 | AN23: 0 | AO23: 0 | AP23: 0 | AQ23: 0 | AR23: 0 | AS23: 0 | AT23: 0 | AU23: 0 | AV23: 0 | AW23: 0 | AX23: 0 | AY23: 0 | AZ23: 0 | BA23: 0 | BB23: 0
B24: Situational Awareness & Forecasting | C24: Situational Awareness & Forecasting | D24: 7.3.2.6. | E24: Weather forecasting and estimating impacts on electric lines and equipment | H24: 2009 | I24: NA | J24: NA | K24: NA | L24: NA | M24: NA | N24: NA | O24: NA | P24: NA | Q24: NA | T24: 0 | U24: 0 | V24: 0 | W24: 0 | X24: 0 | Y24: 0 | Z24: 0 | AA24: 0 | AB24: 0 | AC24: 0 | AD24: 0 | AE24: 0 | AF24: 0 | AG24: 0 | AH24: 0 | AI24: 0 | AJ24: 0 | AK24: 0 | AL24: 0 | AM24: 0 | AN24: 0 | AO24: 0 | AP24: 0 | AQ24: 0 | AR24: 0 | AS24: 0 | AT24: 0 | AU24: 0 | AV24: 0 | AW24: 0 | AX24: 0 | AY24: 0 | AZ24: 0 | BA24: 0 | BB24: 0
B25: Grid Design & System Hardening | C25: Grid Design & System Hardening | D25: 7.3.3.1. | E25: Capacitor maintenance and replacement program (SCADA) | F25: Equipment failure | H25: 2016 | I25: NA | J25: 409.37 | K25: NA | L25: 165.61 | M25: 31.62 | N25: 2019 GRC | O25: NA | P25: Exceeds | Q25: G.O. 95 | T25: 199.54199 | U25: 199.54199 | V25: 0 | W25: 0 | X25: 0 | Y25: 0 | Z25: NA | AA25: 1038.1571 | AB25: 1038.1571 | AC25: 0 | AD25: 0 | AE25: 0 | AF25: 0 | AG25: 30 | AH25: 2805.7206 | AI25: 2805.7206 | AJ25: 0 | AK25: 0 | AL25: 0 | AM25: 0 | AN25: 35 | AO25: 3230.7508 | AP25: 2132.2955 | AQ25: 0 | AR25: 0 | AS25: 0 | AT25: 0 | AU25: 40 | AV25: 1815 | AW25: 1197.9 | AX25: 0 | AY25: 0 | AZ25: 0 | BA25: 0 | BB25: 33
B26: Grid Design & System Hardening | C26: Grid Design & System Hardening | D26: 7.3.3.2. | E26: Circuit breaker maintenance and installation to de-energize lines upon detecting a fault | H26: 1997 | I26: NA | J26: NA | K26: NA | L26: NA | M26: NA | N26: NA | O26: NA | P26: NA | Q26: NA | T26: 0 | U26: 0 | V26: 0 | W26: 0 | X26: 0 | Y26: 0 | Z26: 0 | AA26: 0 | AB26: 0 | AC26: 0 | AD26: 0 | AE26: 0 | AF26: 0 | AG26: 0 | AH26: 0 | AI26: 0 | AJ26: 0 | AK26: 0 | AL26: 0 | AM26: 0 | AN26: 0 | AO26: 0 | AP26: 0 | AQ26: 0 | AR26: 0 | AS26: 0 | AT26: 0 | AU26: 0 | AV26: 0 | AW26: 0 | AX26: 0 | AY26: 0 | AZ26: 0 | BA26: 0 | BB26: 0
B27: Grid Design & System Hardening | C27: Grid Design & System Hardening | D27: 7.3.3.3. | E27: Covered conductor installation | F27: Other contact with object | G27: Equipment failure | H27: 2020 | I27: NA | J27: NA | K27: NA | L27: 10.66 | M27: 17.92 | N27: NA | O27: WMPMA | P27: Exceeds | Q27: G.O. 95 | T27: 1463.1111 | U27: 1463.1111 | V27: 0 | W27: 0 | X27: 0 | Y27: 0 | Z27: 0 | AA27: 2593.972 | AB27: 2593.972 | AC27: 0 | AD27: 0 | AE27: 0 | AF27: 1.9 | AG27: 0 | AH27: 39388.92 | AI27: 39388.92 | AJ27: 519.40938 | AK27: 517 | AL27: =-AN27 -> 0 | AM27: 20 | AN27: 0 | AO27: 124643.19 | AP27: 124643.19 | AQ27: 594.291 | AR27: 594.291 | AS27: 0 | AT27: 60 | AU27: 0 | AV27: 150871.66 | AW27: 150871.66 | AX27: 754.35831 | AY27: 754.35831 | AZ27: 0 | BA27: 0 | BB27: 100
B28: Grid Design & System Hardening | C28: Grid Design & System Hardening | D28: 7.3.3.4. | E28: Covered conductor maintenance | H28: 1997 | I28: NA | J28: NA | K28: NA | L28: NA | M28: NA | N28: NA | O28: NA | P28: NA | Q28: NA | R28: Detailed inspections of distribution electric lines and equipment | T28: 0 | U28: 0 | V28: 0 | W28: 0 | X28: 0 | Y28: 0 | Z28: 0 | AA28: 0 | AB28: 0 | AC28: 0 | AD28: 0 | AE28: 0 | AF28: 0 | AG28: 0 | AH28: 0 | AI28: 0 | AJ28: 0 | AK28: 0 | AL28: 0 | AM28: 0 | AN28: 0 | AO28: 0 | AP28: 0 | AQ28: 0 | AR28: 0 | AS28: 0 | AT28: 0 | AU28: 0 | AV28: 0 | AW28: 0 | AX28: 0 | AY28: 0 | AZ28: 0 | BA28: 0 | BB28: 0
B29: Grid Design & System Hardening | C29: Grid Design & System Hardening | D29: 7.3.3.5. | E29: Crossarm maintenance, repair, and replacement | H29: 1997 | I29: NA | J29: NA | K29: NA | L29: NA | M29: NA | N29: NA | O29: NA | P29: NA | Q29: NA | R29: Detailed inspections of distribution electric lines and equipment | T29: 0 | U29: 0 | V29: 0 | W29: 0 | X29: 0 | Y29: 0 | Z29: 0 | AA29: 0 | AB29: 0 | AC29: 0 | AD29: 0 | AE29: 0 | AF29: 0 | AG29: 0 | AH29: 0 | AI29: 0 | AJ29: 0 | AK29: 0 | AL29: 0 | AM29: 0 | AN29: 0 | AO29: 0 | AP29: 0 | AQ29: 0 | AR29: 0 | AT29: 0 | AU29: 0 | AV29: 0 | AW29: 0 | AX29: 0 | AY29: 0 | AZ29: 0 | BA29: 0 | BB29: 0
B30: Grid Design & System Hardening | C30: Grid Design & System Hardening | D30: 7.3.3.6. | E30: Distribution pole replacement and reinforcement, including with composite poles | H30: 1997 | I30: NA | J30: NA | K30: NA | L30: NA | M30: NA | N30: NA | O30: NA | P30: NA | Q30: NA | T30: 0 | U30: 0 | V30: 0 | W30: 0 | X30: 0 | Y30: 0 | Z30: 0 | AA30: 0 | AB30: 0 | AC30: 0 | AD30: 0 | AE30: 0 | AF30: 0 | AG30: 0 | AH30: 0 | AI30: 0 | AJ30: 0 | AK30: 0 | AL30: 0 | AM30: 0 | AN30: 0 | AO30: 0 | AP30: 0 | AQ30: 0 | AR30: 0 | AT30: 0 | AU30: 0 | AV30: 0 | AW30: 0 | AX30: 0 | AY30: 0 | AZ30: 0 | BA30: 0 | BB30: 0
B31: Grid Design & System Hardening | C31: Grid Design & System Hardening | D31: 7.3.3.7. | E31: Expulsion fuse replacement | F31: Equipment failure | H31: 2019 | I31: NA | J31: NA | K31: NA | L31: 117.44 | M31: 411.11 | N31: NA | O31: WMPMA | P31: Exceeds | Q31: G.O. 95 | T31: 3716.2553 | U31: 3716.2553 | V31: 0 | W31: 0 | X31: 0 | Y31: 0 | Z31: 2490 | AA31: 6520.6375 | AB31: 6520.6375 | AC31: 0 | AD31: 0 | AE31: 0 | AF31: 0 | AG31: 3179 | AH31: 6488.6708 | AI31: 6488.6708 | AJ31: 0 | AK31: 0 | AL31: 0 | AM31: 0 | AN31: 3976 | AO31: 734.00138 | AP31: 734.00138 | AQ31: 0 | AR31: 0 | AT31: 0 | AU31: 227 | AV31: 0 | AW31: 0 | AX31: 0 | AY31: 0 | AZ31: 0 | BA31: 0 | BB31: 0
B32: Grid Design & System Hardening | C32: Grid Design & System Hardening | D32: 7.3.3.8.1 | E32: PSPS Sectionalizing | F32: PSPS - for sectionalization, etc. | H32: 2019 | I32: NA | J32: 1067.23 | K32: NA | L32: 1106.66 | M32: 2166.36 | N32: NA | O32: WMPMA | P32: Exceeds | Q32: G.O. 95 | T32: 1321.3975 | U32: 1105.741 | V32: 0 | W32: 0 | X32: 0 | Y32: 0 | Z32: 7 | AA32: 4854.3341 | AB32: 4062.0904 | AC32: 0 | AD32: 0 | AE32: 0 | AF32: 0 | AG32: 23 | AH32: 1911.1961 | AI32: 1574.4062 | AJ32: 0 | AK32: 0 | AL32: 0 | AM32: 0 | AN32: 13 | AO32: 1909.6787 | AP32: 1527.3208 | AQ32: 0 | AR32: 0 | AS32: 0 | AT32: 0 | AU32: 10 | AV32: 1526.01 | AW32: 1220.4706 | AX32: 0 | AY32: 0 | AZ32: 0 | BA32: 0 | BB32: 10
B33: Grid Design & System Hardening | C33: Other | D33: 7.3.3.8.2 | E33: Microgrids | F33: PSPS - for sectionalization, etc. | H33: 2019 | I33: NA | J33: 18.07 | K33: NA | L33: 1.02 | M33: 203.25 | N33: NA | O33: WMPMA | P33: Exceeds | Q33: P.U. Code § 451 | T33: 187.88195 | U33: 169.16293 | V33: 0 | W33: 0 | X33: 0 | Y33: 0 | Z33: 0 | AA33: 3541.9889 | AB33: 2964.4063 | AC33: 370.54159 | AD33: 107.84884 | AE33: 0 | AF33: 0 | AG33: 4 | AH33: 12997.5 | AI33: 12549.782 | AJ33: 1378.1956 | AK33: 411.81609 | AL33: 0 | AM33: 0 | AN33: 0 | AO33: 13309.078 | AP33: 2124.3268 | AQ33: 1607.2781 | AR33: 482.40727 | AT33: 0 | AU33: 4 | AV33: 2584.2223 | AW33: 0 | AX33: 1607.2781 | AY33: 482.40727 | AZ33: 0 | BA33: 0 | BB33: 2
B34: Grid Design & System Hardening | C34: Grid Design & System Hardening | D34: 7.3.3.9. | E34: Installation of system automation equipment (advanced protection) | F34: PSPS - for sectionalization, etc. | H34: 2011 | I34: NA | J34: NA | K34: NA | L34: NA | M34: 178.31 | N34: NA | O34: WMPMA | P34: Exceeds | Q34: P.U. Code § 451 | T34: 3479.8791 | U34: 3479.8791 | V34: 0 | W34: 0 | X34: 0 | Y34: 0 | Z34: NA | AA34: 9116.5443 | AB34: 9116.5443 | AC34: 0 | AD34: 0 | AE34: 0 | AF34: 0 | AG34: 6 | AH34: 10825.423 | AI34: 10825.423 | AJ34: 0 | AK34: 0 | AL34: 0 | AM34: 0 | AN34: 4 | AO34: 12937.919 | AP34: 12937.919 | AQ34: 0 | AR34: 0 | AT34: 0 | AU34: 8 | AV34: 11668.752 | AW34: 11668.752 | AX34: 0 | AY34: 0 | AZ34: 0 | BA34: 0 | BB34: 8
B35: Grid Design & System Hardening | C35: Grid Design & System Hardening | D35: 7.3.3.10. | E35: Maintenance, repair, and replacement of connectors, including hotline clamps | F35: PSPS - for sectionalization, etc. | H35: 2019 | I35: NA | J35: NA | K35: NA | L35: 50.44 | M35: 149.57 | N35: NA | O35: WMPMA | P35: Exceeds | Q35: G.O. 95 | T35: 0 | U35: 0 | V35: 921.92141 | W35: 921.92141 | X35: 0 | Y35: 0 | Z35: 660 | AA35: 0 | AB35: 0 | AC35: 3298.581 | AD35: 3298.581 | AE35: 0 | AF35: 0 | AG35: 2061 | AH35: 0 | AI35: 0 | AJ35: 3714.0213 | AK35: 3714.0213 | AL35: 0 | AM35: 0 | AN35: 2743 | AO35: 0 | AP35: 0 | AQ35: 4320.558 | AR35: 4320.558 | AT35: 0 | AU35: 1650 | AV35: 0 | AW35: 0 | AX35: 4320.5578 | AY35: 4320.5578 | AZ35: 0 | BA35: 0 | BB35: 1200
B36: Grid Design & System Hardening | C36: Other | D36: 7.3.3.11.1 | E36: Generator Grant Program | F36: PSPS - for sectionalization, etc. | H36: 2020 | I36: NA | J36: 2.81 | K36: NA | L36: 164.05 | M36: 211.3 | N36: NA | O36: WMPMA | P36: Exceeds | Q36: P.U. Code § 451 | T36: 0 | U36: 0 | V36: 0 | W36: 0 | X36: 0 | Y36: 0 | Z36: NA | AA36: 0 | AB36: 0 | AC36: 5075.892 | AD36: 4812.768 | AE36: 0 | AF36: 0 | AG36: 1420 | AH36: 0 | AI36: 0 | AJ36: 7892.791 | AK36: 7874.994 | AL36: 0 | AM36: 0 | AN36: 2310 | AO36: 0 | AP36: 0 | AQ36: 10400 | AR36: 10400 | AT36: 0 | AU36: 3000 | AV36: 0 | AW36: 0 | AX36: 10400 | AY36: 10400 | AZ36: 0 | BA36: 0 | BB36: 2000
B37: Grid Design & System Hardening | C37: Other | D37: 7.3.3.11.2 | E37: Standby Power Programs | F37: PSPS - for sectionalization, etc. | H37: 2020 | I37: NA | J37: NA | K37: NA | L37: 25.04 | M37: 58.09 | N37: NA | O37: WMPMA | P37: Exceeds | Q37: P.U. Code § 451 | T37: 0 | U37: 0 | V37: 592.02567 | W37: 592.02567 | X37: 0 | Y37: 0 | Z37: NA | AA37: 0 | AB37: 0 | AC37: 1753.6305 | AD37: 1753.6305 | AE37: 0 | AF37: 0 | AG37: 75 | AH37: 0 | AI37: 0 | AJ37: 8934.0423 | AK37: 8934.0423 | AL37: 0 | AM37: 0 | AN37: 355 | AO37: 0 | AP37: 0 | AQ37: 10350 | AR37: 10350 | AT37: 0 | AU37: 412 | AV37: 0 | AW37: 0 | AX37: 10350 | AY37: 10350 | AZ37: 0 | BA37: 0 | BB37: 300
B38: Grid Design & System Hardening | C38: Other | D38: 7.3.3.11.3 | E38: Generator Assistance Program | F38: PSPS - for sectionalization, etc. | H38: 2020 | I38: NA | J38: 388.94 | K38: NA | L38: 251.42 | M38: 601.79 | N38: NA | O38: WMPMA | P38: Exceeds | Q38: P.U. Code § 451 | T38: 0 | U38: 0 | V38: 0 | W38: 0 | X38: 0 | Y38: 0 | Z38: 65 | AA38: 0 | AB38: 0 | AC38: 760.58664 | AD38: 760.58664 | AE38: 0 | AF38: 0 | AG38: 1274 | AH38: 0 | AI38: 0 | AJ38: 744.29656 | AK38: 739.951 | AL38: 0 | AM38: 0 | AN38: 735 | AO38: 0 | AP38: 0 | AQ38: 1828 | AR38: 1828 | AT38: 0 | AU38: 1250 | AV38: 0 | AW38: 0 | AX38: 1828 | AY38: 1828 | AZ38: 0 | BA38: 0 | BB38: 1250
B39: Grid Design & System Hardening | C39: Grid Design & System Hardening | D39: 7.3.3.12. | E39: Other corrective action | H39: 1997 | I39: NA | J39: NA | K39: NA | L39: NA | M39: NA | N39: NA | O39: NA | P39: NA | Q39: NA | R39: Detailed inspections of distribution electric lines and equipment | T39: 0 | U39: 0 | V39: 0 | W39: 0 | X39: 0 | Y39: 0 | Z39: 0 | AA39: 0 | AB39: 0 | AC39: 0 | AD39: 0 | AE39: 0 | AF39: 0 | AG39: 0 | AH39: 0 | AI39: 0 | AJ39: 0 | AK39: 0 | AL39: 0 | AM39: 0 | AN39: 0 | AO39: 0 | AP39: 0 | AQ39: 0 | AR39: 0 | AT39: 0 | AU39: 0 | AV39: 0 | AW39: 0 | AX39: 0 | AY39: 0 | AZ39: 0 | BA39: 0 | BB39: 0
B40: Grid Design & System Hardening | C40: Grid Design & System Hardening | D40: 7.3.3.13. | E40: Pole loading infrastructure hardening and replacement program based on pole loading assessment program | H40: 2011 | I40: NA | J40: NA | K40: NA | L40: NA | M40: NA | N40: NA | O40: NA | P40: NA | Q40: NA | R40: Traditional Hardening - Distribution overhead system hardening | T40: 0 | U40: 0 | V40: 0 | W40: 0 | X40: 0 | Y40: 0 | Z40: 0 | AA40: 0 | AB40: 0 | AC40: 0 | AD40: 0 | AE40: 0 | AF40: 0 | AG40: 0 | AH40: 0 | AI40: 0 | AJ40: 0 | AK40: 0 | AL40: 0 | AM40: 0 | AN40: 0 | AO40: 0 | AP40: 0 | AQ40: 0 | AR40: 0 | AT40: 0 | AU40: 0 | AV40: 0 | AW40: 0 | AX40: 0 | AY40: 0 | AZ40: 0 | BA40: 0 | BB40: 0
B41: Grid Design & System Hardening | C41: Grid Design & System Hardening | D41: 7.3.3.14. | E41: Transformers maintenance and replacement | H41: 1997 | I41: NA | J41: NA | K41: NA | L41: NA | M41: NA | N41: NA | O41: NA | P41: NA | Q41: NA | T41: 0 | U41: 0 | V41: 0 | W41: 0 | X41: 0 | Y41: 0 | Z41: 0 | AA41: 0 | AB41: 0 | AC41: 0 | AD41: 0 | AE41: 0 | AF41: 0 | AG41: 0 | AH41: 0 | AI41: 0 | AJ41: 0 | AK41: 0 | AL41: 0 | AM41: 0 | AN41: 0 | AO41: 0 | AP41: 0 | AQ41: 0 | AR41: 0 | AT41: 0 | AU41: 0 | AV41: 0 | AW41: 0 | AX41: 0 | AY41: 0 | AZ41: 0 | BA41: 0 | BB41: 0
B42: Grid Design & System Hardening | C42: Grid Design & System Hardening | D42: 7.3.3.15. | E42: Transmission tower maintenance and replacement | H42: 1997 | I42: NA | J42: NA | K42: NA | L42: NA | M42: NA | N42: NA | O42: NA | P42: NA | Q42: NA | T42: 0 | U42: 0 | V42: 0 | W42: 0 | X42: 0 | Y42: 0 | Z42: 0 | AA42: 0 | AB42: 0 | AC42: 0 | AD42: 0 | AE42: 0 | AF42: 0 | AG42: 0 | AH42: 0 | AI42: 0 | AJ42: 0 | AK42: 0 | AL42: 0 | AM42: 0 | AN42: 0 | AO42: 0 | AP42: 0 | AQ42: 0 | AR42: 0 | AT42: 0 | AU42: 0 | AV42: 0 | AW42: 0 | AX42: 0 | AY42: 0 | AZ42: 0 | BA42: 0 | BB42: 0
B43: Grid Design & System Hardening | C43: Grid Design & System Hardening | D43: 7.3.3.16. | E43: Undergrounding of electric lines and/or equipment | F43: Other contact with object | G43: Equipment failure | H43: 2019 | I43: NA | J43: NA | K43: NA | L43: 113.77 | M43: 57.66 | N43: NA | O43: WMPMA | P43: Exceeds | Q43: G.O. 95 | T43: 192.22883 | U43: 192.22888 | V43: 0 | W43: 0 | X43: 0 | Y43: 2.6 | Z43: 0 | AA43: 38789.99 | AB43: 38790 | AC43: 0 | AD43: 0 | AE43: 0 | AF43: 15.5 | AG43: 0 | AH43: 69410.217 | AI43: 69410.217 | AJ43: 0 | AK43: 0 | AL43: 0 | AM43: 25.92 | AN43: 0 | AO43: 188844.66 | AP43: 188844.66 | AQ43: 1048.575 | AR43: 1048.575 | AS43: 0 | AT43: 65 | AU43: 0 | AV43: 310038.05 | AW43: 310038.05 | AX43: 1725.58 | AY43: 1725.58 | AZ43: 0 | BA43: 0 | BB43: 125
B44: Grid Design & System Hardening | C44: Other | D44: 7.3.3.17.1 | E44: Traditional Hardening - Distribution overhead system hardening | F44: Equipment failure | G44: Other contact with object | H44: 2009 | I44: NA | J44: 8.11 | K44: NA | L44: 13.14 | M44: 18.14 | N44: 2019 GRC | O44: NA | P44: Exceeds | Q44: G.O. 95 | T44: 113423.8 | U44: 113414.89 | V44: 2161.705 | W44: 2161.5412 | X44: 0 | Y44: 122.9 | Z44: 0 | AA44: 136810.75 | AB44: 136800 | AC44: 3446.1072 | AD44: 3445.846 | AE44: 0 | AF44: 99.5 | AG44: 0 | AH44: 94372.208 | AI44: 94350 | AJ44: 2596.4565 | AK44: 2595.4615 | AL44: 0 | AM44: 100 | AN44: 0 | AO44: 16311.542 | AP44: 15810 | AQ44: 178.329 | AR44: 172.901 | AS44: 0 | AT44: 5 | AU44: 0 | AV44: 5479.4596 | AW44: 5310.979 | AX44: 54.7946 | AY44: 53.126755 | AZ44: 0 | BA44: 0 | BB44: 1.04
B45: Grid Design & System Hardening | C45: Other | D45: 7.3.3.17.2.1 | E45: Overhead transmission fire hardening (Transmission) | F45: Equipment failure | G45: Other contact with object | H45: 2009 | I45: NA | J45: NA | K45: NA | L45: 30.01 | M45: NA | N45: NA | O45: NA | P45: Exceeds | Q45: G.O. 95 | T45: 0 | U45: 0 | V45: 0 | W45: 0 | X45: 0 | Y45: 7 | Z45: 0 | AA45: 0 | AB45: 0 | AC45: 0 | AD45: 0 | AE45: 0 | AF45: 21.6 | AG45: 0 | AH45: 0 | AI45: 0 | AJ45: 0 | AK45: 0 | AL45: 0 | AM45: 6.7 | AN45: 0 | AO45: 0 | AP45: 0 | AQ45: 0 | AR45: 0 | AS45: 0 | AT45: 18.5 | AU45: 0 | AV45: 0 | AW45: 0 | AX45: 0 | AY45: 0 | AZ45: 0 | BA45: 0 | BB45: 0
B46: Grid Design & System Hardening | C46: Other | D46: 7.3.3.17.2.2 | E46: Underground transmission fire hardening (Transmission) | F46: Other contact with object | G46: Equipment failure | H46: 2009 | I46: NA | J46: NA | K46: NA | L46: 10.43 | M46: NA | N46: NA | O46: NA | P46: Exceeds | Q46: G.O. 95 | T46: 0 | U46: 0 | V46: 0 | W46: 0 | X46: 0 | Y46: 3 | Z46: 0 | AA46: 0 | AB46: 0 | AC46: 0 | AD46: 0 | AE46: 0 | AF46: 0 | AG46: 0 | AH46: 0 | AI46: 0 | AJ46: 0 | AK46: 0 | AL46: 0 | AM46: 0 | AN46: 0 | AO46: 0 | AP46: 0 | AQ46: 0 | AR46: 0 | AS46: 0 | AT46: 5.5 | AU46: 0 | AV46: 0 | AW46: 0 | AX46: 0 | AY46: 0 | AZ46: 0 | BA46: 0 | BB46: 0
B47: Grid Design & System Hardening | C47: Other | D47: 7.3.3.17.2.3 | E47: Overhead transmission fire hardening (Distribution Underbuilt) | F47: Equipment failure | G47: Other contact with object | H47: 2009 | I47: NA | J47: NA | K47: NA | L47: 14.44 | M47: NA | N47: 2019 GRC | O47: NA | P47: Exceeds | Q47: G.O. 95 | T47: 2982.1867 | U47: 2982.1867 | V47: 0 | W47: 0 | X47: 0 | Y47: 10 | Z47: 0 | AA47: 5032.9847 | AB47: 5032.9847 | AC47: 0 | AD47: 0 | AE47: 0 | AF47: 9.4 | AG47: 0 | AH47: 5468.9447 | AI47: 5468.9447 | AJ47: 0 | AK47: 0 | AL47: 0 | AM47: 3.4 | AN47: 0 | AO47: 4272.7085 | AP47: 4272.7085 | AQ47: 0 | AR47: 0 | AS47: 0 | AT47: 7.6 | AU47: 0 | AV47: 11766.806 | AW47: 11766.806 | AX47: 0 | AY47: 0 | AZ47: 0 | BA47: 0 | BB47: 11.82
B48: Grid Design & System Hardening | C48: Grid Design & System Hardening | D48: 7.3.3.17.3 | E48: CNF MSUP Powerline Replacement Program (Transmission) | F48: Equipment failure | G48: Other contact with object | H48: 2009 | I48: NA | J48: NA | K48: NA | L48: NA | M48: 72.93 | N48: NA | O48: NA | P48: Exceeds | Q48: G.O. 95 | T48: 0 | U48: 0 | V48: 0 | W48: 0 | Y48: 25 | AA48: 0 | AB48: 0 | AC48: 0 | AD48: 0 | AE48: 0 | AF48: 29.1 | AG48: 0 | AH48: 0 | AI48: 0 | AJ48: 0 | AK48: 0 | AL48: 0 | AM48: 0 | AN48: 0 | AO48: 0 | AP48: 0 | AQ48: 0 | AR48: 0 | AS48: 0 | AT48: 0 | AU48: 0 | AV48: 0 | AW48: 0 | AX48: 0 | AY48: 0 | AZ48: 0 | BA48: 0 | BB48: 0
B49: Grid Design & System Hardening | C49: Grid Design & System Hardening | D49: 7.3.3.17.3 | E49: CNF (Distributon Underground) | F49: Other contact with object | G49: Equipment failure | H49: 2009 | I49: NA | J49: NA | K49: NA | L49: NA | M49: 21.63 | N49: 2019 GRC | O49: NA | P49: Exceeds | Q49: G.O. 95 | T49: 30559.188 | U49: 30559.188 | V49: 0 | W49: 0 | Y49: 8.7 | AA49: 37981.914 | AB49: 37981.914 | AC49: 0 | AD49: 0 | AE49: 0 | AF49: 14.4 | AG49: 0 | AH49: 5652.9308 | AI49: 5652.9308 | AJ49: 0 | AK49: 0 | AL49: 0 | AN49: 0 | AO49: 617.55491 | AP49: 617.55491 | AQ49: 0 | AR49: 0 | AS49: 0 | AT49: 0 | AU49: 0 | AV49: 236.77459 | AW49: 236.77459 | AX49: 0 | AY49: 0 | AZ49: 0 | BA49: 0 | BB49: 0
B50: Grid Design & System Hardening | C50: Grid Design & System Hardening | D50: 7.3.3.17.3 | E50: CNF(Distribution Overhead) | F50: Equipment failure | G50: Other contact with object | H50: 2009 | I50: NA | J50: NA | K50: NA | L50: NA | M50: 22.73 | N50: 2019 GRC | O50: NA | P50: Exceeds | Q50: G.O. 95 | T50: 37237.277 | U50: 37237.277 | V50: 0 | W50: 0 | Y50: 26.4 | AA50: 46282.089 | AB50: 46282.089 | AC50: 0 | AD50: 0 | AE50: 0 | AF50: 21.8 | AG50: 0 | AH50: 6888.2638 | AI50: 6888.2638 | AJ50: 0 | AK50: 0 | AL50: 0 | AM50: 6.8 | AN50: 0 | AO50: 752.50898 | AP50: 752.50898 | AQ50: 1900.0337 | AR50: 1900.0337 | AS50: 0 | AT50: 0 | AU50: 0 | AV50: 288.51686 | AW50: 288.51686 | AX50: 2806.6868 | AY50: 2806.6868 | AZ50: 0 | BA50: 0 | BB50: 0
B51: Grid Design & System Hardening | C51: Other | D51: 7.3.3.18.1 | E51: Distribution Communications reliability improvements (LTE) | H51: 2010 | I51: NA | J51: NA | K51: NA | L51: NA | M51: NA | N51: 2019 GRC | O51: NA | P51: NA | Q51: P.U. Code § 451 | T51: 8098.6358 | U51: 8098.6358 | V51: 0 | W51: 0 | X51: 0 | Y51: 0 | Z51: NA | AA51: 35475.522 | AB51: 35475.522 | AC51: 0 | AD51: 0 | AE51: 0 | AF51: 0 | AG51: 15 | AH51: 49457.513 | AI51: 49457.513 | AJ51: 0 | AK51: 0 | AL51: 0 | AM51: 0 | AN51: 10 | AO51: 70641.545 | AP51: 70641.545 | AQ51: 0 | AR51: 0 | AS51: 0 | AT51: 0 | AU51: 25 | AV51: 58629.448 | AW51: 58629.448 | AX51: 0 | AY51: 0 | AZ51: 0 | BA51: 0 | BB51: 45
B52: Grid Design & System Hardening | C52: Other | D52: 7.3.3.18.2 | E52: Lightning Arrestors Removal & Replacement | F52: Equipment failure | H52: 2020 | I52: NA | J52: NA | K52: NA | L52: 35.44 | M52: 176.05 | N52: NA | O52: WMPMA | P52: Exceeds | Q52: G.O. 95 | T52: 0 | U52: 0 | V52: 0 | W52: 0 | X52: 0 | Y52: 0 | Z52: NA | AA52: 19.20327 | AB52: 19.20327 | AC52: 0 | AD52: 0 | AE52: 0 | AF52: 0 | AG52: 0 | AH52: 2029.5942 | AI52: 2029.5942 | AJ52: 0 | AK52: 0 | AL52: 0 | AM52: 0 | AN52: 1789 | AO52: 2877.0537 | AP52: 2877.0537 | AQ52: 0 | AR52: 0 | AS52: 0 | AT52: 0 | AU52: 1848 | AV52: 2425.843 | AW52: 2425.843 | AX52: 0 | AY52: 0 | AZ52: 0 | BA52: 0 | BB52: 1848
B53: Grid Design & System Hardening | C53: Other | D53: 7.3.3.18.3 | E53: Avian Mitigation | F53: Other contact with object | H53: 2022 | I53: NA | J53: 0.68 | K53: NA | L53: 38.64 | M53: 55.77 | N53: NA | O53: WMPMA | P53: NA | Q53: NA | T53: 0 | U53: 0 | V53: 0 | W53: 0 | X53: 0 | Y53: 0 | Z53: 0 | AA53: 0 | AB53: 0 | AC53: 0 | AD53: 0 | AE53: 0 | AF53: 0 | AG53: 0 | AH53: 0 | AI53: 0 | AJ53: 0 | AK53: 0 | AL53: 0 | AM53: 0 | AN53: 0 | AO53: 3081.1997 | AP53: 2925.1997 | AQ53: 0 | AR53: 0 | AS53: 0 | AT53: 0 | AU53: 0 | AV53: 890.489 | AW53: 845.40387 | AX53: 0 | AY53: 0 | AZ53: 0 | BA53: 0 | BB53: 570
B54: Asset Management & Inspections | C54: Asset Management & Inspections | D54: 7.3.4.1 | E54: Detailed inspections of distribution electric lines and equipment | F54: Equipment failure | H54: 1997 | I54: NA | J54: 8.56 | K54: NA | L54: 87.59 | M54: 68.39 | N54: 2019 GRC | O54: NA | P54: Meets | Q54: G.O. 95 | T54: 9027.6655 | U54: 3421.1499 | V54: 567.02095 | W54: 363.53543 | X54: 0 | Y54: 0 | Z54: 16329 | AA54: 8535.6409 | AB54: 3234.6909 | AC54: 179 | AD54: 114.76268 | AE54: 0 | AF54: 0 | AG54: 17977 | AH54: 9378.4269 | AI54: 4576.0108 | AJ54: 1463.8372 | AK54: 714.2818 | AL54: 0 | AM54: 0 | AN54: 22354 | AO54: 6898.9552 | AP54: 3092.6317 | AQ54: 1155.3799 | AR54: 517.92499 | AS54: 0 | AT54: 0 | AU54: 18177 | AV54: 6244.0915 | AW54: 2799.0724 | AX54: 236 | AY54: 105.7923 | AZ54: 0 | BA54: 0 | BB54: 11769
B55: Asset Management & Inspections | C55: Asset Management & Inspections | D55: 7.3.4.2 | E55: Detailed inspections of transmission electric lines and equipment | F55: Equipment failure | H55: 1997 | I55: NA | J55: NA | K55: NA | L55: 13.3 | M55: 28.4 | N55: NA | O55: NA | P55: Meets | Q55: G.O. 95 | T55: 436.74997 | U55: 436.74997 | V55: 0 | W55: 0 | X55: 0 | Y55: 0 | Z55: 37 | AA55: 859.578 | AB55: 859.578 | AC55: 0 | AD55: 0 | AE55: 0 | AF55: 0 | AG55: 2679 | AH55: 336.58458 | AI55: 336.58458 | AJ55: 0 | AK55: 0 | AL55: 0 | AM55: 0 | AN55: 1957 | AO55: 576.1088 | AP55: 576.1088 | AQ55: 0 | AR55: 0 | AS55: 0 | AT55: 0 | AU55: 2087 | AV55: 1496.4636 | AW55: 1496.4636 | AX55: 0 | AY55: 0 | AZ55: 0 | BA55: 0 | BB55: 2715
B56: Asset Management & Inspections | C56: Asset Management & Inspections | D56: 7.3.4.3 | E56: Improvement of inspections | H56: 2019 | I56: NA | J56: NA | K56: NA | L56: NA | M56: NA | N56: NA | O56: NA | P56: NA | Q56: NA | T56: 0 | U56: 0 | V56: 0 | W56: 0 | X56: 0 | Y56: 0 | Z56: 0 | AA56: 0 | AB56: 0 | AC56: 0 | AD56: 0 | AE56: 0 | AF56: 0 | AG56: 0 | AH56: 0 | AI56: 0 | AJ56: 0 | AK56: 0 | AL56: 0 | AM56: 0 | AN56: 0 | AO56: 0 | AP56: 0 | AQ56: 0 | AR56: 0 | AS56: 0 | AT56: 0 | AU56: 0 | AV56: 0 | AW56: 0 | AX56: 0 | AY56: 0 | AZ56: 0 | BA56: 0 | BB56: 0
B57: Asset Management & Inspections | C57: Asset Management & Inspections | D57: 7.3.4.4 | E57: Infrared inspections of distribution electric lines and equipment | F57: Equipment failure | H57: 2020 | I57: NA | J57: NA | K57: NA | L57: 9.49 | M57: 17.17 | N57: NA | O57: WMPMA | P57: Exceeds | Q57: P.U. Code § 451 | T57: 0 | U57: 0 | V57: 98.11793 | W57: 98.11793 | X57: 0 | Y57: 0 | Z57: NA | AA57: 0 | AB57: 0 | AC57: 175 | AD57: 175 | AE57: 0 | AF57: 0 | AG57: 13077 | AH57: 0 | AI57: 0 | AJ57: 145.65891 | AK57: 145.65891 | AL57: 0 | AM57: 0 | AN57: 17068 | AO57: 0 | AP57: 0 | AQ57: 174.57433 | AR57: 174.57433 | AS57: 0 | AT57: 0 | AU57: 12000 | AV57: 0 | AW57: 0 | AX57: 174.57433 | AY57: 174.57433 | AZ57: 0 | BA57: 0 | BB57: 12000
B58: Asset Management & Inspections | C58: Asset Management & Inspections | D58: 7.3.4.5 | E58: Infrared inspections of transmission electric lines and equipment | F58: Equipment failure | H58: 2010 | I58: NA | J58: NA | K58: NA | L58: 106.13 | M58: 239.22 | N58: NA | O58: NA | P58: Meets | Q58: P.U. Code § 451 | T58: 0 | U58: 0 | V58: 0 | W58: 0 | X58: 0 | Y58: 0 | Z58: 112 | AA58: 0 | AB58: 0 | AC58: 0 | AD58: 0 | AE58: 0 | AF58: 0 | AG58: 110 | AH58: 0 | AI58: 0 | AJ58: 0 | AK58: 0 | AL58: 0 | AM58: 0 | AN58: 6239 | AO58: 0 | AP58: 0 | AQ58: 0 | AR58: 0 | AS58: 0 | AT58: 0 | AU58: 6154 | AV58: 0 | AW58: 0 | AX58: 0 | AY58: 0 | AZ58: 0 | BA58: 0 | BB58: 6565
B59: Asset Management & Inspections | C59: Asset Management & Inspections | D59: 7.3.4.6 | E59: Intrusive pole inspections | F59: Equipment failure | H59: 1997 | I59: NA | J59: 3 | K59: NA | L59: 37.88 | M59: 121.13 | N59: 2019 GRC | O59: NA | P59: Meets | Q59: G.O. 95 | T59: 615.01205 | U59: 528.78865 | V59: 1249.4412 | W59: 1201.0878 | X59: 0 | Y59: 0 | Z59: 19729 | AA59: 581.49275 | AB59: 499.96869 | AC59: 884 | AD59: 387.17432 | AE59: 0 | AF59: 0 | AG59: 14450 | AH59: 1905.6811 | AI59: 782.19159 | AJ59: 803.28208 | AK59: 329.53822 | AL59: 0 | AM59: 0 | AN59: 8721 | AO59: 1401.7661 | AP59: 25.883704 | AQ59: 24.003 | AR59: 0.44308766 | AS59: 0 | AT59: 0 | AU59: 350 | AV59: 1268.7074 | AW59: 23.426767 | AX59: 4 | AY59: 0.0136 | AZ59: 0 | BA59: 0 | BB59: 68
B60: Asset Management & Inspections | C60: Asset Management & Inspections | D60: 7.3.4.7 | E60: LiDAR inspections of distribution electric lines and equipment | H60: 2011 | I60: NA | J60: NA | K60: NA | L60: NA | M60: NA | N60: 2019 GRC | O60: NA | P60: Exceeds | Q60: G.O. 95 | T60: 0 | U60: 0 | V60: 0 | W60: 0 | X60: 0 | Y60: 0 | Z60: 0 | AA60: 0 | AB60: 0 | AC60: 0 | AD60: 0 | AE60: 0 | AF60: 0 | AG60: 0 | AH60: 0 | AI60: 0 | AJ60: 1150.5326 | AK60: 1150.5326 | AL60: 0 | AN60: 0 | AO60: 0 | AP60: 0 | AQ60: 3000 | AR60: 3000 | AS60: 0 | AT60: 0 | AU60: 0 | AV60: 0 | AW60: 0 | AX60: 1500 | AY60: 1500 | AZ60: 0 | BA60: 0 | BB60: 0
B61: Asset Management & Inspections | C61: Asset Management & Inspections | D61: 7.3.4.8 | E61: LiDAR inspections of transmission electric lines and equipment | H61: 2009 | I61: NA | J61: NA | K61: NA | L61: NA | M61: NA | N61: NA | O61: NA | P61: Exceeds | Q61: P.U. Code § 451 | T61: 0 | U61: 0 | V61: 0 | W61: 0 | X61: 0 | Y61: 0 | Z61: 0 | AA61: 0 | AB61: 0 | AC61: 0 | AD61: 0 | AE61: 0 | AF61: 0 | AG61: 0 | AH61: 0 | AI61: 0 | AJ61: 0 | AK61: 0 | AL61: 0 | AM61: 0 | AO61: 0 | AP61: 0 | AQ61: 0 | AR61: 0 | AS61: 0 | AT61: 0 | AU61: 0 | AV61: 0 | AW61: 0 | AX61: 0 | AY61: 0 | AZ61: 0 | BA61: 0 | BB61: 0
B62: Asset Management & Inspections | C62: Other | D62: 7.3.4.9.1 | E62: HFTD Tier 3 Distribution Pole Inspections | F62: Equipment failure | H62: 2009 | I62: NA | J62: NA | K62: NA | L62: NA | M62: NA | N62: 2019 GRC | O62: NA | P62: Exceeds | Q62: G.O. 95 | T62: 1354.5243 | U62: 1354.5243 | V62: 0 | W62: 0 | X62: 0 | Y62: 0 | Z62: 15176 | AA62: 1280.7002 | AB62: 1280.7002 | AC62: 400 | AD62: 400.00016 | AE62: 0 | AF62: 0 | AG62: 11864 | AH62: 3081.7042 | AI62: 3063.4937 | AJ62: 49.4829 | AK62: 48.705772 | AL62: 0 | AM62: 0 | AN62: 11535 | AO62: 2267.0326 | AP62: 2257.8746 | AQ62: 384.10009 | AR62: 382.45428 | AS62: 0 | AT62: 0 | AU62: 12268 | AV62: 2051.841 | AW62: 2043.5523 | AX62: 320 | AY62: 318.62885 | AZ62: 0 | BA62: 0 | BB62: 68
B63: Asset Management & Inspections | C63: Other | D63: 7.3.4.9.2 | E63: Drone assessments of distribution infrastructure | F63: Equipment failure | H63: 2019 | I63: NA | J63: NA | K63: NA | L63: 39.07 | M63: 52.13 | N63: NA | O63: WMPMA | P63: Exceeds | Q63: G.O. 95 | T63: 270.80298 | U63: 270.80298 | V63: 13551.448 | W63: 13551.448 | X63: 0 | Y63: 0 | Z63: 10400 | AA63: 15794.594 | AB63: 15794.594 | AC63: 51953 | AD63: 51953 | AE63: 0 | AF63: 0 | AG63: 37310 | AH63: 12636.385 | AI63: 12636.385 | AJ63: 33107.692 | AK63: 33107.692 | AL63: 0 | AM63: 0 | AN63: 21420 | AO63: 26402.375 | AP63: 26402.375 | AQ63: 52000 | AR63: 52000 | AS63: 0 | AT63: 0 | AU63: 22000 | AV63: 23432.249 | AW63: 23432.249 | AX63: 70650.205 | AY63: 70650.205 | AZ63: 0 | BA63: 0 | BB63: 13000
B64: Asset Management & Inspections | C64: Other | D64: 7.3.4.9.3 | E64: Circuit ownership | F64: Equipment failure | H64: 2019 | I64: NA | J64: NA | K64: NA | L64: NA | M64: NA | N64: NA | O64: WMPMA | P64: Exceeds | Q64: G.O. 95 | S64: Program ended. Costs provided for historical reference. | T64: 671.63295 | U64: 671.63295 | V64: 0 | W64: 0 | X64: 0 | Y64: 0 | Z64: 0 | AA64: 41.287679 | AB64: 41.287679 | AC64: 0 | AD64: 0 | AE64: 0 | AF64: 0 | AG64: 0 | AH64: 0 | AI64: 0 | AJ64: 0 | AK64: 0 | AL64: 0 | AM64: 0 | AN64: 0 | AO64: 0 | AP64: 0 | AQ64: 0 | AR64: 0 | AS64: 0 | AT64: 0 | AU64: 0 | AV64: 0 | AW64: 0 | AX64: 0 | AY64: 0 | AZ64: 0 | BA64: 0 | BB64: 0
B65: Asset Management & Inspections | C65: Other | D65: 7.3.4.10.1 | E65: Drone assessments of transmission infrastructure | F65: Equipment failure | H65: 2020 | I65: NA | J65: NA | K65: NA | L65: 12.14 | M65: 153.32 | N65: NA | O65: NA | P65: Exceeds | Q65: G.O. 95 | T65: 0 | U65: 0 | V65: 0 | W65: 0 | X65: 0 | Y65: 0 | Z65: NA | AA65: 0 | AB65: 0 | AC65: 0 | AD65: 0 | AE65: 0 | AF65: 0 | AG65: 2679 | AH65: 0 | AI65: 0 | AJ65: 0 | AK65: 0 | AL65: 0 | AM65: 0 | AN65: 1028 | AO65: 0 | AP65: 0 | AQ65: 0 | AR65: 0 | AS65: 0 | AT65: 0 | AU65: 500 | AV65: 0 | AW65: 0 | AX65: 0 | AY65: 0 | AZ65: 0 | BA65: 0 | BB65: 500
B66: Asset Management & Inspections | C66: Other | D66: 7.3.4.10.2 | E66: Additional Transmission Aerial 69kV Tier 3 Visual Inspection | F66: Equipment failure | H66: 2010 | I66: NA | J66: NA | K66: NA | L66: NA | M66: 50.54 | N66: NA | O66: NA | P66: Exceeds | Q66: G.O. 95 | T66: 0 | U66: 0 | V66: 0 | W66: 0 | X66: 0 | Y66: 0 | Z66: 27 | AA66: 0 | AB66: 0 | AC66: 0 | AD66: 0 | AE66: 0 | AF66: 0 | AG66: 21 | AH66: 0 | AI66: 0 | AJ66: 0 | AK66: 0 | AL66: 0 | AM66: 0 | AN66: 1652 | AO66: 0 | AP66: 0 | AQ66: 0 | AR66: 0 | AS66: 0 | AT66: 0 | AU66: 1625 | AV66: 0 | AW66: 0 | AX66: 0 | AY66: 0 | AZ66: 0 | BA66: 0 | BB66: 1792
B67: Asset Management & Inspections | C67: Asset Management & Inspections | D67: 7.3.4.11. | E67: Patrol inspections of distribution electric lines and equipment | F67: Equipment failure | H67: 1997 | I67: NA | J67: NA | K67: NA | L67: 173.9 | M67: 255.2 | N67: 2019 GRC | O67: NA | P67: Meets | Q67: G.O. 95 | T67: 856.52363 | U67: 856.52363 | V67: 0 | W67: 0 | X67: 0 | Y67: 0 | Z67: 86401 | AA67: 809.8415 | AB67: 809.8415 | AC67: 295 | AD67: 295 | AE67: 0 | AF67: 0 | AG67: 86075 | AH67: 1140.3139 | AI67: 1140.3139 | AJ67: 286.35706 | AK67: 286.35706 | AL67: 0 | AM67: 0 | AN67: 86490 | AO67: 838.65612 | AP67: 838.65612 | AQ67: 278.76708 | AR67: 278.76708 | AS67: 0 | AT67: 0 | AU67: 86490 | AV67: 759.04908 | AW67: 759.04908 | AX67: 278.76708 | AY67: 278.76708 | AZ67: 0 | BA67: 0 | BB67: 86122
B68: Asset Management & Inspections | C68: Asset Management & Inspections | D68: 7.3.4.12. | E68: Patrol inspections of transmission electric lines and equipment | F68: Equipment failure | H68: 1997 | I68: NA | J68: NA | K68: NA | L68: 31.2 | M68: 110.65 | N68: NA | O68: NA | P68: Meets | Q68: G.O. 95 | T68: 0 | U68: 0 | V68: 0 | W68: 0 | X68: 0 | Y68: 0 | Z68: 116 | AA68: 0 | AB68: 0 | AC68: 0 | AD68: 0 | AE68: 0 | AF68: 0 | AG68: 114 | AH68: 0 | AI68: 0 | AJ68: 0 | AK68: 0 | AL68: 0 | AM68: 0 | AN68: 6423 | AO68: 0 | AP68: 0 | AQ68: 0 | AR68: 0 | AS68: 0 | AT68: 0 | AU68: 6312 | AV68: 0 | AW68: 0 | AX68: 0 | AY68: 0 | AZ68: 0 | BA68: 0 | BB68: 7024
B69: Asset Management & Inspections | C69: Asset Management & Inspections | D69: 7.3.4.13. | E69: Pole loading assessment program to determine safety factor | H69: 2011 | I69: NA | J69: NA | K69: NA | L69: NA | M69: NA | N69: NA | O69: NA | P69: NA | Q69: NA | T69: 0 | U69: 0 | V69: 0 | W69: 0 | X69: 0 | Y69: 0 | Z69: 0 | AA69: 0 | AB69: 0 | AC69: 0 | AD69: 0 | AE69: 0 | AF69: 0 | AG69: 0 | AH69: 0 | AI69: 0 | AJ69: 0 | AK69: 0 | AL69: 0 | AM69: 0 | AO69: 0 | AP69: 0 | AQ69: 0 | AR69: 0 | AS69: 0 | AT69: 0 | AU69: 0 | AV69: 0 | AW69: 0 | AX69: 0 | AY69: 0 | AZ69: 0 | BA69: 0 | BB69: 0
B70: Asset inspection | C70: Asset Management & Inspections | D70: 7.3.4.14. | E70: Quality assurance / quality control of inspections | H70: 1997 | I70: NA | J70: 0.04 | K70: NA | L70: 55.68 | M70: 81 | N70: NA | O70: NA | P70: NA | Q70: NA | T70: 0 | U70: 0 | V70: 0 | W70: 0 | X70: 0 | Y70: 0 | Z70: 0 | AA70: 0 | AB70: 0 | AC70: 0 | AD70: 0 | AE70: 0 | AF70: 0 | AG70: 0 | AH70: 0 | AI70: 0 | AJ70: 0 | AK70: 0 | AL70: 0 | AM70: 0 | AO70: 0 | AP70: 0 | AQ70: 0 | AR70: 0 | AS70: 0 | AT70: 0 | AU70: 0 | AV70: 0 | AW70: 0 | AX70: 0 | AY70: 0 | AZ70: 0 | BA70: 0 | BB70: 11822
